Workbook

Sheet Итого по видам(с учет нераспр.)
A1: Сведения о предоставлении из бюджета Саратовской области межбюджетных трансфертов местным бюджетам
A2: за 2025 год
I3: тыс. рублей
A4: № п/п | B4: Наименование | C4: Код бюджетной классификации | D4: первоначальные бюджетные назначения 1 | E4: уточненные бюджетжетные назначения | H4: Исполнение | I4: % исполнения
E5: Сводная бюджетная роспись | F5: на основании
F6: закона о бюджете 2 | G6: иных нормативных правовых актов
A7: 1 | B7: 2 | C7: 3 | D7: 4 | E7: 5 | F7: 6 | G7: 7 | H7: 8 | I7: 9=8/5
A8: 1. | B8: Дотация - всего | D8: =SUM(D9:D12) -> 5025508.1 | E8: =SUM(E9:E12) -> 5837325.3 | F8: =SUM(F9:F12) -> 5837325.3 | G8: =SUM(G9:G11) -> 0 | H8: =SUM(H9:H12) -> 5837325.3 | I8: =H8/E8*100 -> 100
A9: 1.1. | B9: Дотация бюджетам городских округов области, связанные с особым режимом безопасного функционирования закрытых административно-территориальных образований | C9: 000 1402 6630150100 512 | D9: =Дотации!H101 -> 35185 | E9: =Дотации!I101 -> 35185 | F9: =Дотации!I101 -> 35185 | H9: =Дотации!J101 -> 35185 | I9: =H9/E9*100 -> 100
A10: 1.2. | B10: Дотация на выравнивание бюджетной обеспеченности муниципальных районов (городских округов) области | C10: 000 1401 6630170200 511 | D10: =Дотации!L101 -> 4570732.1 | E10: =Дотации!M101 -> 4567738.3 | F10: =Дотации!M101 -> 4567738.3 | H10: =Дотации!N101 -> 4567738.3 | I10: =H10/E10*100 -> 100
A11: 1.3. | B11: Дотация бюджетам муниципальных районов, муниципальных округов и городских округов области на поддержку мер по обеспечению сбалансированности местных бюджетов | C11: 000 1402 6630170300 512 | D11: =Дотации!P101 -> 419591 | E11: =Дотации!Q101 -> 1219402 | F11: =Дотации!Q101 -> 1219402 | H11: =Дотации!R101 -> 1219402 | I11: =H11/E11*100 -> 100
A12: 1.4. | B12: Дотация бюджетам поселений области на премирование победителей Всероссийского конкурса «Лучшая муниципальная практика» | C12: 000 1402 9640153990 512 | D12: =Дотации!T101 -> 0 | E12: =Дотации!U101 -> 15000 | F12: =Дотации!U101 -> 15000 | H12: =Дотации!V101 -> 15000 | I12: =H12/E12*100 -> 100
A13: 2. | B13: Субсидии - всего | D13: =SUM(D14:D77) -> 14512399 | E13: =SUM(E14:E77)+0.1 -> 24232787 | F13: =SUM(F14:F77)+0.1 -> 24232787 | G13: =SUM(G14:G76) -> 0 | H13: =SUM(H14:H77) -> 24146674 | I13: =H13/E13*100 -> 99.644644
A14: 2.1. | B14: Субсидия бюджетам муниципальных районов области на обеспечение развития и укрепления материально-технической базы домов культуры в населенных пунктах с числом жителей до 50 тысяч человек | C14: 000 0801 55104R4670 521 | D14: =Субсидии!H398 -> 36390.449 | E14: =Субсидии!I398 -> 36390.449 | F14: =Субсидии!I398 -> 36390.449 | H14: =Субсидии!J398 -> 36390.449 | I14: =H14/E14*100 -> 100
A15: 2.2. | B15: Субсидия бюджетам муниципальных районов и городских округов области на обеспечение жильем молодых семей | C15: 000 1004 53303R4970 521 | D15: =Субсидии!L398 -> 61870.6 | E15: =Субсидии!M398 -> 61870.6 | F15: =Субсидии!M398 -> 61870.6 | H15: =Субсидии!N398 -> 60877.045 | I15: =H15/E15*100 -> 98.39414
A16: 2.3. | B16: Субсидия бюджетам муниципальных районов области на поддержку творческой деятельности и укрепление материально-технической базы муниципальных театров в населенных пунктах с численностью населения до 300 тысяч человек | C16: 000 0801 55101R4660 521 | D16: =Субсидии!P398 -> 3142.2472 | E16: =Субсидии!Q398 -> 3142.2472 | F16: =Субсидии!Q398 -> 3142.2472 | H16: =Субсидии!R398 -> 3142.2472 | I16: =H16/E16*100 -> 100
A17: 2.4. | B17: Субсидия бюджетам муниципальных районов области на обеспечение развития и укрепления материально-технической базы домов культуры в населенных пунктах с числом жителей до 50 тысяч человек (средства для достижения показателей результативности) | C17: 000 0801 55104А4670 521 | D17: =Субсидии!T398 -> 0 | E17: =Субсидии!U398 -> 10000 | F17: =Субсидии!U398 -> 10000 | H17: =Субсидии!V398 -> 10000 | I17: =H17/E17*100 -> 100
A18: 2.5. | B18: Субсидия бюджетам муниципальных районов, городских округов и поселений области на поддержку отрасли культуры (государственная поддержка лучших сельских учреждений культуры) | C18: 000 0801 55106R5192 523 | D18: =Субсидии!X398 -> 2359.5505 | E18: =Субсидии!Y398 -> 2359.5505 | F18: =Субсидии!Y398 -> 2359.5505 | H18: =Субсидии!Z398 -> 2359.5505 | I18: =H18/E18*100 -> 100
A19: 2.6. | B19: Субсидия бюджетам муниципальных районов, городских округов и поселений области на поддержку отрасли культуры (государственная поддержка лучших работников сельских учреждений культуры) | C19: 000 0801 55106R5194 523 | D19: =Субсидии!AB398 -> 842.69664 | E19: =Субсидии!AC398 -> 842.69664 | F19: =Субсидии!AC398 -> 842.69664 | H19: =Субсидии!AD398 -> 842.69664 | I19: =H19/E19*100 -> 100
A20: 2.7. | B20: Субсидия бюджетам муниципальных районов, городских округов и поселений области на государственную поддержку отрасли культуры (комплектование книжных фондов муниципальных общедоступных библиотек) | C20: 000 0801 55102R5191 523 | D20: =Субсидии!AF398 -> 9074.0449 | E20: =Субсидии!AG398 -> 9074.0449 | F20: =Субсидии!AG398 -> 9074.0449 | H20: =Субсидии!AH398 -> 9074.0449 | I20: =H20/E20*100 -> 100
A21: 2.8. | B21: Субсидия бюджетам муниципальных районов области на государственную поддержку отрасли культуры (модернизация региональных и муниципальных детских школ искусств по видам искусств) | C21: 000 0703 551Я555195 523 | D21: =Субсидии!AJ398 -> 20396.7 | E21: =Субсидии!AK398 -> 0 | F21: =Субсидии!AK398 -> 0 | H21: =Субсидии!AL398 -> 0
A22: 2.9. | B22: Субсидия бюджетам муниципальных районов области на обеспечение деятельности муниципальных бизнес-инкубаторов | C22: 000 0412 5830571100 521 | D22: =Субсидии!AN398 -> 0 | E22: =Субсидии!AO398 -> 6200 | F22: =Субсидии!AO398 -> 6200 | H22: =Субсидии!AP398 -> 6200 | I22: =H22/E22*100 -> 100
A23: 2.10. | B23: Субсидия бюджетам муниципальных округов, городских округов, городских и сельских поселений области на реализацию инициативных проектов 3 | C23: 000 0113 6610172100 523 | D23: =Субсидии!AR398 -> 170000 | E23: =Субсидии!AS398 -> 170000 | F23: =Субсидии!AS398 -> 170000 | H23: =Субсидии!AT398 -> 166908.74 | I23: =H23/E23*100 -> 98.181614
A24: 2.11. | B24: Субсидия бюджетам муниципальных округов, городских округов и поселений области на поддержку муниципальных программ формирования современной городской среды | C24: 000 0503 691И455550 523 | D24: =Субсидии!AV398 -> 675391.84 | E24: =Субсидии!AW398 -> 675391.84 | F24: =Субсидии!AW398 -> 675391.84 | H24: =Субсидии!AX398 -> 675391.84 | I24: =H24/E24*100 -> 100
A25: 2.12. | B25: Субсидия бюджетам муниципальных районов, муниципальных округов и городских округов области на обеспечение сохранения достигнутых показателей повышения оплаты труда отдельных категорий работников бюджетной сферы | C25: 000 1403 6630172500 521 | D25: =Субсидии!AZ398 -> 2604684.2 | E25: =Субсидии!BA398 -> 2832861.9 | F25: =Субсидии!BA398 -> 2832861.9 | H25: =Субсидии!BB398 -> 2786553.8 | I25: =H25/E25*100 -> 98.365324
A26: 2.13. | B26: Субсидия бюджетам муниципальных районов области на развитие сети учреждений культурно-досугового типа (создание и модернизация учреждений культурно-досугового типа) | C26: 000 0801 551Я555131 523 | D26: =Субсидии!BD398 -> 23908.776 | E26: =Субсидии!BE398 -> 23908.776 | F26: =Субсидии!BE398 -> 23908.776 | H26: =Субсидии!BF398 -> 23908.776 | I26: =H26/E26*100 -> 100
A27: 2.14. | B27: Субсидия бюджетам городских округов и поселений области на осуществление дорожной деятельности в отношении автомобильных дорог общего пользования местного значения Саратовской агломерации | C27: 000 0409 601И89Д097 523 | D27: =Субсидии!BH398 -> 1046000 | E27: =Субсидии!BI398 -> 1046000 | F27: =Субсидии!BI398 -> 1046000 | H27: =Субсидии!BJ398 -> 1045994.2 | I27: =H27/E27*100 -> 99.999448
A28: 2.15. | B28: Субсидия бюджетам поселений области на осуществление дорожной деятельности в отношении автомобильных дорог общего пользования местного значения в границах населенных пунктов сельских поселений | C28: 000 0409 603029Д017 521 | D28: =Субсидии!BL398 -> 1365948 | E28: =Субсидии!BM398 -> 1365948 | F28: =Субсидии!BM398 -> 1365948 | H28: =Субсидии!BN398 -> 1363761.9 | I28: =H28/E28*100 -> 99.839955
A29: 2.16. | B29: Субсидия бюджетам муниципальных районов и поселений области на развитие транспортной инфраструктуры на сельских территориях (капитальный ремонт автомобильных дорог на сельских территориях) | C29: 000 0409 70105R3726 523 | D29: =Субсидии!BP398 -> 246078.9 | E29: =Субсидии!BQ398 -> 246078.9 | F29: =Субсидии!BQ398 -> 246078.9 | H29: =Субсидии!BR398 -> 246078.9 | I29: =H29/E29*100 -> 100
A30: 2.17. | B30: Субсидия бюджетам поселений области на обустройство объектами инженерной инфраструктуры и благоустройство площадок, расположенных на сельских территориях, под компактную жилищную застройку | C30: 000 0505 70101R5762 522 | D30: =Субсидии!BT398 -> 177832.35 | E30: =Субсидии!BU398 -> 177832.35 | F30: =Субсидии!BU398 -> 177832.35 | H30: =Субсидии!BV398 -> 177832.35 | I30: =H30/E30*100 -> 100
A31: 2.18. | B31: Субсидия бюджетам поселений области на реализацию мероприятий по благоустройству сельских территорий | C31: 000 0503 70103R5766 521 | D31: =Субсидии!BX398 -> 0 | E31: =Субсидии!BY398 -> 17775.184 | F31: =Субсидии!BY398 -> 17775.184 | H31: =Субсидии!BZ398 -> 17775.095 | I31: =H31/E31*100 -> 99.9995
A32: 2.19. | B32: Субсидия бюджетам муниципальных районов, муниципальных округов и городских округов области на организацию бесплатного горячего питания обучающихся, получающих начальное общее образование в муниципальных образовательных организациях | C32: 000 0702 51303R3042 521 | D32: =Субсидии!CB398 -> 1167819.2 | E32: =Субсидии!CC398 -> 1134847.5 | F32: =Субсидии!CC398 -> 1134847.5 | H32: =Субсидии!CD398 -> 1109186.4 | I32: =H32/E32*100 -> 97.738801
A33: 2.20. | B33: Субсидия бюджетам муниципальных районов, муниципальных округов и городских округов области на проведение капитального и текущего ремонта муниципальных дошкольных образовательных организациях | C33: 000 0701 5110172110 521 | D33: =Субсидии!CF398 -> 39000 | E33: =Субсидии!CG398 -> 47293.8 | F33: =Субсидии!CG398 -> 47293.8 | H33: =Субсидии!CH398 -> 47293.8 | I33: =H33/E33*100 -> 100
A34: 2.21. | B34: Субсидия бюджетам муниципальных районов, муниципальных округов и городских округов области на проведение капитального и текущего ремонта муниципальных общеобразовательных организациях | C34: 000 0702 5110172110 521 | D34: =Субсидии!CJ398 -> 48000 | E34: =Субсидии!CK398 -> 147174.8 | F34: =Субсидии!CK398 -> 147174.8 | H34: =Субсидии!CL398 -> 145686.5 | I34: =H34/E34*100 -> 98.988754
A35: 2.22. | B35: Субсидия бюджетам муниципальных районов, муниципальных округов и городских округов области на проведение капитального и текущего ремонта в муниципальных учреждениях дополнительного образования детей | C35: 000 0703 5110172110 521 | D35: =Субсидии!CN398 -> 20000 | E35: =Субсидии!CO398 -> 20000 | F35: =Субсидии!CO398 -> 20000 | H35: =Субсидии!CP398 -> 20000 | I35: =H35/E35*100 -> 100
A36: 2.23. | B36: Субсидия бюджетам городских округов и поселений области на поддержку творческой деятельности и техническое оснащение детских и кукольных театров, расположенных на территории Саратовской области | C36: 000 0801 55101R5170 521 | D36: =Субсидии!CR398 -> 7601.3573 | E36: =Субсидии!CS398 -> 7601.3573 | F36: =Субсидии!CS398 -> 7601.3573 | H36: =Субсидии!CT398 -> 7601.3573 | I36: =H36/E36*100 -> 100
A37: 2.24. | B37: Субсидия бюджетам муниципальных районов области на проведение комплексных кадастровых работ местного значения | C37: 000 0412 5810179880 521 | D37: =Субсидии!CV398 -> 0 | E37: =Субсидии!CW398 -> 1566.4 | F37: =Субсидии!CW398 -> 1566.4 | H37: =Субсидии!CX398 -> 1566.4 | I37: =H37/E37*100 -> 100
A38: 2.25. | B38: Субсидия бюджетам поселений области на ремонт и развитие водопроводной сети | C38: 000 0502 5310272920 523 | D38: =Субсидии!CZ398 -> 30000 | E38: =Субсидии!DA398 -> 30000 | F38: =Субсидии!DA398 -> 30000 | H38: =Субсидии!DB398 -> 29157.49 | I38: =H38/E38*100 -> 97.191633
A39: 2.26. | B39: Субсидия бюджетам муниципальных районов и городских округов области на модернизацию школьных систем образования (объекты, планируемые к реализации в рамках одного финансового года) | C39: 000 0702 511Ю457502 521 | D39: =Субсидии!DD398 -> 903297.39 | E39: =Субсидии!DE398 -> 876979.03 | F39: =Субсидии!DE398 -> 876979.03 | H39: =Субсидии!DF398 -> 876971.75 | I39: =H39/E39*100 -> 99.99917
A40: 2.27. | B40: Субсидия бюджетам муниципальных районов и городских округов области на модернизацию школьных систем образования (объекты, планируемые к реализации в рамках двух финансовых лет) | C40: 000 0702 511Ю457501 521 | D40: =Субсидии!DH398 -> 82210.909 | E40: =Субсидии!DI398 -> 81909.239 | F40: =Субсидии!DI398 -> 81909.239 | H40: =Субсидии!DJ398 -> 81909.239 | I40: =H40/E40*100 -> 100
A41: 2.28. | B41: Субсидия бюджетам муниципальных районов и городских округов области на обеспечение условий для реализации мероприятий по модернизации школьных систем образования (объекты, планируемые к реализации в рамках одного финансового года) (в рамках достижения соответствующих задач федерального проекта) | C41: 000 0702 5511Ю4А7502 521 | D41: =Субсидии!DL398 -> 0 | E41: =Субсидии!DM398 -> 67011.701 | F41: =Субсидии!DM398 -> 67011.701 | H41: =Субсидии!DN398 -> 67011.701 | I41: =H41/E41*100 -> 100
A42: 2.29. | B42: Субсидия бюджетам муниципальных районов и городских округов области на обеспечение условий для реализации мероприятий по модернизации школьных систем образования (объекты, планируемые к реализации в рамках двух финансовых лет) (в рамках достижения соответствующих задач федерального проекта) | C42: 000 0702 511Ю4А7501 521 | D42: =Субсидии!DP398 -> 0 | E42: =Субсидии!DQ398 -> 8195.5 | F42: =Субсидии!DQ398 -> 8195.5 | H42: =Субсидии!DR398 -> 8195.5 | I42: =H42/E42*100 -> 100
A43: 2.30. | B43: Субсидия бюджетам поселений области на выполнение мероприятий по ремонту автомобильных дорог общего пользования местного значения в границах городских поселений области за счет средств областного дорожного фонда | C43: 000 0409 601029Д067 521 | D43: =Субсидии!DT398 -> 0 | E43: =Субсидии!DU398 -> 200000 | F43: =Субсидии!DU398 -> 200000 | H43: =Субсидии!DV398 -> 200000 | I43: =H43/E43*100 -> 100
A44: 2.31. | B44: Субсидия бюджетам муниципальных районов и поселений области на создание, реконструкцию (модернизацию), капитальный ремонт объектов социальной и культурной сферы | C44: 000 1403 70104R5767 523 | D44: =Субсидии!DX398 -> 1066463.8 | E44: =Субсидии!DY398 -> 1068836.8 | F44: =Субсидии!DY398 -> 1068836.8 | H44: =Субсидии!DZ398 -> 1068836.8 | I44: =H44/E44*100 -> 100
A45: 2.32. | B45: Субсидия бюджетам городских округов области на развитие и приведение в нормативное состояние автомобильных дорог регионального или межмуниципального, местного значения, включающих искусственные дорожные сооружения (в отношении автомобильных дорог, включающих искусственные дорожные сооружения, в границах городских округов области) | C45: 000 0409 601И854473 523 | D45: =Субсидии!EB398 -> 1020408.2 | E45: =Субсидии!EC398 -> 1020408.2 | F45: =Субсидии!EC398 -> 1020408.2 | H45: =Субсидии!ED398 -> 1020408.2 | I45: =H45/E45*100 -> 100
A46: 2.33. | B46: Субсидия бюджетам муниципальных районов, муниципальных округов и городских округов области на проведение капитального и текущего ремонта спортивных залов муниципальных образовательных организаций | C46: 000 0702 5110172120 521 | D46: =Субсидии!EF398 -> 20500 | E46: =Субсидии!EG398 -> 20500 | F46: =Субсидии!EG398 -> 20500 | H46: =Субсидии!EH398 -> 20500 | I46: =H46/E46*100 -> 100
A47: 2.34. | B47: Субсидия бюджетам муниципальных районов, муниципальных округов и городских округов области на оснащение предметных кабинетов общеобразовательных организаций оборудованием, средствами обучения и воспитания | C47: 000 0702 511Ю455590 521 | D47: =Субсидии!EJ398 -> 0 | E47: =Субсидии!EK398 -> 61277.987 | F47: =Субсидии!EK398 -> 61277.987 | H47: =Субсидии!EL398 -> 61277.986 | I47: =H47/E47*100 -> 99.999999
A48: 2.35. | B48: Субсидия бюджетам муниципальных районов и поселений области на модернизацию региональных и муниципальных музеев | C48: 000 0801 551Я555970 523 | D48: =Субсидии!EN398 -> 25510.204 | E48: =Субсидии!EO398 -> 25510.204 | F48: =Субсидии!EO398 -> 25510.204 | H48: =Субсидии!EP398 -> 25510.204 | I48: =H48/E48*100 -> 100
A49: 2.36. | B49: Субсидия бюджетам муниципальных районов области на техническое оснащение региональных и муниципальных музеев | C49: 000 0801 551Я555900 523 | D49: =Субсидии!ER398 -> 12134.184 | E49: =Субсидии!ES398 -> 12134.184 | F49: =Субсидии!ES398 -> 12134.184 | H49: =Субсидии!ET398 -> 12134.184 | I49: =H49/E49*100 -> 100
A50: 2.37. | B50: Субсидия бюджетам городских округов области на государственную поддержку в целях обеспечения реализации инфраструктурных проектов, направленных на комплексное развитие городского наземного электрического транспорта и автомобильного транспорта общего пользования, выполнение работ по освещению и благоустройству территорий, а также на закупку автобусов, приводимых в движение электрической энергией от батареи, заряжаемой от внешнего источника (электробусов), и объектов зарядной инфраструктуры для них (реконструкция тяговых подстанций в г. Саратове Саратовской области) | C50: 000 0408 601И654013 523 | D50: =Субсидии!EV398 -> 90172.245 | E50: =Субсидии!EW398 -> 90172.245 | F50: =Субсидии!EW398 -> 90172.245 | H50: =Субсидии!EX398 -> 90172.245 | I50: =H50/E50*100 -> 100
A51: 2.38. | B51: Субсидия бюджетам муниципальных районов и поселений области на строительство (приобретение) жилого помещения (жилого дома) на сельских территориях, территориях опорных населенных пунктов, предоставляемого гражданам Российской Федерации, проживающим на сельских территориях, территориях опорных населенных пунктов, по договору найма жилого помещения | C51: 000 0501 70101R5769 522 | D51: =Субсидии!EZ398 -> 176788.78 | E51: =Субсидии!FA398 -> 176116.43 | F51: =Субсидии!FA398 -> 176116.43 | H51: =Субсидии!FB398 -> 176116.34 | I51: =H51/E51*100 -> 99.999951
A52: 2.39. | B52: Субсидия бюджетам городских округов области на государственную поддержку в целях обеспечения реализации инфраструктурных проектов, направленных на комплексное развитие городского наземного электрического транспорта и автомобильного транспорта общего пользования, выполнение работ по освещению и благоустройству территорий, а также на закупку автобусов, приводимых в движение электрической энергией от батареи, заряжаемой от внешнего источника (электробусов), и объектов зарядной инфраструктуры для них (реконструкция трамвайных путей в г. Саратове Саратовской области) | C52: 000 0408 601И654014 523 | D52: =Субсидии!FD398 -> 1286614.8 | E52: =Субсидии!FE398 -> 1286614.8 | F52: =Субсидии!FE398 -> 1286614.8 | H52: =Субсидии!FF398 -> 1286614.8 | I52: =H52/E52*100 -> 100
A53: 2.40. | B53: Субсидия бюджетам городских округов области на государственную поддержку в целях обеспечения реализации инфраструктурных проектов, направленных на комплексное развитие городского наземного электрического транспорта и автомобильного транспорта общего пользования, выполнение работ по освещению и благоустройству территорий, а также на закупку автобусов, приводимых в движение электрической энергией от батареи, заряжаемой от внешнего источника (электробусов), и объектов зарядной инфраструктуры для них (реконструкция смешанного путепровода через железнодорожные пути, входящего в транспортную развязку «Стрелка» в г. Саратове Саратовской области) | C53: 000 0408 601И654015 523 | D53: =Субсидии!FH398 -> 337440.61 | E53: =Субсидии!FI398 -> 337440.61 | F53: =Субсидии!FI398 -> 337440.61 | H53: =Субсидии!FJ398 -> 337440.61 | I53: =H53/E53*100 -> 100
A54: 2.41. | B54: Субсидия бюджетам городских округов и поселений области на финансовое обеспечение расходов по реализации проектов создания комфортной городской среды в малых городах и исторических поселениях в рамках проведения Всероссийского конкурса лучших проектов создания комфортной городской среды | C54: 000 0503 691И454240 523 | D54: =Субсидии!FL398 -> 423181.21 | E54: =Субсидии!FM398 -> 423181.21 | F54: =Субсидии!FM398 -> 423181.21 | H54: =Субсидии!FN398 -> 423181.21 | I54: =H54/E54*100 -> 100
A55: 2.42. | B55: Субсидия бюджетам городских округов на строительство (реконструкцию, в том числе с элементами реставрации, техническое перевооружение) объектов государственной (муниципальной) собственности Саратовской области | C55: 000 1403 62101R1131 522 | D55: =Субсидии!FP398 -> 688816.9 | E55: =Субсидии!FQ398 -> 688816.9 | F55: =Субсидии!FQ398 -> 688816.9 | H55: =Субсидии!FR398 -> 688816.9 | I55: =H55/E55*100 -> 100
A56: 2.43. | B56: Субсидия бюджетам муниципальных районов, городских округов и поселений области на достижение показателей государственной программы Российской Федерации «Развитие туризма» (реализация проектов по развитию общественной территории муниципального образования, в том числе мероприятий (результатов) по обустройству туристского центра города на территории муниципального образования в соответствии с туристским кодом центра города) | C56: 000 0412 551П155583 521 | D56: =Субсидии!FT398 -> 0 | E56: =Субсидии!FU398 -> 60346.486 | F56: =Субсидии!FU398 -> 60346.486 | H56: =Субсидии!FV398 -> 60346.486 | I56: =H56/E56*100 -> 100
A57: 2.44. | B57: Субсидия бюджетам муниципальных районов, городских округов и поселений области на создание модельных муниципальных библиотек | C57: 000 0801 551Я554540 523 | D57: =Субсидии!FX398 -> 62000 | E57: =Субсидии!FY398 -> 62000 | F57: =Субсидии!FY398 -> 62000 | H57: =Субсидии!FZ398 -> 62000 | I57: =H57/E57*100 -> 100
A58: 2.45. | B58: Субсидия бюджетам муниципальных районов и городских округов области на модернизацию муниципальных библиотек | C58: 000 0801 551Я553480 523 | D58: =Субсидии!GB398 -> 22735.612 | E58: =Субсидии!GC398 -> 22310.956 | F58: =Субсидии!GC398 -> 22310.956 | H58: =Субсидии!GD398 -> 22310.956 | I58: =H58/E58*100 -> 100
A59: 2.46. | B59: Субсидия бюджетам городских округов области на создание школ креативных индустрий | C59: 000 0801 55104R3530 521 | D59: =Субсидии!GF398 -> 79078.876 | E59: =Субсидии!GG398 -> 79078.876 | F59: =Субсидии!GG398 -> 79078.876 | H59: =Субсидии!GH398 -> 79078.876 | I59: =H59/E59*100 -> 100
A60: 2.47. | B60: Субсидия бюджетам муниципальных районов и поселений области на реализацию программы комплексного развития молодежной политики в субъектах Российской Федерации «Регион для молодых» | C60: 000 0707 561Ю151160 521 | D60: =Субсидии!GJ398 -> 79943.251 | E60: =Субсидии!GK398 -> 79943.265 | F60: =Субсидии!GK398 -> 79943.265 | H60: =Субсидии!GL398 -> 79943.265 | I60: =H60/E60*100 -> 100
A61: 2.48. | B61: Субсидия бюджетам муниципальных районов и поселений области на реализацию программы комплексного развития молодежной политики в субъектах Российской Федерации «Регион для молодых» (средства для достижения показателей результативности) | C61: 000 0707 561Ю1А1160 521 | D61: =Субсидии!GN398 -> 0 | E61: =Субсидии!GO398 -> 79135.075 | F61: =Субсидии!GO398 -> 79135.075 | H61: =Субсидии!GP398 -> 79135.075 | I61: =H61/E61*100 -> 100
A62: 2.49. | B62: Субсидия бюджетам муниципальных районов области на закупку и монтаж оборудования для создания «умных» спортивных площадок | C62: 000 1102 56101R7532 521 | D62: =Субсидии!GR398 -> 135000 | E62: =Субсидии!GS398 -> 135000 | F62: =Субсидии!GS398 -> 135000 | H62: =Субсидии!GT398 -> 135000 | I62: =H62/E62*100 -> 100
A63: 2.50. | B63: Субсидия бюджетам муниципальных районов области на реализацию мероприятий по созданию «умной» спортивной площадки | C63: 000 1102 56101А7532 521 | D63: =Субсидии!GV398 -> 58613.6 | E63: =Субсидии!GW398 -> 46370.892 | F63: =Субсидии!GW398 -> 46370.892 | H63: =Субсидии!GX398 -> 46370.892 | I63: =H63/E63*100 -> 100
A64: 2.51. | B64: Субсидия бюджетам городских округов области на государственную поддержку организаций, входящих в систему спортивной подготовки | C64: 000 1103 56101R0810 521 | D64: =Субсидии!GZ398 -> 1500 | E64: =Субсидии!HA398 -> 1500 | F64: =Субсидии!HA398 -> 1500 | H64: =Субсидии!HB398 -> 1500 | I64: =H64/E64*100 -> 100
A65: 2.52. | B65: Субсидия бюджетам муниципальных районов и городских округов области на адресное строительство детских садов в отдельных населенных пунктах с объективно выявленной потребностью инфраструктуры (зданий) | C65: 000 0701 511Я150540 523 | D65: =Субсидии!HD398 -> 89724.1 | E65: =Субсидии!HE398 -> 89724.1 | F65: =Субсидии!HE398 -> 89724.1 | H65: =Субсидии!HF398 -> 89724.1 | I65: =H65/E65*100 -> 100
A66: 2.53. | B66: Субсидия бюджетам муниципальных районов и городских округов области на капитальный ремонт и оснащение образовательных организаций, осуществляющих образовательную деятельность по образовательным программам дошкольного образования | C66: 000 0701 511Я153150 521 | D66: =Субсидии!HH398 -> 93923.061 | E66: =Субсидии!HI398 -> 86325.099 | F66: =Субсидии!HI398 -> 86325.099 | H66: =Субсидии!HJ398 -> 86325.099 | I66: =H66/E66*100 -> 100
A67: 2.54. | B67: Субсидия бюджетам городских округов области на обеспечение условий для реализации мероприятий по капитальному ремонту и оснащению образовательных организаций, осуществляющих образовательную деятельность по образовательным программам дошкольного образования | C67: 000 0701 511Я1А3150 521 | D67: =Субсидии!HL398 -> 0 | E67: =Субсидии!HM398 -> 27446.339 | F67: =Субсидии!HM398 -> 27446.339 | H67: =Субсидии!HN398 -> 27194.934 | I67: =H67/E67*100 -> 99.084014
A68: 2.55. | B68: Субсидия бюджетам городских округов области на реализацию мероприятий по модернизации коммунальной инфраструктуры | C68: 000 0502 531И351540 523 | D68: =Субсидии!HP398 -> 0 | E68: =Субсидии!HQ398 -> 1076485.7 | F68: =Субсидии!HQ398 -> 1076485.7 | H68: =Субсидии!HR398 -> 1076485.7 | I68: =H68/E68*100 -> 100
A69: 2.56. | B69: Субсидия бюджетам поселений области на ремонт систем водоснабжения в крупнейших отдаленных малонаселенных муниципальных образованиях области | C69: 000 1403 6610479840 523 | D69: =Субсидии!HT398 -> 0 | E69: =Субсидии!HU398 -> 20000 | F69: =Субсидии!HU398 -> 20000 | H69: =Субсидии!HV398 -> 20000 | I69: =H69/E69*100 -> 100
A70: 2.57. | B70: Субсидия бюджетам поселений области на реализацию мероприятий по повышению качества водоснабжения и водоотведения | C70: 000 0502 5310279920 522 | D70: =Субсидии!HX398 -> 0 | E70: =Субсидии!HY398 -> 1395 | F70: =Субсидии!HY398 -> 1395 | H70: =Субсидии!HZ398 -> 1395 | I70: =H70/E70*100 -> 100
A71: 2.58. | B71: Субсидия бюджетам городских округов и поселений области на реализацию мероприятий по благоустройству общественных и дворовых территорий в г. Саратове и г. Энгельсе Саратовской области за счет средств резервного фонда Правительства Российской Федерации | C71: 000 1403 69101RР970 540 | D71: =Субсидии!IB398 -> 0 | E71: =Субсидии!IC398 -> 2323232.3 | F71: =Субсидии!IC398 -> 2323232.3 | H71: =Субсидии!ID398 -> 2323232.3 | I71: =H71/E71*100 -> 100
A72: 2.59. | B72: Субсидия бюджетам муниципальных районов, городских округов и поселений области на подготовку проектов межевания земельных участков и проведение кадастровых работ | C72: 000 0405 57105R5990 523 | E72: =Субсидии!IG398 -> 14833.034 | F72: =Субсидии!IG398 -> 14833.034 | H72: =Субсидии!IH398 -> 14832.494 | I72: =H72/E72*100 -> 99.996359
A73: 2.60. | B73: Субсидия бюджетам городских округов области на реализацию мероприятия по обновлению общественного транспорта за счет средств резервного фонда Правительства Российской Федерации | C73: 000 0408 601И656210 521 | E73: =Субсидии!IK398 -> 1394736.8 | F73: =Субсидии!IK398 -> 1394736.8 | H73: =Субсидии!IL398 -> 1394736.8 | I73: =H73/E73*100 -> 100
A74: 2.61. | B74: Субсидия бюджетам городских округов области на реализацию мероприятия по обновлению общественного транспорта (в рамках достижения соответствующих задач федерального проекта) | C74: 000 0408 601И6А6210 521 | E74: =Субсидии!IO398 -> 63.15789 | F74: =Субсидии!IO398 -> 63.15789 | H74: =Субсидии!IP398 -> 63.15789 | I74: =H74/E74*100 -> 100
A75: 2.62. | B75: Субсидия бюджетам муниципальных районов, городских округов и поселений области на обеспечение мероприятий по переселению граждан из аварийного жилищного фонда, в том числе переселению граждан из аварийного жилищного фонда с учетом необходимости развития малоэтажного жилищного строительства (за счет средств ППК «Фонд развития территорий») | C75: 000 0501 531И267483 523 | E75: =Субсидии!IS398 -> 797257.27 | F75: =Субсидии!IS398 -> 797257.27 | H75: =Субсидии!IT398 -> 797257.27 | I75: =H75/E75*100 -> 100
A76: 2.63. | B76: Субсидия бюджетам муниципальных районов, городских округов и поселений области на обеспечение мероприятий по переселению граждан из аварийного жилищного фонда, в том числе переселению граждан из аварийного жилищного фонда с учетом необходимости развития малоэтажного жилищного строительства (за счет средств областного бюджета) | C76: 000 0501 531И267484 523 | E76: =Субсидии!IW398 -> 475520.36 | F76: =Субсидии!IW398 -> 475520.36 | H76: =Субсидии!IX398 -> 470243.98 | I76: =H76/E76*100 -> 98.890399
A77: 2.64. | B77: Субсидия бюджетам городских округов области на реализацию мероприятий по обновлению общественного транспорта | C77: 000 0408 601И652970 523 | D77: =Субсидии!IZ398 -> 0 | E77: =Субсидии!JA398 -> 2840816.3 | F77: =Субсидии!JA398 -> 2840816.3 | H77: =Субсидии!JB394 -> 2840816.3 | I77: =H77/E77*100 -> 100
A78: 3. | B78: Субвенции - всего | D78: =SUM(D79:D97) -> 30560370 | E78: =SUM(E79:E97) -> 31004053 | F78: =SUM(F79:F97) -> 31004053 | G78: =SUM(G79:G97) -> 0 | H78: =SUM(H79:H97)+0.1 -> 30887804 | I78: =H78/E78*100 -> 99.625052
A79: 3.1. | B79: Субвенция бюджетам муниципальных районов, муниципальных округов и городских округов области на осуществление органами местного самоуправления государственных полномочий по частичному финансированию расходов на присмотр и уход за детьми дошкольного возраста в муниципальных образовательных организациях, реализующих основную общеобразовательную программу дошкольного образования | C79: 000 0701 5130276900 530 | D79: ='Субвенции '!H397 -> 34802.6 | E79: ='Субвенции '!I397 -> 29424.8 | F79: ='Субвенции '!I397 -> 29424.8 | H79: ='Субвенции '!J397 -> 29121.761 | I79: =H79/E79*100 -> 98.970124
A80: 3.2. | B80: Субвенция бюджетам муниципальных районов, муниципальных округов и городских округов области на осуществление органами местного самоуправления государственных полномочий по организации предоставления компенсации родительской платы и расходы по оплате услуг почтовой связи и банковских услуг, оказываемых банками, по выплате за присмотр и уход за детьми в образовательных организациях, реализующих основную общеобразовательную программу дошкольного образования | C80: 000 0709 5130277800 530 | D80: ='Субвенции '!L397 -> 17221.9 | E80: ='Субвенции '!M397 -> 17221.9 | F80: ='Субвенции '!M397 -> 17221.9 | H80: ='Субвенции '!N397 -> 16666.739 | I80: =H80/E80*100 -> 96.776426
A81: 3.3. | B81: Субвенция бюджетам муниципальных районов, муниципальных округов и городских округов области на осуществление органами местного самоуправления государственных полномочий по предоставлению компенсации родительской платы за присмотр и уход за детьми в образовательных организациях, реализующих основную общеобразовательную программу дошкольного образования | C81: 000 1004 5130277900 530 | D81: ='Субвенции '!P397 -> 495781.8 | E81: ='Субвенции '!Q397 -> 407512.35 | F81: ='Субвенции '!Q397 -> 407512.35 | H81: ='Субвенции '!R397 -> 402407.15 | I81: =H81/E81*100 -> 98.747229
A82: 3.4. | B82: Субвенция бюджетам муниципальных районов, муниципальных округов и городских округов области на финансовое обеспечение образовательной деятельности муниципальных дошкольных образовательных организаций | C82: 000 0701 5130276700 530 | D82: ='Субвенции '!T397 -> 6912127.2 | E82: ='Субвенции '!U397 -> 6964465 | F82: ='Субвенции '!U397 -> 6964465 | H82: ='Субвенции '!V397 -> 6942657.4 | I82: =H82/E82*100 -> 99.686873
A83: 3.5. | B83: Субвенция бюджетам муниципальных районов, муниципальных округов и городских округов на осуществление органами местного самоуправления государственных полномочий по предоставлению питания отдельным категориям обучающихся в муниципальных образовательных организациях, реализующих образовательные программы начального общего, основного общего и среднего общего образования | C83: 000 0702 5130377200 530 | D83: ='Субвенции '!X397 -> 355106 | E83: ='Субвенции '!Y397 -> 303952.4 | F83: ='Субвенции '!Y397 -> 303952.4 | H83: ='Субвенции '!Z397 -> 297724.15 | I83: =H83/E83*100 -> 97.950913
A84: 3.6. | B84: Субвенция бюджетам муниципальных районов, муниципальных округов и городских округов области на осуществление органами местного самоуправления государственных полномочий по организации предоставления питания отдельным категориям обучающихся в муниципальных образовательных организациях, реализующих образовательные программы начального общего, основного общего и среднего общего образования, предоставления компенсации стоимости горячего питания родителям (законным представителям) обучающихся по образовательным программам начального общего образования на дому детей-инвалидов и детей, нуждающихся в длительном лечении, которые по состоянию здоровья временно или постоянно не могут посещать образовательные организации, и частичного финансирования расходов на присмотр и уход за детьми дошкольного возраста в муниципальных образовательных организациях, реализующих образовательную программу дошкольного образования | C84: 000 0709 5130377300 530 | D84: ='Субвенции '!AB397 -> 25430.4 | E84: ='Субвенции '!AC397 -> 25311.5 | F84: ='Субвенции '!AC397 -> 25311.5 | H84: ='Субвенции '!AD397 -> 25269.62 | I84: =H84/E84*100 -> 99.834541
A85: 3.7. | B85: Субвенция бюджетам муниципальных районов, муниципальных округов и городских округов области на финансовое обеспечение образовательной деятельности муниципальных общеобразовательных учреждений | C85: 000 0702 5130377000 530 | D85: ='Субвенции '!AF397 -> 20496576 | E85: ='Субвенции '!AG397 -> 21148817 | F85: ='Субвенции '!AG397 -> 21148817 | H85: ='Субвенции '!AH397 -> 21124786 | I85: =H85/E85*100 -> 99.886371
A86: 3.8. | B86: Субвенция бюджетам муниципальных районов, муниципальных округов и городских округов области на осуществление органами местного самоуправления отдельных государственных полномочий по осуществлению деятельности по опеке и попечительству в отношении несовершеннолетних граждан в части расходов на оплату труда, уплату страховых взносов по обязательному социальному страхованию в государственные внебюджетные фонды Российской Федерации, обеспечение деятельности штатных работников | C86: 000 0709 5130177120 530 | D86: ='Субвенции '!AJ397 -> 126159.6 | E86: ='Субвенции '!AK397 -> 126159.6 | F86: ='Субвенции '!AK397 -> 126159.6 | H86: ='Субвенции '!AL397 -> 115823.11 | I86: =H86/E86*100 -> 91.806817
A87: 3.9. | B87: Субвенция бюджетам муниципальных районов, муниципальных округов и городских округов области на осуществление органами местного самоуправления отдельных государственных полномочий по осуществлению деятельности по опеке и попечительству в отношении несовершеннолетних граждан в части расходов на обеспечение деятельности по сохранению, содержанию и ремонту пустующих жилых помещений, закрепленных за детьми-сиротами и детьми, оставшимися без попечения родителей | C87: 000 1004 5130177140 530 | D87: ='Субвенции '!AN397 -> 1431.4 | E87: ='Субвенции '!AO397 -> 1416.7 | F87: ='Субвенции '!AO397 -> 1416.7 | H87: ='Субвенции '!AP397 -> 1158.9642 | I87: =H87/E87*100 -> 81.807314
A88: 3.10. | B88: Субвенция бюджетам муниципальных районов, муниципальных округов и городских округов области на осуществление органами местного самоуправления государственных полномочий по созданию и организации деятельности комиссий по делам несовершеннолетних и защите их прав | C88: 000 0113 6530176600 530 | D88: ='Субвенции '!AR397 -> 55334.9 | E88: ='Субвенции '!AS397 -> 55334.9 | F88: ='Субвенции '!AS397 -> 55334.9 | H88: ='Субвенции '!AT397 -> 54466.513 | I88: =H88/E88*100 -> 98.430671
A89: 3.11. | B89: Субвенция бюджетам муниципальных районов, муниципальных округов и городских округов области на осуществление органами местного самоуправления государственных полномочий по образованию и обеспечению деятельности административных комиссий, определению перечня должностных лиц, уполномоченных составлять протоколы об административных правонарушениях | C89: 000 0113 6530176500 530 | D89: ='Субвенции '!AV397 -> 30014.4 | E89: ='Субвенции '!AW397 -> 30014.4 | F89: ='Субвенции '!AW397 -> 30014.4 | H89: ='Субвенции '!AX397 -> 26993.657 | I89: =H89/E89*100 -> 89.935687
A90: 3.12. | B90: Субвенция бюджетам муниципальных районов области на исполнение государственных полномочий по расчету и предоставлению дотаций бюджетам поселений | C90: 000 1403 6630176100 530 | D90: ='Субвенции '!AZ397 -> 94654.1 | E90: ='Субвенции '!BA397 -> 93642.363 | F90: ='Субвенции '!BA397 -> 93642.363 | H90: ='Субвенции '!BB397 -> 93642.363 | I90: =H90/E90*100 -> 100
A91: 3.13. | B91: Субвенция бюджетам муниципальных районов и городских округов области на осуществление органами местного самоуправления отдельных государственных полномочий по санкционированию финансовыми органами муниципальных образований области оплаты денежных обязательств получателям средств областного бюджета, областным государственным автономным и бюджетным учреждениям, иным юридическим лицам, не являющимся участниками бюджетного процесса, расположенным на территориях муниципальных образований области | C91: 000 0106 6630177150 530 | D91: ='Субвенции '!BD397 -> 34513.1 | E91: ='Субвенции '!BE397 -> 34513.1 | F91: ='Субвенции '!BE397 -> 34513.1 | H91: ='Субвенции '!BF397 -> 33456.199 | I91: =H91/E91*100 -> 96.937682
A92: 3.14. | B92: Субвенция бюджетам поселений, муниципальных округов и городских округов области на осуществление первичного воинского учета органами местного самоуправления поселений, муниципальных и городских округов | C92: 000 0203 9040251180 530 | D92: ='Субвенции '!BH397 -> 81012.6 | E92: ='Субвенции '!BI397 -> 81556.6 | F92: ='Субвенции '!BI397 -> 81556.6 | H92: ='Субвенции '!BJ397 -> 81225.119 | I92: =H92/E92*100 -> 99.593558
A93: 3.15. | B93: Субвенции бюджетам муниципальных районов, муниципальных округов и городских округов области на ежемесячное денежное вознаграждение за классное руководство педагогическим работникам муниципальных общеобразовательных организаций | C93: 000 0702 511Ю653030 530 | D93: ='Субвенции '!BL397 -> 1694822 | E93: ='Субвенции '!BM397 -> 1575308.9 | F93: ='Субвенции '!BM397 -> 1575308.9 | H93: ='Субвенции '!BN397 -> 1569387.4 | I93: =H93/E93*100 -> 99.624111
A94: 3.16. | B94: Субвенция бюджетам муниципальных районов, муниципальных округов и городских округов области на осуществление органами местного самоуправления отдельных государственных полномочий по организации проведения мероприятий при осуществлении деятельности по обращению с животными без владельцев | C94: 000 0405 9640177130 530 | D94: ='Субвенции '!BP397 -> 93415.5 | E94: ='Субвенции '!BQ397 -> 100011 | F94: ='Субвенции '!BQ397 -> 100011 | H94: ='Субвенции '!BR397 -> 63936.583 | I94: =H94/E94*100 -> 63.929551
A95: 3.17. | B95: Субвенция бюджетам муниципальных районов и городских округов области на осуществление полномочий по составлению (изменению) списков кандидатов в присяжные заседатели федеральных судов общей юрисдикции в Российской Федерации | C95: 000 0105 9040251200 530 | D95: ='Субвенции '!BT397 -> 378.2 | E95: ='Субвенции '!BU397 -> 378.2 | F95: ='Субвенции '!BU397 -> 378.2 | H95: ='Субвенции '!BV397 -> 376.35048 | I95: =H95/E95*100 -> 99.510968
A96: 3.18. | B96: Субвенция бюджетам муниципальных районов и городских округов области на осуществление органами местного самоуправления отдельных государственных полномочий по осуществлению регионального государственного жилищного контроля (надзора) и регионального государственного лицензионного контроля за осуществлением предпринимательской деятельности по управлению многоквартирными домами | C96: 000 0113 9640176510 530 | D96: ='Субвенции '!BX397 -> 7140.5 | E96: ='Субвенции '!BY397 -> 7140.5 | F96: ='Субвенции '!BY397 -> 7140.5 | H96: ='Субвенции '!BZ397 -> 7131.4805 | I96: =H96/E96*100 -> 99.873685
A97: 3.19. | B97: Субвенция бюджетам муниципальныхрайонов, муниципальных округов и городских округов области на осуществление органами местного самоуправления государственных полномочий по предоставлению компенсации стоимости горячего питания родителям (законным представителям) обучающихся по образовательным программам начального общего образования на дому детей-инвалидов и детей, нуждающихся в длительном лечении, которые по состоянию здоровья временно или постоянно не могут посещать образовательные организации | C97: 000 1004 5130377160 530 | D97: ='Субвенции '!CB397 -> 4446.9 | E97: ='Субвенции '!CC397 -> 1871.6 | F97: ='Субвенции '!CC397 -> 1871.6 | H97: ='Субвенции '!CD397 -> 1573.1175 | I97: =H97/E97*100 -> 84.052014
A98: 4. | B98: Иные межбюджетные трансферты | D98: =SUM(D99:D190) -> 3990635.9 | E98: =SUM(E99:E190) -> 13715464 | F98: =SUM(F99:F190)-0.1 -> 13008848 | G98: =SUM(G99:G190)-0.1 -> 706615.8 | H98: =SUM(H99:H190) -> 13425891 | I98: =H98/E98*100 -> 97.888707
A99: 4.1. | B99: Иные межбюджетные трансферты бюджетам муниципальных районов и городских округов области на осуществление мероприятий в области энергосбережения и повышения энергетической эффективности | C99: 000 1403 6310179140 540 | D99: =Иные!H235 -> 100000 | E99: =Иные!I235 -> 150000 | F99: =Иные!I235 -> 150000 | H99: =Иные!J235 -> 150000 | I99: =H99/E99*100 -> 100
A100: 4.2. | B100: Иные межбюджетные трансферты бюджетам муниципальных районов, муниципальных округов и городских округов области на размещение социально значимой информации в печатных средствах массовой информации, учрежденных органами местного самоуправления, и в сетевых изданиях данных печатных средств массовой информации, учрежденных органами местного самоуправления | C100: 000 1204 6610278600 540 | D100: =Иные!L235 -> 40000 | E100: =Иные!M235 -> 50000.3 | F100: =Иные!M235 -> 50000.3 | H100: =Иные!N235 -> 50000.3 | I100: =H100/E100*100 -> 99.999999
...

Sheet Всего (с выдел. нераспред)
A1: Сведения о предоставленных из бюджета Саратовской области межбюджетных трансфертах бюджетам муниципальных образований за 2025 год
H2: =H9+H401+H403+H407-H408 -> 0 | I2: =I9+I401+I403+I407-I408 -> 0 | J2: =J9+J401+J403+J407-J408 -> 0 | K2: =K9+K401+K403+K407-K408 -> 0 | L2: =L9+L401+L403+L407-L408 -> 0 | AD2: тыс. рублей
A3: Наименование муниципальных образований | B3: Всего | H3: в том числе
H4: Дотации | N4: Субсидии | T4: Субвенции | Z4: Иные межбюджетные трансферты
B6: первоначальные бюджетные назначения 1 | C6: уточненные бюджетные назначения | F6: исполнено | G6: % исполнения | H6: первоначальные бюджетные назначения 1 | I6: уточненные бюджетные назначения | L6: исполнено | M6: % исполнения | N6: первоначальные бюджетные назначения 1 | O6: уточненные бюджетные назначения | R6: исполнено | S6: % исполнения | T6: первоначальные бюджетные назначения 1 | U6: уточненные бюджетные назначения | X6: исполнено | Y6: % исполнения | Z6: первоначальные бюджетные назначения 1 | AA6: уточненные бюджетные назначения | AD6: исполнено | AE6: % исполнения
C7: Сводная бюджетная роспись | D7: на основании | I7: Сводная бюджетная роспись | J7: на основании | O7: Сводная бюджетная роспись | P7: на основании | U7: Сводная бюджетная роспись | V7: на основании | AA7: Сводная бюджетная роспись | AB7: на основании
D8: закона о бюджете 2 | E8: иных нормативных правовых актов | J8: закона о бюджете 2 | K8: иных нормативных правовых актов | P8: закона о бюджете 2 | Q8: иных нормативных правовых актов | V8: закона о бюджете 2 | W8: иных нормативных правовых актов | AB8: закона о бюджете 2 | AC8: иных нормативных правовых актов
A9: Муниципальные районы области (консолидированный) | B9: =H9+N9+T9+Z9 -> 33921738 | C9: =I9+O9+U9+AA9 -> 40805782 | D9: =J9+P9+V9+AB9 -> 40218057 | E9: =K9+Q9+W9+AC9 -> 587725.14 | F9: =L9+R9+X9+AD9 -> 40629557 | G9: =F9/C9*100 -> 99.568137 | H9: =H12+H16+H25+H39+H54+H59+H77+H83+H100+H105+H117+H126+H140+H153+H164+H177+H190+H204+H208+H220+H229+H236+H249+H262+H276+H284+H294+H305+H315+H324+H333+H343+H354+H363+H372+H385+H394 -> 4752054.5 | I9: =I12+I16+I25+I39+I54+I59+I77+I83+I100+I105+I117+I126+I140+I153+I164+I177+I190+I204+I208+I220+I229+I236+I249+I262+I276+I284+I294+I305+I315+I324+I333+I343+I354+I363+I372+I385+I394 -> 5552130.1 | J9: =J12+J16+J25+J39+J54+J59+J77+J83+J100+J105+J117+J126+J140+J153+J164+J177+J190+J204+J208+J220+J229+J236+J249+J262+J276+J284+J294+J305+J315+J324+J333+J343+J354+J363+J372+J385+J394 -> 5552130.1 | K9: =K12+K16+K25+K39+K54+K59+K77+K83+K100+K105+K117+K126+K140+K153+K164+K177+K190+K204+K208+K220+K229+K236+K249+K262+K276+K284+K294+K305+K315+K324+K333+K343+K354+K363+K372+K385+K394 -> 0 | L9: =L12+L16+L25+L39+L54+L59+L77+L83+L100+L105+L117+L126+L140+L153+L164+L177+L190+L204+L208+L220+L229+L236+L249+L262+L276+L284+L294+L305+L315+L324+L333+L343+L354+L363+L372+L385+L394 -> 5552130.1 | M9: =L9/I9*100 -> 100 | N9: =N12+N16+N25+N39+N54+N59+N77+N83+N100+N105+N117+N126+N140+N153+N164+N177+N190+N204+N208+N220+N229+N236+N249+N262+N276+N284+N294+N305+N315+N324+N333+N343+N354+N363+N372+N385+N394 -> 7665676.4 | O9: =O12+O16+O25+O39+O54+O59+O77+O83+O100+O105+O117+O126+O140+O153+O164+O177+O190+O204+O208+O220+O229+O236+O249+O262+O276+O284+O294+O305+O315+O324+O333+O343+O354+O363+O372+O385+O394 -> 9540778.5 | P9: =P12+P16+P25+P39+P54+P59+P77+P83+P100+P105+P117+P126+P140+P153+P164+P177+P190+P204+P208+P220+P229+P236+P249+P262+P276+P284+P294+P305+P315+P324+P333+P343+P354+P363+P372+P385+P394 -> 9540778.5 | Q9: =Q12+Q16+Q25+Q39+Q54+Q59+Q77+Q83+Q100+Q105+Q117+Q126+Q140+Q153+Q164+Q177+Q190+Q204+Q208+Q220+Q229+Q236+Q249+Q262+Q276+Q284+Q294+Q305+Q315+Q324+Q333+Q343+Q354+Q363+Q372+Q385+Q394 -> 0 | R9: =R12+R16+R25+R39+R54+R59+R77+R83+R100+R105+R117+R126+R140+R153+R164+R177+R190+R204+R208+R220+R229+R236+R249+R262+R276+R284+R294+R305+R315+R324+R333+R343+R354+R363+R372+R385+R394 -> 9465431.5 | S9: =R9/O9*100 -> 99.210263 | T9: =T12+T16+T25+T39+T54+T59+T77+T83+T100+T105+T117+T126+T140+T153+T164+T177+T190+T204+T208+T220+T229+T236+T249+T262+T276+T284+T294+T305+T315+T324+T333+T343+T354+T363+T372+T385+T394 -> 20323083 | U9: =U12+U16+U25+U39+U54+U59+U77+U83+U100+U105+U117+U126+U140+U153+U164+U177+U190+U204+U208+U220+U229+U236+U249+U262+U276+U284+U294+U305+U315+U324+U333+U343+U354+U363+U372+U385+U394 -> 20216631 | V9: =V12+V16+V25+V39+V54+V59+V77+V83+V100+V105+V117+V126+V140+V153+V164+V177+V190+V204+V208+V220+V229+V236+V249+V262+V276+V284+V294+V305+V315+V324+V333+V343+V354+V363+V372+V385+V394 -> 20216631 | W9: =W12+W16+W25+W39+W54+W59+W77+W83+W100+W105+W117+W126+W140+W153+W164+W177+W190+W204+W208+W220+W229+W236+W249+W262+W276+W284+W294+W305+W315+W324+W333+W343+W354+W363+W372+W385+W394 -> 0 | X9: =X12+X16+X25+X39+X54+X59+X77+X83+X100+X105+X117+X126+X140+X153+X164+X177+X190+X204+X208+X220+X229+X236+X249+X262+X276+X284+X294+X305+X315+X324+X333+X343+X354+X363+X372+X385+X394 -> 20134486 | Y9: =X9/U9*100 -> 99.593676 | Z9: =Z12+Z16+Z25+Z39+Z54+Z59+Z77+Z83+Z100+Z105+Z117+Z126+Z140+Z153+Z164+Z177+Z190+Z204+Z208+Z220+Z229+Z236+Z249+Z262+Z276+Z284+Z294+Z305+Z315+Z324+Z333+Z343+Z354+Z363+Z372+Z385+Z394 -> 1180924.5 | AA9: =AA12+AA16+AA25+AA39+AA54+AA59+AA77+AA83+AA100+AA105+AA117+AA126+AA140+AA153+AA164+AA177+AA190+AA204+AA208+AA220+AA229+AA236+AA249+AA262+AA276+AA284+AA294+AA305+AA315+AA324+AA333+AA343+AA354+AA363+AA372+AA385+AA394 -> 5496242.6 | AB9: =AB12+AB16+AB25+AB39+AB54+AB59+AB77+AB83+AB100+AB105+AB117+AB126+AB140+AB153+AB164+AB177+AB190+AB204+AB208+AB220+AB229+AB236+AB249+AB262+AB276+AB284+AB294+AB305+AB315+AB324+AB333+AB343+AB354+AB363+AB372+AB385+AB394 -> 4908517.5 | AC9: =AC12+AC16+AC25+AC39+AC54+AC59+AC77+AC83+AC100+AC105+AC117+AC126+AC140+AC153+AC164+AC177+AC190+AC204+AC208+AC220+AC229+AC236+AC249+AC262+AC276+AC284+AC294+AC305+AC315+AC324+AC333+AC343+AC354+AC363+AC372+AC385+AC394 -> 587725.14 | AD9: =AD12+AD16+AD25+AD39+AD54+AD59+AD77+AD83+AD100+AD105+AD117+AD126+AD140+AD153+AD164+AD177+AD190+AD204+AD208+AD220+AD229+AD236+AD249+AD262+AD276+AD284+AD294+AD305+AD315+AD324+AD333+AD343+AD354+AD363+AD372+AD385+AD394 -> 5477509.7 | AE9: =AD9/AA9*100 -> 99.659167
A10: Муниципальные районы области (собственный): | B10: =H10+N10+T10+Z10 -> 29934620 | C10: =I10+O10+U10+AA10 -> 33935369 | D10: =J10+P10+V10+AB10 -> 33516337 | E10: =K10+Q10+W10+AC10 -> 419032.17 | F10: =L10+R10+X10+AD10 -> 33776718 | G10: =F10/C10*100 -> 99.53249 | H10: =H13+H17+H26+H40+H55+H60+H78+H84+H101+H106+H118+H127+H141+H154+H165+H178+H191+H205+H209+H221+H230+H237+H250+H263+H277+H285+H295+H306+H316+H325+H334+H344+H355+H364+H373+H386+H395 -> 4752054.5 | I10: =I13+I17+I26+I40+I55+I60+I78+I84+I101+I106+I118+I127+I141+I154+I165+I178+I191+I205+I209+I221+I230+I237+I250+I263+I277+I285+I295+I306+I316+I325+I334+I344+I355+I364+I373+I386+I395 -> 5537130.1 | J10: =J13+J17+J26+J40+J55+J60+J78+J84+J101+J106+J118+J127+J141+J154+J165+J178+J191+J205+J209+J221+J230+J237+J250+J263+J277+J285+J295+J306+J316+J325+J334+J344+J355+J364+J373+J386+J395 -> 5537130.1 | K10: =K13+K17+K26+K40+K55+K60+K78+K84+K101+K106+K118+K127+K141+K154+K165+K178+K191+K205+K209+K221+K230+K237+K250+K263+K277+K285+K295+K306+K316+K325+K334+K344+K355+K364+K373+K386+K395 -> 0 | L10: =L13+L17+L26+L40+L55+L60+L78+L84+L101+L106+L118+L127+L141+L154+L165+L178+L191+L205+L209+L221+L230+L237+L250+L263+L277+L285+L295+L306+L316+L325+L334+L344+L355+L364+L373+L386+L395 -> 5537130.1 | M10: =L10/I10*100 -> 100 | N10: =N13+N17+N26+N40+N55+N60+N78+N84+N101+N106+N118+N127+N141+N154+N165+N178+N191+N205+N209+N221+N230+N237+N250+N263+N277+N285+N295+N306+N316+N325+N334+N344+N355+N364+N373+N386+N395 -> 4063116.7 | O10: =O13+O17+O26+O40+O55+O60+O78+O84+O101+O106+O118+O127+O141+O154+O165+O178+O191+O205+O209+O221+O230+O237+O250+O263+O277+O285+O295+O306+O316+O325+O334+O344+O355+O364+O373+O386+O395 -> 5111235.3 | P10: =P13+P17+P26+P40+P55+P60+P78+P84+P101+P106+P118+P127+P141+P154+P165+P178+P191+P205+P209+P221+P230+P237+P250+P263+P277+P285+P295+P306+P316+P325+P334+P344+P355+P364+P373+P386+P395 -> 5111235.3 | Q10: =Q13+Q17+Q26+Q40+Q55+Q60+Q78+Q84+Q101+Q106+Q118+Q127+Q141+Q154+Q165+Q178+Q191+Q205+Q209+Q221+Q230+Q237+Q250+Q263+Q277+Q285+Q295+Q306+Q316+Q325+Q334+Q344+Q355+Q364+Q373+Q386+Q395 -> 0 | R10: =R13+R17+R26+R40+R55+R60+R78+R84+R101+R106+R118+R127+R141+R154+R165+R178+R191+R205+R209+R221+R230+R237+R250+R263+R277+R285+R295+R306+R316+R325+R334+R344+R355+R364+R373+R386+R395 -> 5041936.3 | S10: =R10/O10*100 -> 98.644182 | T10: =T13+T17+T26+T40+T55+T60+T78+T84+T101+T106+T118+T127+T141+T154+T165+T178+T191+T205+T209+T221+T230+T237+T250+T263+T277+T285+T295+T306+T316+T325+T334+T344+T355+T364+T373+T386+T395 -> 20243305 | U10: =U13+U17+U26+U40+U55+U60+U78+U84+U101+U106+U118+U127+U141+U154+U165+U178+U191+U205+U209+U221+U230+U237+U250+U263+U277+U285+U295+U306+U316+U325+U334+U344+U355+U364+U373+U386+U395 -> 20136317 | V10: =V13+V17+V26+V40+V55+V60+V78+V84+V101+V106+V118+V127+V141+V154+V165+V178+V191+V205+V209+V221+V230+V237+V250+V263+V277+V285+V295+V306+V316+V325+V334+V344+V355+V364+V373+V386+V395 -> 20136317 | W10: =W13+W17+W26+W40+W55+W60+W78+W84+W101+W106+W118+W127+W141+W154+W165+W178+W191+W205+W209+W221+W230+W237+W250+W263+W277+W285+W295+W306+W316+W325+W334+W344+W355+W364+W373+W386+W395 -> 0 | X10: =X13+X17+X26+X40+X55+X60+X78+X84+X101+X106+X118+X127+X141+X154+X165+X178+X191+X205+X209+X221+X230+X237+X250+X263+X277+X285+X295+X306+X316+X325+X334+X344+X355+X364+X373+X386+X395 -> 20054500 | Y10: =X10/U10*100 -> 99.593686 | Z10: =Z13+Z17+Z26+Z40+Z55+Z60+Z78+Z84+Z101+Z106+Z118+Z127+Z141+Z154+Z165+Z178+Z191+Z205+Z209+Z221+Z230+Z237+Z250+Z263+Z277+Z285+Z295+Z306+Z316+Z325+Z334+Z344+Z355+Z364+Z373+Z386+Z395 -> 876144.36 | AA10: =AA13+AA17+AA26+AA40+AA55+AA60+AA78+AA84+AA101+AA106+AA118+AA127+AA141+AA154+AA165+AA178+AA191+AA205+AA209+AA221+AA230+AA237+AA250+AA263+AA277+AA285+AA295+AA306+AA316+AA325+AA334+AA344+AA355+AA364+AA373+AA386+AA395 -> 3150686.6 | AB10: =AB13+AB17+AB26+AB40+AB55+AB60+AB78+AB84+AB101+AB106+AB118+AB127+AB141+AB154+AB165+AB178+AB191+AB205+AB209+AB221+AB230+AB237+AB250+AB263+AB277+AB285+AB295+AB306+AB316+AB325+AB334+AB344+AB355+AB364+AB373+AB386+AB395 -> 2731654.4 | AC10: =AC13+AC17+AC26+AC40+AC55+AC60+AC78+AC84+AC101+AC106+AC118+AC127+AC141+AC154+AC165+AC178+AC191+AC205+AC209+AC221+AC230+AC237+AC250+AC263+AC277+AC285+AC295+AC306+AC316+AC325+AC334+AC344+AC355+AC364+AC373+AC386+AC395 -> 419032.17 | AD10: =AD13+AD17+AD26+AD40+AD55+AD60+AD78+AD84+AD101+AD106+AD118+AD127+AD141+AD154+AD165+AD178+AD191+AD205+AD209+AD221+AD230+AD237+AD250+AD263+AD277+AD285+AD295+AD306+AD316+AD325+AD334+AD344+AD355+AD364+AD373+AD386+AD395 -> 3143151 | AE10: =AD10/AA10*100 -> 99.760827
A11: Поселения: | B11: =H11+N11+T11+Z11 -> 3987117.6 | C11: =I11+O11+U11+AA11 -> 6870412.9 | D11: =J11+P11+V11+AB11 -> 6701719.9 | E11: =K11+Q11+W11+AC11 -> 168692.97 | F11: =L11+R11+X11+AD11 -> 6852839.2 | G11: =F11/C11*100 -> 99.744212 | I11: =SUM(I14:I15)+SUM(I18:I24)+SUM(I27:I38)+SUM(I41:I53)+SUM(I56:I58)+SUM(I61:I76)+SUM(I79:I82)+SUM(I85:I99)+SUM(I102:I104)+SUM(I107:I116)+SUM(I119:I125)+SUM(I128:I139)+SUM(I142:I152)+SUM(I155:I163)+SUM(I166:I176)+SUM(I179:I189)+SUM(I192:I203)+SUM(I206:I207)+SUM(I210:I219)+SUM(I222:I228)+SUM(I231:I235)+SUM(I238:I248)+SUM(I251:I261)+SUM(I264:I275)+SUM(I278:I283)+SUM(I286:I293)+SUM(I296:I304)+SUM(I307:I314)+SUM(I317:I323)+SUM(I326:I332)+SUM(I335:I342)+SUM(I345:I353)+SUM(I356:I362)+SUM(I365:I371)+SUM(I374:I384)+SUM(I387:I393)+SUM(I396:I400) -> 15000 | J11: =SUM(J14:J15)+SUM(J18:J24)+SUM(J27:J38)+SUM(J41:J53)+SUM(J56:J58)+SUM(J61:J76)+SUM(J79:J82)+SUM(J85:J99)+SUM(J102:J104)+SUM(J107:J116)+SUM(J119:J125)+SUM(J128:J139)+SUM(J142:J152)+SUM(J155:J163)+SUM(J166:J176)+SUM(J179:J189)+SUM(J192:J203)+SUM(J206:J207)+SUM(J210:J219)+SUM(J222:J228)+SUM(J231:J235)+SUM(J238:J248)+SUM(J251:J261)+SUM(J264:J275)+SUM(J278:J283)+SUM(J286:J293)+SUM(J296:J304)+SUM(J307:J314)+SUM(J317:J323)+SUM(J326:J332)+SUM(J335:J342)+SUM(J345:J353)+SUM(J356:J362)+SUM(J365:J371)+SUM(J374:J384)+SUM(J387:J393)+SUM(J396:J400) -> 15000 | K11: =SUM(K14:K15)+SUM(K18:K24)+SUM(K27:K38)+SUM(K41:K53)+SUM(K56:K58)+SUM(K61:K76)+SUM(K79:K82)+SUM(K85:K99)+SUM(K102:K104)+SUM(K107:K116)+SUM(K119:K125)+SUM(K128:K139)+SUM(K142:K152)+SUM(K155:K163)+SUM(K166:K176)+SUM(K179:K189)+SUM(K192:K203)+SUM(K206:K207)+SUM(K210:K219)+SUM(K222:K228)+SUM(K231:K235)+SUM(K238:K248)+SUM(K251:K261)+SUM(K264:K275)+SUM(K278:K283)+SUM(K286:K293)+SUM(K296:K304)+SUM(K307:K314)+SUM(K317:K323)+SUM(K326:K332)+SUM(K335:K342)+SUM(K345:K353)+SUM(K356:K362)+SUM(K365:K371)+SUM(K374:K384)+SUM(K387:K393)+SUM(K396:K400) -> 0 | L11: =SUM(L14:L15)+SUM(L18:L24)+SUM(L27:L38)+SUM(L41:L53)+SUM(L56:L58)+SUM(L61:L76)+SUM(L79:L82)+SUM(L85:L99)+SUM(L102:L104)+SUM(L107:L116)+SUM(L119:L125)+SUM(L128:L139)+SUM(L142:L152)+SUM(L155:L163)+SUM(L166:L176)+SUM(L179:L189)+SUM(L192:L203)+SUM(L206:L207)+SUM(L210:L219)+SUM(L222:L228)+SUM(L231:L235)+SUM(L238:L248)+SUM(L251:L261)+SUM(L264:L275)+SUM(L278:L283)+SUM(L286:L293)+SUM(L296:L304)+SUM(L307:L314)+SUM(L317:L323)+SUM(L326:L332)+SUM(L335:L342)+SUM(L345:L353)+SUM(L356:L362)+SUM(L365:L371)+SUM(L374:L384)+SUM(L387:L393)+SUM(L396:L400) -> 15000 | M11: =L11/I11*100 -> 100 | N11: =SUM(N14:N15)+SUM(N18:N24)+SUM(N27:N38)+SUM(N41:N53)+SUM(N56:N58)+SUM(N61:N76)+SUM(N79:N82)+SUM(N85:N99)+SUM(N102:N104)+SUM(N107:N116)+SUM(N119:N125)+SUM(N128:N139)+SUM(N142:N152)+SUM(N155:N163)+SUM(N166:N176)+SUM(N179:N189)+SUM(N192:N203)+SUM(N206:N207)+SUM(N210:N219)+SUM(N222:N228)+SUM(N231:N235)+SUM(N238:N248)+SUM(N251:N261)+SUM(N264:N275)+SUM(N278:N283)+SUM(N286:N293)+SUM(N296:N304)+SUM(N307:N314)+SUM(N317:N323)+SUM(N326:N332)+SUM(N335:N342)+SUM(N345:N353)+SUM(N356:N362)+SUM(N365:N371)+SUM(N374:N384)+SUM(N387:N393)+SUM(N396:N400) -> 3602559.7 | O11: =SUM(O14:O15)+SUM(O18:O24)+SUM(O27:O38)+SUM(O41:O53)+SUM(O56:O58)+SUM(O61:O76)+SUM(O79:O82)+SUM(O85:O99)+SUM(O102:O104)+SUM(O107:O116)+SUM(O119:O125)+SUM(O128:O139)+SUM(O142:O152)+SUM(O155:O163)+SUM(O166:O176)+SUM(O179:O189)+SUM(O192:O203)+SUM(O206:O207)+SUM(O210:O219)+SUM(O222:O228)+SUM(O231:O235)+SUM(O238:O248)+SUM(O251:O261)+SUM(O264:O275)+SUM(O278:O283)+SUM(O286:O293)+SUM(O296:O304)+SUM(O307:O314)+SUM(O317:O323)+SUM(O326:O332)+SUM(O335:O342)+SUM(O345:O353)+SUM(O356:O362)+SUM(O365:O371)+SUM(O374:O384)+SUM(O387:O393)+SUM(O396:O400) -> 4429543.2 | P11: =SUM(P14:P15)+SUM(P18:P24)+SUM(P27:P38)+SUM(P41:P53)+SUM(P56:P58)+SUM(P61:P76)+SUM(P79:P82)+SUM(P85:P99)+SUM(P102:P104)+SUM(P107:P116)+SUM(P119:P125)+SUM(P128:P139)+SUM(P142:P152)+SUM(P155:P163)+SUM(P166:P176)+SUM(P179:P189)+SUM(P192:P203)+SUM(P206:P207)+SUM(P210:P219)+SUM(P222:P228)+SUM(P231:P235)+SUM(P238:P248)+SUM(P251:P261)+SUM(P264:P275)+SUM(P278:P283)+SUM(P286:P293)+SUM(P296:P304)+SUM(P307:P314)+SUM(P317:P323)+SUM(P326:P332)+SUM(P335:P342)+SUM(P345:P353)+SUM(P356:P362)+SUM(P365:P371)+SUM(P374:P384)+SUM(P387:P393)+SUM(P396:P400) -> 4429543.2 | Q11: =SUM(Q14:Q15)+SUM(Q18:Q24)+SUM(Q27:Q38)+SUM(Q41:Q53)+SUM(Q56:Q58)+SUM(Q61:Q76)+SUM(Q79:Q82)+SUM(Q85:Q99)+SUM(Q102:Q104)+SUM(Q107:Q116)+SUM(Q119:Q125)+SUM(Q128:Q139)+SUM(Q142:Q152)+SUM(Q155:Q163)+SUM(Q166:Q176)+SUM(Q179:Q189)+SUM(Q192:Q203)+SUM(Q206:Q207)+SUM(Q210:Q219)+SUM(Q222:Q228)+SUM(Q231:Q235)+SUM(Q238:Q248)+SUM(Q251:Q261)+SUM(Q264:Q275)+SUM(Q278:Q283)+SUM(Q286:Q293)+SUM(Q296:Q304)+SUM(Q307:Q314)+SUM(Q317:Q323)+SUM(Q326:Q332)+SUM(Q335:Q342)+SUM(Q345:Q353)+SUM(Q356:Q362)+SUM(Q365:Q371)+SUM(Q374:Q384)+SUM(Q387:Q393)+SUM(Q396:Q400) -> 0 | R11: =SUM(R14:R15)+SUM(R18:R24)+SUM(R27:R38)+SUM(R41:R53)+SUM(R56:R58)+SUM(R61:R76)+SUM(R79:R82)+SUM(R85:R99)+SUM(R102:R104)+SUM(R107:R116)+SUM(R119:R125)+SUM(R128:R139)+SUM(R142:R152)+SUM(R155:R163)+SUM(R166:R176)+SUM(R179:R189)+SUM(R192:R203)+SUM(R206:R207)+SUM(R210:R219)+SUM(R222:R228)+SUM(R231:R235)+SUM(R238:R248)+SUM(R251:R261)+SUM(R264:R275)+SUM(R278:R283)+SUM(R286:R293)+SUM(R296:R304)+SUM(R307:R314)+SUM(R317:R323)+SUM(R326:R332)+SUM(R335:R342)+SUM(R345:R353)+SUM(R356:R362)+SUM(R365:R371)+SUM(R374:R384)+SUM(R387:R393)+SUM(R396:R400) -> 4423495.2 | S11: =R11/O11*100 -> 99.863462 | T11: =SUM(T14:T15)+SUM(T18:T24)+SUM(T27:T38)+SUM(T41:T53)+SUM(T56:T58)+SUM(T61:T76)+SUM(T79:T82)+SUM(T85:T99)+SUM(T102:T104)+SUM(T107:T116)+SUM(T119:T125)+SUM(T128:T139)+SUM(T142:T152)+SUM(T155:T163)+SUM(T166:T176)+SUM(T179:T189)+SUM(T192:T203)+SUM(T206:T207)+SUM(T210:T219)+SUM(T222:T228)+SUM(T231:T235)+SUM(T238:T248)+SUM(T251:T261)+SUM(T264:T275)+SUM(T278:T283)+SUM(T286:T293)+SUM(T296:T304)+SUM(T307:T314)+SUM(T317:T323)+SUM(T326:T332)+SUM(T335:T342)+SUM(T345:T353)+SUM(T356:T362)+SUM(T365:T371)+SUM(T374:T384)+SUM(T387:T393)+SUM(T396:T400) -> 79777.8 | U11: =SUM(U14:U15)+SUM(U18:U24)+SUM(U27:U38)+SUM(U41:U53)+SUM(U56:U58)+SUM(U61:U76)+SUM(U79:U82)+SUM(U85:U99)+SUM(U102:U104)+SUM(U107:U116)+SUM(U119:U125)+SUM(U128:U139)+SUM(U142:U152)+SUM(U155:U163)+SUM(U166:U176)+SUM(U179:U189)+SUM(U192:U203)+SUM(U206:U207)+SUM(U210:U219)+SUM(U222:U228)+SUM(U231:U235)+SUM(U238:U248)+SUM(U251:U261)+SUM(U264:U275)+SUM(U278:U283)+SUM(U286:U293)+SUM(U296:U304)+SUM(U307:U314)+SUM(U317:U323)+SUM(U326:U332)+SUM(U335:U342)+SUM(U345:U353)+SUM(U356:U362)+SUM(U365:U371)+SUM(U374:U384)+SUM(U387:U393)+SUM(U396:U400) -> 80313.7 | V11: =SUM(V14:V15)+SUM(V18:V24)+SUM(V27:V38)+SUM(V41:V53)+SUM(V56:V58)+SUM(V61:V76)+SUM(V79:V82)+SUM(V85:V99)+SUM(V102:V104)+SUM(V107:V116)+SUM(V119:V125)+SUM(V128:V139)+SUM(V142:V152)+SUM(V155:V163)+SUM(V166:V176)+SUM(V179:V189)+SUM(V192:V203)+SUM(V206:V207)+SUM(V210:V219)+SUM(V222:V228)+SUM(V231:V235)+SUM(V238:V248)+SUM(V251:V261)+SUM(V264:V275)+SUM(V278:V283)+SUM(V286:V293)+SUM(V296:V304)+SUM(V307:V314)+SUM(V317:V323)+SUM(V326:V332)+SUM(V335:V342)+SUM(V345:V353)+SUM(V356:V362)+SUM(V365:V371)+SUM(V374:V384)+SUM(V387:V393)+SUM(V396:V400) -> 80313.7 | W11: =SUM(W14:W15)+SUM(W18:W24)+SUM(W27:W38)+SUM(W41:W53)+SUM(W56:W58)+SUM(W61:W76)+SUM(W79:W82)+SUM(W85:W99)+SUM(W102:W104)+SUM(W107:W116)+SUM(W119:W125)+SUM(W128:W139)+SUM(W142:W152)+SUM(W155:W163)+SUM(W166:W176)+SUM(W179:W189)+SUM(W192:W203)+SUM(W206:W207)+SUM(W210:W219)+SUM(W222:W228)+SUM(W231:W235)+SUM(W238:W248)+SUM(W251:W261)+SUM(W264:W275)+SUM(W278:W283)+SUM(W286:W293)+SUM(W296:W304)+SUM(W307:W314)+SUM(W317:W323)+SUM(W326:W332)+SUM(W335:W342)+SUM(W345:W353)+SUM(W356:W362)+SUM(W365:W371)+SUM(W374:W384)+SUM(W387:W393)+SUM(W396:W400) -> 0 | X11: =SUM(X14:X15)+SUM(X18:X24)+SUM(X27:X38)+SUM(X41:X53)+SUM(X56:X58)+SUM(X61:X76)+SUM(X79:X82)+SUM(X85:X99)+SUM(X102:X104)+SUM(X107:X116)+SUM(X119:X125)+SUM(X128:X139)+SUM(X142:X152)+SUM(X155:X163)+SUM(X166:X176)+SUM(X179:X189)+SUM(X192:X203)+SUM(X206:X207)+SUM(X210:X219)+SUM(X222:X228)+SUM(X231:X235)+SUM(X238:X248)+SUM(X251:X261)+SUM(X264:X275)+SUM(X278:X283)+SUM(X286:X293)+SUM(X296:X304)+SUM(X307:X314)+SUM(X317:X323)+SUM(X326:X332)+SUM(X335:X342)+SUM(X345:X353)+SUM(X356:X362)+SUM(X365:X371)+SUM(X374:X384)+SUM(X387:X393)+SUM(X396:X400) -> 79985.39 | Y11: =X11/U11*100 -> 99.591216 | Z11: =SUM(Z14:Z15)+SUM(Z18:Z24)+SUM(Z27:Z38)+SUM(Z41:Z53)+SUM(Z56:Z58)+SUM(Z61:Z76)+SUM(Z79:Z82)+SUM(Z85:Z99)+SUM(Z102:Z104)+SUM(Z107:Z116)+SUM(Z119:Z125)+SUM(Z128:Z139)+SUM(Z142:Z152)+SUM(Z155:Z163)+SUM(Z166:Z176)+SUM(Z179:Z189)+SUM(Z192:Z203)+SUM(Z206:Z207)+SUM(Z210:Z219)+SUM(Z222:Z228)+SUM(Z231:Z235)+SUM(Z238:Z248)+SUM(Z251:Z261)+SUM(Z264:Z275)+SUM(Z278:Z283)+SUM(Z286:Z293)+SUM(Z296:Z304)+SUM(Z307:Z314)+SUM(Z317:Z323)+SUM(Z326:Z332)+SUM(Z335:Z342)+SUM(Z345:Z353)+SUM(Z356:Z362)+SUM(Z365:Z371)+SUM(Z374:Z384)+SUM(Z387:Z393)+SUM(Z396:Z400) -> 304780.1 | AA11: =SUM(AA14:AA15)+SUM(AA18:AA24)+SUM(AA27:AA38)+SUM(AA41:AA53)+SUM(AA56:AA58)+SUM(AA61:AA76)+SUM(AA79:AA82)+SUM(AA85:AA99)+SUM(AA102:AA104)+SUM(AA107:AA116)+SUM(AA119:AA125)+SUM(AA128:AA139)+SUM(AA142:AA152)+SUM(AA155:AA163)+SUM(AA166:AA176)+SUM(AA179:AA189)+SUM(AA192:AA203)+SUM(AA206:AA207)+SUM(AA210:AA219)+SUM(AA222:AA228)+SUM(AA231:AA235)+SUM(AA238:AA248)+SUM(AA251:AA261)+SUM(AA264:AA275)+SUM(AA278:AA283)+SUM(AA286:AA293)+SUM(AA296:AA304)+SUM(AA307:AA314)+SUM(AA317:AA323)+SUM(AA326:AA332)+SUM(AA335:AA342)+SUM(AA345:AA353)+SUM(AA356:AA362)+SUM(AA365:AA371)+SUM(AA374:AA384)+SUM(AA387:AA393)+SUM(AA396:AA400) -> 2345556.1 | AB11: =SUM(AB14:AB15)+SUM(AB18:AB24)+SUM(AB27:AB38)+SUM(AB41:AB53)+SUM(AB56:AB58)+SUM(AB61:AB76)+SUM(AB79:AB82)+SUM(AB85:AB99)+SUM(AB102:AB104)+SUM(AB107:AB116)+SUM(AB119:AB125)+SUM(AB128:AB139)+SUM(AB142:AB152)+SUM(AB155:AB163)+SUM(AB166:AB176)+SUM(AB179:AB189)+SUM(AB192:AB203)+SUM(AB206:AB207)+SUM(AB210:AB219)+SUM(AB222:AB228)+SUM(AB231:AB235)+SUM(AB238:AB248)+SUM(AB251:AB261)+SUM(AB264:AB275)+SUM(AB278:AB283)+SUM(AB286:AB293)+SUM(AB296:AB304)+SUM(AB307:AB314)+SUM(AB317:AB323)+SUM(AB326:AB332)+SUM(AB335:AB342)+SUM(AB345:AB353)+SUM(AB356:AB362)+SUM(AB365:AB371)+SUM(AB374:AB384)+SUM(AB387:AB393)+SUM(AB396:AB400) -> 2176863.1 | AC11: =SUM(AC14:AC15)+SUM(AC18:AC24)+SUM(AC27:AC38)+SUM(AC41:AC53)+SUM(AC56:AC58)+SUM(AC61:AC76)+SUM(AC79:AC82)+SUM(AC85:AC99)+SUM(AC102:AC104)+SUM(AC107:AC116)+SUM(AC119:AC125)+SUM(AC128:AC139)+SUM(AC142:AC152)+SUM(AC155:AC163)+SUM(AC166:AC176)+SUM(AC179:AC189)+SUM(AC192:AC203)+SUM(AC206:AC207)+SUM(AC210:AC219)+SUM(AC222:AC228)+SUM(AC231:AC235)+SUM(AC238:AC248)+SUM(AC251:AC261)+SUM(AC264:AC275)+SUM(AC278:AC283)+SUM(AC286:AC293)+SUM(AC296:AC304)+SUM(AC307:AC314)+SUM(AC317:AC323)+SUM(AC326:AC332)+SUM(AC335:AC342)+SUM(AC345:AC353)+SUM(AC356:AC362)+SUM(AC365:AC371)+SUM(AC374:AC384)+SUM(AC387:AC393)+SUM(AC396:AC400) -> 168692.97 | AD11: =SUM(AD14:AD15)+SUM(AD18:AD24)+SUM(AD27:AD38)+SUM(AD41:AD53)+SUM(AD56:AD58)+SUM(AD61:AD76)+SUM(AD79:AD82)+SUM(AD85:AD99)+SUM(AD102:AD104)+SUM(AD107:AD116)+SUM(AD119:AD125)+SUM(AD128:AD139)+SUM(AD142:AD152)+SUM(AD155:AD163)+SUM(AD166:AD176)+SUM(AD179:AD189)+SUM(AD192:AD203)+SUM(AD206:AD207)+SUM(AD210:AD219)+SUM(AD222:AD228)+SUM(AD231:AD235)+SUM(AD238:AD248)+SUM(AD251:AD261)+SUM(AD264:AD275)+SUM(AD278:AD283)+SUM(AD286:AD293)+SUM(AD296:AD304)+SUM(AD307:AD314)+SUM(AD317:AD323)+SUM(AD326:AD332)+SUM(AD335:AD342)+SUM(AD345:AD353)+SUM(AD356:AD362)+SUM(AD365:AD371)+SUM(AD374:AD384)+SUM(AD387:AD393)+SUM(AD396:AD400) -> 2334358.7 | AE11: =AD11/AA11*100 -> 99.522613
A12: Александрово-Гайский район (консолидированный) | B12: =H12+N12+T12+Z12 -> 559029.82 | C12: =I12+O12+U12+AA12 -> 753740.13 | D12: =J12+P12+V12+AB12 -> 633675.33 | E12: =K12+Q12+W12+AC12 -> 120064.8 | F12: =L12+R12+X12+AD12 -> 743724.76 | G12: =F12/C12*100 -> 98.671244 | H12: =H13+H14+H15 -> 133188.8 | I12: =I13+I14+I15 -> 168788.8 | J12: =J13+J14+J15 -> 168788.8 | K12: =K13+K14+K15 -> 0 | L12: =L13+L14+L15 -> 168788.8 | M12: =L12/I12*100 -> 100 | N12: =N13+N14+N15 -> 105373.86 | O12: =O13+O14+O15 -> 131982.57 | P12: =P13+P14+P15 -> 131982.57 | Q12: =Q13+Q14+Q15 -> 0 | R12: =R13+R14+R15 -> 123467.33 | S12: =R12/O12*100 -> 93.548206 | T12: =T13+T14+T15 -> 283354.4 | U12: =U13+U14+U15 -> 278019.57 | V12: =V13+V14+V15 -> 278019.57 | W12: =W13+W14+W15 -> 0 | X12: =X13+X14+X15 -> 277347.19 | Y12: =X12/U12*100 -> 99.758155 | Z12: =Z13+Z14+Z15 -> 37112.765 | AA12: =AA13+AA14+AA15 -> 174949.19 | AB12: =AB13+AB14+AB15 -> 54884.386 | AC12: =AC13+AC14+AC15 -> 120064.8 | AD12: =AD13+AD14+AD15 -> 174121.44 | AE12: =AD12/AA12*100 -> 99.526865
A13: Александрово-Гайский район (собственный) | B13: =H13+N13+T13+Z13 -> 501108.02 | C13: =I13+O13+U13+AA13 -> 678352.25 | D13: =J13+P13+V13+AB13 -> 565787.45 | E13: =K13+Q13+W13+AC13 -> 112564.8 | F13: =L13+R13+X13+AD13 -> 668336.89 | G13: =F13/C13*100 -> 98.523575 | H13: =Дотации!B14 -> 133188.8 | I13: =Дотации!C14 -> 163788.8 | J13: =Дотации!D14 -> 163788.8 | K13: =Дотации!E13 -> 0 | L13: =Дотации!F14 -> 163788.8 | M13: =L13/I13*100 -> 100 | N13: =Субсидии!B14 -> 54033.859 | O13: =Субсидии!C14 -> 76437.6 | P13: =Субсидии!D14 -> 76437.6 | Q13: =Субсидии!E14 -> 0 | R13: =Субсидии!F14 -> 67922.357 | S13: =R13/O13*100 -> 88.859876 | T13: ='Субвенции '!B16 -> 281772.6 | U13: ='Субвенции '!C16 -> 276426.67 | V13: ='Субвенции '!D16 -> 276426.67 | W13: ='Субвенции '!E16 -> 0 | X13: ='Субвенции '!F16 -> 275754.29 | Y13: =X13/U13*100 -> 99.756762 | Z13: =Иные!B14 -> 32112.765 | AA13: =Иные!C14 -> 161699.19 | AB13: =Иные!D14 -> 49134.386 | AC13: =Иные!E14 -> 112564.8 | AD13: =Иные!F14 -> 160871.44 | AE13: =AD13/AA13*100 -> 99.488095
A14: Александрово-Гайское МО | B14: =H14+N14+T14+Z14 -> 53841.7 | C14: =I14+O14+U14+AA14 -> 70419.348 | D14: =J14+P14+V14+AB14 -> 62919.348 | E14: =K14+Q14+W14+AC14 -> 7500 | F14: =L14+R14+X14+AD14 -> 70419.348 | G14: =F14/C14*100 -> 100 | H14: =Дотации!B15 -> 0 | I14: =Дотации!C15 -> 5000 | J14: =Дотации!D15 -> 5000 | K14: =Дотации!E15 -> 0 | L14: =Дотации!F15 -> 5000 | M14: =L14/I14*100 -> 100 | N14: =Субсидии!B15 -> 47446 | O14: =Субсидии!C15 -> 50763.748 | P14: =Субсидии!D15 -> 50763.748 | Q14: =Субсидии!E15 -> 0 | R14: =Субсидии!F15 -> 50763.748 | S14: =R14/O14*100 -> 100 | T14: ='Субвенции '!B17 -> 1395.7 | U14: ='Субвенции '!C17 -> 1405.6 | V14: ='Субвенции '!D17 -> 1405.6 | W14: ='Субвенции '!E17 -> 0 | X14: ='Субвенции '!F17 -> 1405.6 | Y14: =X14/U14*100 -> 100 | Z14: =Иные!B15 -> 5000 | AA14: =Иные!C15 -> 13250 | AB14: =Иные!D15 -> 5750 | AC14: =Иные!E15 -> 7500 | AD14: =Иные!F15 -> 13250 | AE14: =AD14/AA14*100 -> 100
A15: Новоалександровское МО | B15: =H15+N15+T15+Z15 -> 4080.1 | C15: =I15+O15+U15+AA15 -> 4968.5249 | D15: =J15+P15+V15+AB15 -> 4968.5249 | E15: =K15+Q15+W15+AC15 -> 0 | F15: =L15+R15+X15+AD15 -> 4968.5249 | G15: =F15/C15*100 -> 100 | N15: =Субсидии!B16 -> 3894 | O15: =Субсидии!C16 -> 4781.2249 | P15: =Субсидии!D16 -> 4781.2249 | Q15: =Субсидии!E16 -> 0 | R15: =Субсидии!F16 -> 4781.2249 | S15: =R15/O15*100 -> 100 | T15: ='Субвенции '!B18 -> 186.1 | U15: ='Субвенции '!C18 -> 187.3 | V15: ='Субвенции '!D18 -> 187.3 | W15: ='Субвенции '!E18 -> 0 | X15: ='Субвенции '!F18 -> 187.3 | Y15: =X15/U15*100 -> 100
A16: Аркадакский район (консолидированный) | B16: =H16+N16+T16+Z16 -> 521294.18 | C16: =I16+O16+U16+AA16 -> 569706.28 | D16: =J16+P16+V16+AB16 -> 566162.37 | E16: =K16+Q16+W16+AC16 -> 3543.914 | F16: =L16+R16+X16+AD16 -> 569190.46 | G16: =F16/C16*100 -> 99.909457 | H16: =SUM(H17:H24) -> 72998.9 | I16: =SUM(I17:I24) -> 87686.6 | J16: =SUM(J17:J24) -> 87686.6 | K16: =SUM(K17:K24) -> 0 | L16: =SUM(L17:L24) -> 87686.6 | M16: =L16/I16*100 -> 100 | N16: =SUM(N17:N24) -> 74632.321 | O16: =SUM(O17:O24) -> 81582.449 | P16: =SUM(P17:P24) -> 81582.449 | Q16: =SUM(Q17:Q24) -> 0 | R16: =SUM(R17:R24) -> 81582.449 | S16: =R16/O16*100 -> 100 | T16: =SUM(T17:T24) -> 356110.8 | U16: =SUM(U17:U24) -> 367907.48 | V16: =SUM(V17:V24) -> 367907.48 | W16: =SUM(W17:W24) -> 0 | X16: =SUM(X17:X24) -> 367807.86 | Y16: =X16/U16*100 -> 99.972924 | Z16: =SUM(Z17:Z24) -> 17552.156 | AA16: =SUM(AA17:AA24) -> 32529.759 | AB16: =SUM(AB17:AB24) -> 28985.845 | AC16: =SUM(AC17:AC24) -> 3543.914 | AD16: =SUM(AD17:AD24) -> 32113.546 | AE16: =AD16/AA16*100 -> 98.720518
A17: Аркадакский район (собственный) | B17: =H17+N17+T17+Z17 -> 481284.48 | C17: =I17+O17+U17+AA17 -> 526248.28 | D17: =J17+P17+V17+AB17 -> 522704.36 | E17: =K17+Q17+W17+AC17 -> 3543.914 | F17: =L17+R17+X17+AD17 -> 526046.64 | G17: =F17/C17*100 -> 99.961684 | H17: =Дотации!B16 -> 72998.9 | I17: =Дотации!C16 -> 87686.6 | J17: =Дотации!D16 -> 87686.6 | K17: =Дотации!E16 -> 0 | L17: =Дотации!F16 -> 87686.6 | M17: =L17/I17*100 -> 100 | N17: =Субсидии!B18 -> 41433.321 | O17: =Субсидии!C18 -> 45004.063 | P17: =Субсидии!D18 -> 45004.063 | Q17: =Субсидии!E18 -> 0 | R17: =Субсидии!F18 -> 45004.063 | S17: =R17/O17*100 -> 100 | T17: ='Субвенции '!B20 -> 354300.1 | U17: ='Субвенции '!C20 -> 366084.28 | V17: ='Субвенции '!D20 -> 366084.28 | W17: ='Субвенции '!E20 -> 0 | X17: ='Субвенции '!F20 -> 365984.66 | Y17: =X17/U17*100 -> 99.972789 | Z17: =Иные!B17 -> 12552.156 | AA17: =Иные!C17 -> 27473.339 | AB17: =Иные!D17 -> 23929.425 | AC17: =Иные!E17 -> 3543.914 | AD17: =Иные!F17 -> 27371.318 | AE17: =AD17/AA17*100 -> 99.628654
A18: город Аркадак | B18: =H18+N18+T18+Z18 -> 14323.1 | C18: =I18+O18+U18+AA18 -> 15413.438 | D18: =J18+P18+V18+AB18 -> 15413.438 | E18: =K18+Q18+W18+AC18 -> 0 | F18: =L18+R18+X18+AD18 -> 15099.247 | G18: =F18/C18*100 -> 97.961575 | N18: =Субсидии!B19 -> 8500 | O18: =Субсидии!C19 -> 9528.0185 | P18: =Субсидии!D19 -> 9528.0185 | Q18: =Субсидии!E19 -> 0 | R18: =Субсидии!F19 -> 9528.0185 | S18: =R18/O18*100 -> 100 | T18: ='Субвенции '!B21 -> 823.1 | U18: ='Субвенции '!C21 -> 829 | V18: ='Субвенции '!D21 -> 829 | W18: ='Субвенции '!E21 -> 0 | X18: ='Субвенции '!F21 -> 829 | Y18: =X18/U18*100 -> 100 | Z18: =Иные!B18 -> 5000 | AA18: =Иные!C18 -> 5056.4195 | AB18: =Иные!D18 -> 5056.4195 | AC18: =Иные!E18 -> 0 | AD18: =Иные!F18 -> 4742.2281 | AE18: =AD18/AA18*100 -> 93.786288
A19: Большежуравское МО | B19: =H19+N19+T19+Z19 -> 3464.6 | C19: =I19+O19+U19+AA19 -> 3465.7 | D19: =J19+P19+V19+AB19 -> 3465.7 | E19: =K19+Q19+W19+AC19 -> 0 | F19: =L19+R19+X19+AD19 -> 3465.7 | G19: =F19/C19*100 -> 100 | N19: =Субсидии!B20 -> 3300 | O19: =Субсидии!C20 -> 3300 | P19: =Субсидии!D20 -> 3300 | Q19: =Субсидии!E20 -> 0 | R19: =Субсидии!F20 -> 3300 | S19: =R19/O19*100 -> 100 | T19: ='Субвенции '!B22 -> 164.6 | U19: ='Субвенции '!C22 -> 165.7 | V19: ='Субвенции '!D22 -> 165.7 | W19: ='Субвенции '!E22 -> 0 | X19: ='Субвенции '!F22 -> 165.7 | Y19: =X19/U19*100 -> 100
A20: Краснознаменское МО | B20: =H20+N20+T20+Z20 -> 4568.6 | C20: =I20+O20+U20+AA20 -> 5942.3661 | D20: =J20+P20+V20+AB20 -> 5942.3661 | E20: =K20+Q20+W20+AC20 -> 0 | F20: =L20+R20+X20+AD20 -> 5942.3661 | G20: =F20/C20*100 -> 100 | N20: =Субсидии!B21 -> 4404 | O20: =Субсидии!C21 -> 5776.6661 | P20: =Субсидии!D21 -> 5776.6661 | Q20: =Субсидии!E21 -> 0 | R20: =Субсидии!F21 -> 5776.6661 | S20: =R20/O20*100 -> 100 | T20: ='Субвенции '!B23 -> 164.6 | U20: ='Субвенции '!C23 -> 165.7 | V20: ='Субвенции '!D23 -> 165.7 | W20: ='Субвенции '!E23 -> 0 | X20: ='Субвенции '!F23 -> 165.7 | Y20: =X20/U20*100 -> 100
A21: Львовское МО | B21: =H21+N21+T21+Z21 -> 3257.6 | C21: =I21+O21+U21+AA21 -> 4237.402 | D21: =J21+P21+V21+AB21 -> 4237.402 | E21: =K21+Q21+W21+AC21 -> 0 | F21: =L21+R21+X21+AD21 -> 4237.402 | G21: =F21/C21*100 -> 100 | N21: =Субсидии!B22 -> 3093 | O21: =Субсидии!C22 -> 4071.702 | P21: =Субсидии!D22 -> 4071.702 | Q21: =Субсидии!E22 -> 0 | R21: =Субсидии!F22 -> 4071.702 | S21: =R21/O21*100 -> 100 | T21: ='Субвенции '!B24 -> 164.6 | U21: ='Субвенции '!C24 -> 165.7 | V21: ='Субвенции '!D24 -> 165.7 | W21: ='Субвенции '!E24 -> 0 | X21: ='Субвенции '!F24 -> 165.7 | Y21: =X21/U21*100 -> 100
A22: Малиновское МО | B22: =H22+N22+T22+Z22 -> 4757.6 | C22: =I22+O22+U22+AA22 -> 4758.7 | D22: =J22+P22+V22+AB22 -> 4758.7 | E22: =K22+Q22+W22+AC22 -> 0 | F22: =L22+R22+X22+AD22 -> 4758.7 | G22: =F22/C22*100 -> 100 | N22: =Субсидии!B23 -> 4593 | O22: =Субсидии!C23 -> 4593 | P22: =Субсидии!D23 -> 4593 | Q22: =Субсидии!E23 -> 0 | R22: =Субсидии!F23 -> 4593 | S22: =R22/O22*100 -> 100 | T22: ='Субвенции '!B25 -> 164.6 | U22: ='Субвенции '!C25 -> 165.7 | V22: ='Субвенции '!D25 -> 165.7 | W22: ='Субвенции '!E25 -> 0 | X22: ='Субвенции '!F25 -> 165.7 | Y22: =X22/U22*100 -> 100
A23: Росташовское МО | B23: =H23+N23+T23+Z23 -> 5147.6 | C23: =I23+O23+U23+AA23 -> 5148.7 | D23: =J23+P23+V23+AB23 -> 5148.7 | E23: =K23+Q23+W23+AC23 -> 0 | F23: =L23+R23+X23+AD23 -> 5148.7 | G23: =F23/C23*100 -> 100 | N23: =Субсидии!B24 -> 4983 | O23: =Субсидии!C24 -> 4983 | P23: =Субсидии!D24 -> 4983 | Q23: =Субсидии!E24 -> 0 | R23: =Субсидии!F24 -> 4983 | S23: =R23/O23*100 -> 100 | T23: ='Субвенции '!B26 -> 164.6 | U23: ='Субвенции '!C26 -> 165.7 | V23: ='Субвенции '!D26 -> 165.7 | W23: ='Субвенции '!E26 -> 0 | X23: ='Субвенции '!F26 -> 165.7 | Y23: =X23/U23*100 -> 100
A24: Семеновское МО | B24: =H24+N24+T24+Z24 -> 4490.6 | C24: =I24+O24+U24+AA24 -> 4491.7 | D24: =J24+P24+V24+AB24 -> 4491.7 | E24: =K24+Q24+W24+AC24 -> 0 | F24: =L24+R24+X24+AD24 -> 4491.7 | G24: =F24/C24*100 -> 100 | N24: =Субсидии!B25 -> 4326 | O24: =Субсидии!C25 -> 4326 | P24: =Субсидии!D25 -> 4326 | Q24: =Субсидии!E25 -> 0 | R24: =Субсидии!F25 -> 4326 | S24: =R24/O24*100 -> 100 | T24: ='Субвенции '!B27 -> 164.6 | U24: ='Субвенции '!C27 -> 165.7 | V24: ='Субвенции '!D27 -> 165.7 | W24: ='Субвенции '!E27 -> 0 | X24: ='Субвенции '!F27 -> 165.7 | Y24: =X24/U24*100 -> 100
A25: Аткарский район (консолидированный) | B25: =H25+N25+T25+Z25 -> 1246019.5 | C25: =I25+O25+U25+AA25 -> 1368526.3 | D25: =J25+P25+V25+AB25 -> 1367826.3 | E25: =K25+Q25+W25+AC25 -> 700 | F25: =L25+R25+X25+AD25 -> 1362909.8 | G25: =F25/C25*100 -> 99.589597 | H25: =SUM(H26:H38) -> 158326.9 | I25: =SUM(I26:I38) -> 158326.9 | J25: =SUM(J26:J38) -> 158326.9 | K25: =SUM(K26:K38) -> 0 | L25: =SUM(L26:L38) -> 158326.9 | M25: =L25/I25*100 -> 100 | N25: =SUM(N26:N38) -> 472678.63 | O25: =SUM(O26:O38) -> 472002.16 | P25: =SUM(P26:P38) -> 472002.16 | Q25: =SUM(Q26:Q38) -> 0 | R25: =SUM(R26:R38) -> 468019.4 | S25: =R25/O25*100 -> 99.156198 | T25: =SUM(T26:T38) -> 586242.7 | U25: =SUM(U26:U38) -> 565975.34 | V25: =SUM(V26:V38) -> 565975.34 | W25: =SUM(W26:W38) -> 0 | X25: =SUM(X26:X38) -> 565538.14 | Y25: =X25/U25*100 -> 99.922753 | Z25: =SUM(Z26:Z38) -> 28771.323 | AA25: =SUM(AA26:AA38) -> 172221.87 | AB25: =SUM(AB26:AB38) -> 171521.87 | AC25: =SUM(AC26:AC38) -> 700 | AD25: =SUM(AD26:AD38) -> 171025.37 | AE25: =AD25/AA25*100 -> 99.305255
A26: Аткарский район (собственный) | B26: =H26+N26+T26+Z26 -> 921687.93 | C26: =I26+O26+U26+AA26 -> 1040170.5 | D26: =J26+P26+V26+AB26 -> 1039470.5 | E26: =K26+Q26+W26+AC26 -> 700 | F26: =L26+R26+X26+AD26 -> 1034554 | G26: =F26/C26*100 -> 99.460044 | H26: =Дотации!B18 -> 158326.9 | I26: =Дотации!C19 -> 158326.9 | J26: =Дотации!D19 -> 158326.9 | K26: =Дотации!E18 -> 0 | L26: =Дотации!F19 -> 158326.9 | M26: =L26/I26*100 -> 100 | N26: =Субсидии!B27 -> 156886.61 | O26: =Субсидии!C27 -> 152210.15 | P26: =Субсидии!D27 -> 152210.15 | Q26: =Субсидии!E27 -> 0 | R26: =Субсидии!F27 -> 148227.38 | S26: =R26/O26*100 -> 97.383377 | T26: ='Субвенции '!B29 -> 582703.1 | U26: ='Субвенции '!C29 -> 562411.54 | V26: ='Субвенции '!D29 -> 562411.54 | W26: ='Субвенции '!E29 -> 0 | X26: ='Субвенции '!F29 -> 561974.34 | Y26: =X26/U26*100 -> 99.922264 | Z26: =Иные!B20 -> 23771.323 | AA26: =Иные!C20 -> 167221.87 | AB26: =Иные!D20 -> 166521.87 | AC26: =Иные!E20 -> 700 | AD26: =Иные!F20 -> 166025.37 | AE26: =AD26/AA26*100 -> 99.284482
A27: город Аткарск | B27: =H27+N27+T27+Z27 -> 287600.02 | C27: =I27+O27+U27+AA27 -> 287614.42 | D27: =J27+P27+V27+AB27 -> 287614.42 | E27: =K27+Q27+W27+AC27 -> 0 | F27: =L27+R27+X27+AD27 -> 287614.42 | G27: =F27/C27*100 -> 100 | H27: =Дотации!B20 -> 0 | I27: =Дотации!C20 -> 0 | J27: =Дотации!D20 -> 0 | L27: =Дотации!F20 -> 0 | N27: =Субсидии!B28 -> 280542.02 | O27: =Субсидии!C28 -> 280542.02 | P27: =Субсидии!D28 -> 280542.02 | Q27: =Субсидии!E28 -> 0 | R27: =Субсидии!F28 -> 280542.02 | S27: =R27/O27*100 -> 100 | T27: ='Субвенции '!B30 -> 2058 | U27: ='Субвенции '!C30 -> 2072.4 | V27: ='Субвенции '!D30 -> 2072.4 | W27: ='Субвенции '!E30 -> 0 | X27: ='Субвенции '!F30 -> 2072.4 | Y27: =X27/U27*100 -> 100 | Z27: =Иные!B21 -> 5000 | AA27: =Иные!C21 -> 5000 | AB27: =Иные!D21 -> 5000 | AC27: =Иные!E21 -> 0 | AD27: =Иные!F21 -> 5000 | AE27: =AD27/AA27*100 -> 100
A28: Барановское МО | B28: =H28+N28+T28+Z28 -> 5054.6 | C28: =I28+O28+U28+AA28 -> 5055.7 | D28: =J28+P28+V28+AB28 -> 5055.7 | E28: =K28+Q28+W28+AC28 -> 0 | F28: =L28+R28+X28+AD28 -> 5055.7 | G28: =F28/C28*100 -> 100 | N28: =Субсидии!B29 -> 4890 | O28: =Субсидии!C29 -> 4890 | P28: =Субсидии!D29 -> 4890 | Q28: =Субсидии!E29 -> 0 | R28: =Субсидии!F29 -> 4890 | S28: =R28/O28*100 -> 100 | T28: ='Субвенции '!B31 -> 164.6 | U28: ='Субвенции '!C31 -> 165.7 | V28: ='Субвенции '!D31 -> 165.7 | W28: ='Субвенции '!E31 -> 0 | X28: ='Субвенции '!F31 -> 165.7 | Y28: =X28/U28*100 -> 100 | Z28: =Иные!B22 -> 0 | AA28: =Иные!C22 -> 0 | AB28: =Иные!D22 -> 0 | AC28: =Иные!E22 -> 0 | AD28: =Иные!F22 -> 0
A29: Большеекатериновское МО | B29: =H29+N29+T29+Z29 -> 0 | C29: =I29+O29+U29+AA29 -> 0 | D29: =J29+P29+V29+AB29 -> 0 | E29: =K29+Q29+W29+AC29 -> 0 | F29: =L29+R29+X29+AD29 -> 0 | N29: =Субсидии!B30 -> 0 | O29: =Субсидии!C30 -> 0 | P29: =Субсидии!D30 -> 0 | Q29: =Субсидии!E30 -> 0 | R29: =Субсидии!F30 -> 0 | T29: ='Субвенции '!B32 -> 0 | U29: ='Субвенции '!C32 -> 0 | V29: ='Субвенции '!D32 -> 0 | W29: ='Субвенции '!E32 -> 0 | X29: ='Субвенции '!F32 -> 0
A30: Даниловское МО | B30: =H30+N30+T30+Z30 -> 8145.6 | C30: =I30+O30+U30+AA30 -> 9648.3 | D30: =J30+P30+V30+AB30 -> 9648.3 | E30: =K30+Q30+W30+AC30 -> 0 | F30: =L30+R30+X30+AD30 -> 9648.3 | G30: =F30/C30*100 -> 100 | N30: =Субсидии!B31 -> 7734 | O30: =Субсидии!C31 -> 9234 | P30: =Субсидии!D31 -> 9234 | Q30: =Субсидии!E31 -> 0 | R30: =Субсидии!F31 -> 9234 | S30: =R30/O30*100 -> 100 | T30: ='Субвенции '!B33 -> 411.6 | U30: ='Субвенции '!C33 -> 414.3 | V30: ='Субвенции '!D33 -> 414.3 | W30: ='Субвенции '!E33 -> 0 | X30: ='Субвенции '!F33 -> 414.3 | Y30: =X30/U30*100 -> 100 | Z30: =Иные!B23 -> 0 | AA30: =Иные!C23 -> 0 | AB30: =Иные!D23 -> 0 | AC30: =Иные!E23 -> 0 | AD30: =Иные!F23 -> 0
A31: Ершовское МО | B31: =H31+N31+T31+Z31 -> 5228.6 | C31: =I31+O31+U31+AA31 -> 6229.7 | D31: =J31+P31+V31+AB31 -> 6229.7 | E31: =K31+Q31+W31+AC31 -> 0 | F31: =L31+R31+X31+AD31 -> 6229.7 | G31: =F31/C31*100 -> 100 | N31: =Субсидии!B32 -> 5064 | O31: =Субсидии!C32 -> 6064 | P31: =Субсидии!D32 -> 6064 | Q31: =Субсидии!E32 -> 0 | R31: =Субсидии!F32 -> 6064 | S31: =R31/O31*100 -> 100 | T31: ='Субвенции '!B34 -> 164.6 | U31: ='Субвенции '!C34 -> 165.7 | V31: ='Субвенции '!D34 -> 165.7 | W31: ='Субвенции '!E34 -> 0 | X31: ='Субвенции '!F34 -> 165.7 | Y31: =X31/U31*100 -> 100
A32: Кочетовское МО | B32: =H32+N32+T32+Z32 -> 5853.6 | C32: =I32+O32+U32+AA32 -> 5856.3 | D32: =J32+P32+V32+AB32 -> 5856.3 | E32: =K32+Q32+W32+AC32 -> 0 | F32: =L32+R32+X32+AD32 -> 5856.3 | G32: =F32/C32*100 -> 100 | N32: =Субсидии!B33 -> 5442 | O32: =Субсидии!C33 -> 5442 | P32: =Субсидии!D33 -> 5442 | Q32: =Субсидии!E33 -> 0 | R32: =Субсидии!F33 -> 5442 | S32: =R32/O32*100 -> 100 | T32: ='Субвенции '!B35 -> 411.6 | U32: ='Субвенции '!C35 -> 414.3 | V32: ='Субвенции '!D35 -> 414.3 | W32: ='Субвенции '!E35 -> 0 | X32: ='Субвенции '!F35 -> 414.3 | Y32: =X32/U32*100 -> 100
A33: Лопуховское МО | B33: =H33+N33+T33+Z33 -> 6086.6 | C33: =I33+O33+U33+AA33 -> 7587.7 | D33: =J33+P33+V33+AB33 -> 7587.7 | E33: =K33+Q33+W33+AC33 -> 0 | F33: =L33+R33+X33+AD33 -> 7587.7 | G33: =F33/C33*100 -> 100 | N33: =Субсидии!B34 -> 5922 | O33: =Субсидии!C34 -> 7422 | P33: =Субсидии!D34 -> 7422 | Q33: =Субсидии!E34 -> 0 | R33: =Субсидии!F34 -> 7422 | S33: =R33/O33*100 -> 100 | T33: ='Субвенции '!B36 -> 164.6 | U33: ='Субвенции '!C36 -> 165.7 | V33: ='Субвенции '!D36 -> 165.7 | W33: ='Субвенции '!E36 -> 0 | X33: ='Субвенции '!F36 -> 165.7 | Y33: =X33/U33*100 -> 100
A34: Озерное МО | B34: =H34+N34+T34+Z34 -> 6362.6 | C34: =I34+O34+U34+AA34 -> 6363.7 | D34: =J34+P34+V34+AB34 -> 6363.7 | E34: =K34+Q34+W34+AC34 -> 0 | F34: =L34+R34+X34+AD34 -> 6363.7 | G34: =F34/C34*100 -> 100 | N34: =Субсидии!B35 -> 6198 | O34: =Субсидии!C35 -> 6198 | P34: =Субсидии!D35 -> 6198 | Q34: =Субсидии!E35 -> 0 | R34: =Субсидии!F35 -> 6198 | S34: =R34/O34*100 -> 100 | T34: ='Субвенции '!B37 -> 164.6 | U34: ='Субвенции '!C37 -> 165.7 | V34: ='Субвенции '!D37 -> 165.7 | W34: ='Субвенции '!E37 -> 0 | X34: ='Субвенции '!F37 -> 165.7 | Y34: =X34/U34*100 -> 100
A35: Песчанское МО | B35: =H35+N35+T35+Z35 -> 0 | C35: =I35+O35+U35+AA35 -> 0 | D35: =J35+P35+V35+AB35 -> 0 | E35: =K35+Q35+W35+AC35 -> 0 | F35: =L35+R35+X35+AD35 -> 0 | N35: =Субсидии!B36 -> 0 | O35: =Субсидии!C36 -> 0 | P35: =Субсидии!D36 -> 0 | Q35: =Субсидии!E36 -> 0 | R35: =Субсидии!F36 -> 0 | T35: ='Субвенции '!B38 -> 0 | U35: ='Субвенции '!C38 -> 0 | V35: ='Субвенции '!D38 -> 0 | W35: ='Субвенции '!E38 -> 0 | X35: ='Субвенции '!F38 -> 0
A36: Петровское МО | B36: =H36+N36+T36+Z36 -> 0 | C36: =I36+O36+U36+AA36 -> 0 | D36: =J36+P36+V36+AB36 -> 0 | E36: =K36+Q36+W36+AC36 -> 0 | F36: =L36+R36+X36+AD36 -> 0 | N36: =Субсидии!B37 -> 0 | O36: =Субсидии!C37 -> 0 | P36: =Субсидии!D37 -> 0 | Q36: =Субсидии!E37 -> 0 | R36: =Субсидии!F37 -> 0 | T36: ='Субвенции '!B39 -> 0 | U36: ='Субвенции '!C39 -> 0 | V36: ='Субвенции '!D39 -> 0 | W36: ='Субвенции '!E39 -> 0 | X36: ='Субвенции '!F39 -> 0
A37: Тургеневское МО | B37: =H37+N37+T37+Z37 -> 0 | C37: =I37+O37+U37+AA37 -> 0 | D37: =J37+P37+V37+AB37 -> 0 | E37: =K37+Q37+W37+AC37 -> 0 | F37: =L37+R37+X37+AD37 -> 0 | N37: =Субсидии!B38 -> 0 | O37: =Субсидии!C38 -> 0 | P37: =Субсидии!D38 -> 0 | Q37: =Субсидии!E38 -> 0 | R37: =Субсидии!F38 -> 0 | T37: ='Субвенции '!B40 -> 0 | U37: ='Субвенции '!C40 -> 0 | V37: ='Субвенции '!D40 -> 0 | W37: ='Субвенции '!E40 -> 0 | X37: ='Субвенции '!F40 -> 0
A38: Языковское МО | B38: =H38+N38+T38+Z38 -> 0 | C38: =I38+O38+U38+AA38 -> 0 | D38: =J38+P38+V38+AB38 -> 0 | E38: =K38+Q38+W38+AC38 -> 0 | F38: =L38+R38+X38+AD38 -> 0 | N38: =Субсидии!B39 -> 0 | O38: =Субсидии!C39 -> 0 | P38: =Субсидии!D39 -> 0 | Q38: =Субсидии!E39 -> 0 | R38: =Субсидии!F39 -> 0 | T38: ='Субвенции '!B41 -> 0 | U38: ='Субвенции '!C41 -> 0 | V38: ='Субвенции '!D41 -> 0 | W38: ='Субвенции '!E41 -> 0 | X38: ='Субвенции '!F41 -> 0
A39: Базарно-Карабулакский район (консолидированный) | B39: =H39+N39+T39+Z39 -> 677401.13 | C39: =I39+O39+U39+AA39 -> 780760.06 | D39: =J39+P39+V39+AB39 -> 762196.81 | E39: =K39+Q39+W39+AC39 -> 18563.246 | F39: =L39+R39+X39+AD39 -> 777997.08 | G39: =F39/C39*100 -> 99.646116 | H39: =SUM(H40:H53) -> 144799.7 | I39: =SUM(I40:I53) -> 165047.3 | J39: =SUM(J40:J53) -> 165047.3 | K39: =SUM(K40:K53) -> 0 | L39: =SUM(L40:L53) -> 165047.3 | M39: =L39/I39*100 -> 100 | N39: =SUM(N40:N53) -> 88608.043 | O39: =SUM(O40:O53) -> 95918.212 | P39: =SUM(P40:P53) -> 95918.212 | Q39: =SUM(Q40:Q53) -> 0 | R39: =SUM(R40:R53) -> 95656.757 | S39: =R39/O39*100 -> 99.727419 | T39: =SUM(T40:T53) -> 428350.8 | U39: =SUM(U40:U53) -> 408041.65 | V39: =SUM(V40:V53) -> 408041.65 | W39: =SUM(W40:W53) -> 0 | X39: =SUM(X40:X53) -> 405849.92 | Y39: =X39/U39*100 -> 99.462865 | Z39: =SUM(Z40:Z53) -> 15642.584 | AA39: =SUM(AA40:AA53) -> 111752.9 | AB39: =SUM(AB40:AB53) -> 93189.65 | AC39: =SUM(AC40:AC53) -> 18563.246 | AD39: =SUM(AD40:AD53) -> 111443.1 | AE39: =AD39/AA39*100 -> 99.722785
A40: Базарно-Карабулакский район (собственный) | B40: =H40+N40+T40+Z40 -> 630332.37 | C40: =I40+O40+U40+AA40 -> 711573.17 | D40: =J40+P40+V40+AB40 -> 710811.1 | E40: =K40+Q40+W40+AC40 -> 762.07 | F40: =L40+R40+X40+AD40 -> 709071.64 | G40: =F40/C40*100 -> 99.648451 | H40: =Дотации!B21 -> 144799.7 | I40: =Дотации!C21 -> 165047.3 | J40: =Дотации!D21 -> 165047.3 | K40: =Дотации!E21 -> 0 | L40: =Дотации!F21 -> 165047.3 | M40: =L40/I40*100 -> 100 | N40: =Субсидии!B41 -> 44508.684 | O40: =Субсидии!C41 -> 47518.193 | P40: =Субсидии!D41 -> 47518.193 | Q40: =Субсидии!E41 -> 0 | R40: =Субсидии!F41 -> 47518.193 | S40: =R40/O40*100 -> 100 | T40: ='Субвенции '!B43 -> 425881.4 | U40: ='Субвенции '!C43 -> 405555.95 | V40: ='Субвенции '!D43 -> 405555.95 | W40: ='Субвенции '!E43 -> 0 | X40: ='Субвенции '!F43 -> 403364.22 | Y40: =X40/U40*100 -> 99.459573 | Z40: =Иные!B25 -> 15142.584 | AA40: =Иные!C25 -> 93451.72 | AB40: =Иные!D25 -> 92689.65 | AC40: =Иные!E25 -> 762.07 | AD40: =Иные!F25 -> 93141.924 | AE40: =AD40/AA40*100 -> 99.668496
A41: Алексеевское МО | B41: =H41+N41+T41+Z41 -> 7662.6 | C41: =I41+O41+U41+AA41 -> 7665.3 | D41: =J41+P41+V41+AB41 -> 7665.3 | E41: =K41+Q41+W41+AC41 -> 0 | F41: =L41+R41+X41+AD41 -> 7665.3 | G41: =F41/C41*100 -> 100 | N41: =Субсидии!B42 -> 7251 | O41: =Субсидии!C42 -> 7251 | P41: =Субсидии!D42 -> 7251 | Q41: =Субсидии!E42 -> 0 | R41: =Субсидии!F42 -> 7251 | S41: =R41/O41*100 -> 100 | T41: ='Субвенции '!B44 -> 411.6 | U41: ='Субвенции '!C44 -> 414.3 | V41: ='Субвенции '!D44 -> 414.3 | W41: ='Субвенции '!E44 -> 0 | X41: ='Субвенции '!F44 -> 414.3 | Y41: =X41/U41*100 -> 100 | AA41: =Иные!C26 -> 0 | AB41: =Иные!D26 -> 0 | AC41: =Иные!E26 -> 0 | AD41: =Иные!F26 -> 0
A42: Базарно-Карабулакское МО | B42: =H42+N42+T42+Z42 -> 8500 | C42: =I42+O42+U42+AA42 -> 18862.377 | D42: =J42+P42+V42+AB42 -> 8500 | E42: =K42+Q42+W42+AC42 -> 10362.377 | F42: =L42+R42+X42+AD42 -> 18862.377 | G42: =F42/C42*100 -> 100 | N42: =Субсидии!B43 -> 8500 | O42: =Субсидии!C43 -> 8500 | P42: =Субсидии!D43 -> 8500 | Q42: =Субсидии!E43 -> 0 | R42: =Субсидии!F43 -> 8500 | S42: =R42/O42*100 -> 100 | Z42: =Иные!B27 -> 0 | AA42: =Иные!C27 -> 10362.377 | AB42: =Иные!D27 -> 0 | AC42: =Иные!E27 -> 10362.377 | AD42: =Иные!F27 -> 10362.377 | AE42: =AD42/AA42*100 -> 100
A43: Большечечуйское МО | B43: =H43+N43+T43+Z43 -> 2656.6 | C43: =I43+O43+U43+AA43 -> 3968.1569 | D43: =J43+P43+V43+AB43 -> 3968.1569 | E43: =K43+Q43+W43+AC43 -> 0 | F43: =L43+R43+X43+AD43 -> 3968.1169 | G43: =F43/C43*100 -> 99.998992 | N43: =Субсидии!B44 -> 1992 | O43: =Субсидии!C44 -> 3302.4569 | P43: =Субсидии!D44 -> 3302.4569 | Q43: =Субсидии!E44 -> 0 | R43: =Субсидии!F44 -> 3302.4169 | S43: =R43/O43*100 -> 99.998789 | T43: ='Субвенции '!B45 -> 164.6 | U43: ='Субвенции '!C45 -> 165.7 | V43: ='Субвенции '!D45 -> 165.7 | W43: ='Субвенции '!E45 -> 0 | X43: ='Субвенции '!F45 -> 165.7 | Y43: =X43/U43*100 -> 100 | Z43: =Иные!B28 -> 500 | AA43: =Иные!C28 -> 500 | AB43: =Иные!D28 -> 500 | AC43: =Иные!E28 -> 0 | AD43: =Иные!F28 -> 500 | AE43: =AD43/AA43*100 -> 100
A44: Вязовское МО | B44: =H44+N44+T44+Z44 -> 0 | C44: =I44+O44+U44+AA44 -> 0 | D44: =J44+P44+V44+AB44 -> 0 | E44: =K44+Q44+W44+AC44 -> 0 | F44: =L44+R44+X44+AD44 -> 0 | T44: ='Субвенции '!B46 -> 0 | U44: ='Субвенции '!C46 -> 0 | V44: ='Субвенции '!D46 -> 0 | W44: ='Субвенции '!E46 -> 0 | X44: ='Субвенции '!F46 -> 0
A45: Липовское МО | B45: =H45+N45+T45+Z45 -> 6051.6 | C45: =I45+O45+U45+AA45 -> 6054.3 | D45: =J45+P45+V45+AB45 -> 6054.3 | E45: =K45+Q45+W45+AC45 -> 0 | F45: =L45+R45+X45+AD45 -> 6054.3 | G45: =F45/C45*100 -> 100 | N45: =Субсидии!B45 -> 5640 | O45: =Субсидии!C45 -> 5640 | P45: =Субсидии!D45 -> 5640 | Q45: =Субсидии!E45 -> 0 | R45: =Субсидии!F45 -> 5640 | S45: =R45/O45*100 -> 100 | T45: ='Субвенции '!B47 -> 411.6 | U45: ='Субвенции '!C47 -> 414.3 | V45: ='Субвенции '!D47 -> 414.3 | W45: ='Субвенции '!E47 -> 0 | X45: ='Субвенции '!F47 -> 414.3 | Y45: =X45/U45*100 -> 100 | Z45: =Иные!B29 -> 0 | AA45: =Иные!C29 -> 0 | AB45: =Иные!D29 -> 0 | AC45: =Иные!E29 -> 0 | AD45: =Иные!F29 -> 0
A46: Максимовское МО | B46: =H46+N46+T46+Z46 -> 5442.6 | C46: =I46+O46+U46+AA46 -> 6936.5025 | D46: =J46+P46+V46+AB46 -> 6936.5025 | E46: =K46+Q46+W46+AC46 -> 0 | F46: =L46+R46+X46+AD46 -> 6675.0877 | G46: =F46/C46*100 -> 96.231317 | N46: =Субсидии!B46 -> 5031 | O46: =Субсидии!C46 -> 6522.2025 | P46: =Субсидии!D46 -> 6522.2025 | Q46: =Субсидии!E46 -> 0 | R46: =Субсидии!F46 -> 6260.7877 | S46: =R46/O46*100 -> 95.991925 | T46: ='Субвенции '!B48 -> 411.6 | U46: ='Субвенции '!C48 -> 414.3 | V46: ='Субвенции '!D48 -> 414.3 | W46: ='Субвенции '!E48 -> 0 | X46: ='Субвенции '!F48 -> 414.3 | Y46: =X46/U46*100 -> 100
A47: Свободинское МО | B47: =H47+N47+T47+Z47 -> 411.6 | C47: =I47+O47+U47+AA47 -> 414.3 | D47: =J47+P47+V47+AB47 -> 414.3 | E47: =K47+Q47+W47+AC47 -> 0 | F47: =L47+R47+X47+AD47 -> 414.3 | G47: =F47/C47*100 -> 100 | N47: =Субсидии!B47 -> 0 | O47: =Субсидии!C47 -> 0 | P47: =Субсидии!D47 -> 0 | Q47: =Субсидии!E47 -> 0 | R47: =Субсидии!F47 -> 0 | T47: ='Субвенции '!B49 -> 411.6 | U47: ='Субвенции '!C49 -> 414.3 | V47: ='Субвенции '!D49 -> 414.3 | W47: ='Субвенции '!E49 -> 0 | X47: ='Субвенции '!F49 -> 414.3 | Y47: =X47/U47*100 -> 100 | Z47: =Иные!B30 -> 0 | AA47: =Иные!C30 -> 0 | AB47: =Иные!D30 -> 0 | AC47: =Иные!E30 -> 0 | AD47: =Иные!F30 -> 0
A48: Старобурасское МО | B48: =H48+N48+T48+Z48 -> 2615.6 | C48: =I48+O48+U48+AA48 -> 4336.8286 | D48: =J48+P48+V48+AB48 -> 2616.7 | E48: =K48+Q48+W48+AC48 -> 1720.1286 | F48: =L48+R48+X48+AD48 -> 4336.8286 | G48: =F48/C48*100 -> 100 | N48: =Субсидии!B48 -> 2451 | O48: =Субсидии!C48 -> 2451 | P48: =Субсидии!D48 -> 2451 | Q48: =Субсидии!E48 -> 0 | R48: =Субсидии!F48 -> 2451 | S48: =R48/O48*100 -> 100 | T48: ='Субвенции '!B50 -> 164.6 | U48: ='Субвенции '!C50 -> 165.7 | V48: ='Субвенции '!D50 -> 165.7 | W48: ='Субвенции '!E50 -> 0 | X48: ='Субвенции '!F50 -> 165.7 | Y48: =X48/U48*100 -> 100 | AA48: =Иные!C31 -> 1720.1286 | AB48: =Иные!D31 -> 0 | AC48: =Иные!E31 -> 1720.1286 | AD48: =Иные!F31 -> 1720.1286 | AE48: =AD48/AA48*100 -> 100
A49: Старожуковское МО | B49: =H49+N49+T49+Z49 -> 5940.9596 | C49: =I49+O49+U49+AA49 -> 5942.0595 | D49: =J49+P49+V49+AB49 -> 5942.0595 | E49: =K49+Q49+W49+AC49 -> 0 | F49: =L49+R49+X49+AD49 -> 5942.0595 | G49: =F49/C49*100 -> 100 | N49: =Субсидии!B49 -> 5776.3596 | O49: =Субсидии!C49 -> 5776.3596 | P49: =Субсидии!D49 -> 5776.3596 | Q49: =Субсидии!E49 -> 0 | R49: =Субсидии!F49 -> 5776.3596 | S49: =R49/O49*100 -> 100 | T49: ='Субвенции '!B51 -> 164.6 | U49: ='Субвенции '!C51 -> 165.7 | V49: ='Субвенции '!D51 -> 165.7 | W49: ='Субвенции '!E51 -> 0 | X49: ='Субвенции '!F51 -> 165.7 | Y49: =X49/U49*100 -> 100 | AB49: =Иные!D32 -> 0
A50: Тепляковское МО | B50: =H50+N50+T50+Z50 -> 0 | C50: =I50+O50+U50+AA50 -> 0 | D50: =J50+P50+V50+AB50 -> 0 | E50: =K50+Q50+W50+AC50 -> 0 | F50: =L50+R50+X50+AD50 -> 0 | T50: ='Субвенции '!B52 -> 0 | U50: ='Субвенции '!C52 -> 0 | V50: ='Субвенции '!D52 -> 0 | W50: ='Субвенции '!E52 -> 0 | X50: ='Субвенции '!F52 -> 0
A51: Хватовское МО | B51: =H51+N51+T51+Z51 -> 0 | C51: =I51+O51+U51+AA51 -> 0 | D51: =J51+P51+V51+AB51 -> 0 | E51: =K51+Q51+W51+AC51 -> 0 | F51: =L51+R51+X51+AD51 -> 0 | T51: ='Субвенции '!B53 -> 0 | U51: ='Субвенции '!C53 -> 0 | V51: ='Субвенции '!D53 -> 0 | W51: ='Субвенции '!E53 -> 0 | X51: ='Субвенции '!F53 -> 0
A52: Шняевское МО | B52: =H52+N52+T52+Z52 -> 2066.6 | C52: =I52+O52+U52+AA52 -> 2067.7 | D52: =J52+P52+V52+AB52 -> 2067.7 | E52: =K52+Q52+W52+AC52 -> 0 | F52: =L52+R52+X52+AD52 -> 2067.7 | G52: =F52/C52*100 -> 100 | N52: =Субсидии!B50 -> 1902 | O52: =Субсидии!C50 -> 1902 | P52: =Субсидии!D50 -> 1902 | Q52: =Субсидии!E50 -> 0 | R52: =Субсидии!F50 -> 1902 | S52: =R52/O52*100 -> 100 | T52: ='Субвенции '!B54 -> 164.6 | U52: ='Субвенции '!C54 -> 165.7 | V52: ='Субвенции '!D54 -> 165.7 | W52: ='Субвенции '!E54 -> 0 | X52: ='Субвенции '!F54 -> 165.7 | Y52: =X52/U52*100 -> 100
A53: Яковлевское МО | B53: =H53+N53+T53+Z53 -> 5720.6 | C53: =I53+O53+U53+AA53 -> 12939.37 | D53: =J53+P53+V53+AB53 -> 7220.7 | E53: =K53+Q53+W53+AC53 -> 5718.6705 | F53: =L53+R53+X53+AD53 -> 12939.37 | G53: =F53/C53*100 -> 100 | N53: =Субсидии!B51 -> 5556 | O53: =Субсидии!C51 -> 7055 | P53: =Субсидии!D51 -> 7055 | Q53: =Субсидии!E51 -> 0 | R53: =Субсидии!F51 -> 7055 | S53: =R53/O53*100 -> 100 | T53: ='Субвенции '!B55 -> 164.6 | U53: ='Субвенции '!C55 -> 165.7 | V53: ='Субвенции '!D55 -> 165.7 | W53: ='Субвенции '!E55 -> 0 | X53: ='Субвенции '!F55 -> 165.7 | Y53: =X53/U53*100 -> 100 | AA53: =Иные!C32 -> 5718.6705 | AB53: =Иные!D32 -> 0 | AC53: =Иные!E32 -> 5718.6705 | AD53: =Иные!F32 -> 5718.6705 | AE53: =AD53/AA53*100 -> 100
A54: Балаковский район (консолидированный) | B54: =H54+N54+T54+Z54 -> 3003176.4 | C54: =I54+O54+U54+AA54 -> 3803104.2 | D54: =J54+P54+V54+AB54 -> 3791293 | E54: =K54+Q54+W54+AC54 -> 11811.228 | F54: =L54+R54+X54+AD54 -> 3771069.7 | G54: =F54/C54*100 -> 99.157673 | H54: =SUM(H55:H58) -> 0 | I54: =SUM(I55:I58) -> 0 | J54: =SUM(J55:J58) -> 0 | K54: =SUM(K55:K58) -> 0 | L54: =SUM(L55:L58) -> 0 | N54: =SUM(N55:N58) -> 563692.68 | O54: =SUM(O55:O58) -> 798068.41 | P54: =SUM(P55:P58) -> 798068.41 | Q54: =SUM(Q55:Q58) -> 0 | R54: =SUM(R55:R58) -> 788650.69 | S54: =R54/O54*100 -> 98.819936 | T54: =SUM(T55:T58) -> 2316645.7 | U54: =SUM(U55:U58) -> 2213826.2 | V54: =SUM(V55:V58) -> 2213826.2 | W54: =SUM(W55:W58) -> 0 | X54: =SUM(X55:X58) -> 2198661.5 | Y54: =X54/U54*100 -> 99.315003 | Z54: =SUM(Z55:Z58) -> 122838.03 | AA54: =SUM(AA55:AA58) -> 791209.65 | AB54: =SUM(AB55:AB58) -> 779398.42 | AC54: =SUM(AC55:AC58) -> 11811.228 | AD54: =SUM(AD55:AD58) -> 783757.43 | AE54: =AD54/AA54*100 -> 99.058124
A55: Балаковский район (собственный) | B55: =H55+N55+T55+Z55 -> 2665373 | C55: =I55+O55+U55+AA55 -> 2657219.3 | D55: =J55+P55+V55+AB55 -> 2647018.1 | E55: =K55+Q55+W55+AC55 -> 10201.228 | F55: =L55+R55+X55+AD55 -> 2631040.1 | G55: =F55/C55*100 -> 99.014789 | H55: =Дотации!B23 -> 0 | I55: =Дотации!C23 -> 0 | J55: =Дотации!D23 -> 0 | K55: =Дотации!E23 -> 0 | L55: =Дотации!F23 -> 0 | N55: =Субсидии!B53 -> 272004.05 | O55: =Субсидии!C53 -> 300778.46 | P55: =Субсидии!D53 -> 300778.46 | Q55: =Субсидии!E53 -> 0 | R55: =Субсидии!F53 -> 291360.74 | S55: =R55/O55*100 -> 96.868885 | T55: ='Субвенции '!B57 -> 2315411 | U55: ='Субвенции '!C57 -> 2212582.9 | V55: ='Субвенции '!D57 -> 2212582.9 | W55: ='Субвенции '!E57 -> 0 | X55: ='Субвенции '!F57 -> 2197418.2 | Y55: =X55/U55*100 -> 99.314618 | Z55: =Иные!B34 -> 77957.928 | AA55: =Иные!C34 -> 143857.99 | AB55: =Иные!D34 -> 133656.76 | AC55: =Иные!E34 -> 10201.228 | AD55: =Иные!F34 -> 142261.14 | AE55: =AD55/AA55*100 -> 98.889979
A56: город Балаково | B56: =H56+N56+T56+Z56 -> 86621.881 | C56: =I56+O56+U56+AA56 -> 899339.07 | D56: =J56+P56+V56+AB56 -> 898329.07 | E56: =K56+Q56+W56+AC56 -> 1010 | F56: =L56+R56+X56+AD56 -> 898951.58 | G56: =F56/C56*100 -> 99.956914 | N56: =Субсидии!B54 -> 58305.281 | O56: =Субсидии!C54 -> 258305.28 | P56: =Субсидии!D54 -> 258305.28 | Q56: =Субсидии!E54 -> 0 | R56: =Субсидии!F54 -> 258305.28 | S56: =R56/O56*100 -> 100 | Z56: =Иные!B35 -> 28316.6 | AA56: =Иные!C35 -> 641033.79 | AB56: =Иные!D35 -> 640023.79 | AC56: =Иные!E35 -> 1010 | AD56: =Иные!F35 -> 640646.3 | AE56: =AD56/AA56*100 -> 99.939552
A57: Быково-Отрогское МО | B57: =H57+N57+T57+Z57 -> 52231.6 | C57: =I57+O57+U57+AA57 -> 44287.01 | D57: =J57+P57+V57+AB57 -> 43687.01 | E57: =K57+Q57+W57+AC57 -> 600 | F57: =L57+R57+X57+AD57 -> 38819.141 | G57: =F57/C57*100 -> 87.653561 | N57: =Субсидии!B56 -> 34845 | O57: =Субсидии!C56 -> 37390.141 | P57: =Субсидии!D56 -> 37390.141 | Q57: =Субсидии!E56 -> 0 | R57: =Субсидии!F56 -> 37390.141 | S57: =R57/O57*100 -> 100 | T57: ='Субвенции '!B58 -> 823.1 | U57: ='Субвенции '!C58 -> 829 | V57: ='Субвенции '!D58 -> 829 | W57: ='Субвенции '!E58 -> 0 | X57: ='Субвенции '!F58 -> 829 | Y57: =X57/U57*100 -> 100 | Z57: =Иные!B37 -> 16563.5 | AA57: =Иные!C37 -> 6067.8687 | AB57: =Иные!D37 -> 5467.8687 | AC57: =Иные!E37 -> 600 | AD57: =Иные!F37 -> 600 | AE57: =AD57/AA57*100 -> 9.8881507
A58: Натальинское МО | B58: =H58+N58+T58+Z58 -> 198949.95 | C58: =I58+O58+U58+AA58 -> 202258.83 | D58: =J58+P58+V58+AB58 -> 202258.83 | E58: =K58+Q58+W58+AC58 -> 0 | F58: =L58+R58+X58+AD58 -> 202258.83 | G58: =F58/C58*100 -> 100 | N58: =Субсидии!B55 -> 198538.35 | O58: =Субсидии!C55 -> 201594.53 | P58: =Субсидии!D55 -> 201594.53 | Q58: =Субсидии!E55 -> 0 | R58: =Субсидии!F55 -> 201594.53 | S58: =R58/O58*100 -> 100 | T58: ='Субвенции '!B59 -> 411.6 | U58: ='Субвенции '!C59 -> 414.3 | V58: ='Субвенции '!D59 -> 414.3 | W58: ='Субвенции '!E59 -> 0 | X58: ='Субвенции '!F59 -> 414.3 | Y58: =X58/U58*100 -> 100 | Z58: =Иные!B36 -> 0 | AA58: =Иные!C36 -> 250 | AB58: =Иные!D36 -> 250 | AC58: =Иные!E36 -> 0 | AD58: =Иные!F36 -> 250
A59: Балашовский район (консолидированный) | B59: =H59+N59+T59+Z59 -> 2090344.9 | C59: =I59+O59+U59+AA59 -> 2497413.4 | D59: =J59+P59+V59+AB59 -> 2492724.9 | E59: =K59+Q59+W59+AC59 -> 4688.4421 | F59: =L59+R59+X59+AD59 -> 2495432 | G59: =F59/C59*100 -> 99.920661 | H59: =SUM(H60:H76) -> 316482.9 | I59: =SUM(I60:I76) -> 326482.9 | J59: =SUM(J60:J76) -> 326482.9 | K59: =SUM(K60:K76) -> 0 | L59: =SUM(L60:L76) -> 326482.9 | M59: =L59/I59*100 -> 100 | N59: =SUM(N60:N76) -> 456130.75 | O59: =SUM(O60:O76) -> 493764.6 | P59: =SUM(P60:P76) -> 493764.6 | Q59: =SUM(Q60:Q76) -> 0 | R59: =SUM(R60:R76) -> 493764.6 | S59: =R59/O59*100 -> 100 | T59: =SUM(T60:T76) -> 1258747.7 | U59: =SUM(U60:U76) -> 1263861.4 | V59: =SUM(V60:V76) -> 1263861.4 | W59: =SUM(W60:W76) -> 0 | X59: =SUM(X60:X76) -> 1261880 | Y59: =X59/U59*100 -> 99.843224 | Z59: =SUM(Z60:Z76) -> 58983.58 | AA59: =SUM(AA60:AA76) -> 413304.46 | AB59: =SUM(AB60:AB76) -> 408616.02 | AC59: =SUM(AC60:AC76) -> 4688.4421 | AD59: =SUM(AD60:AD76) -> 413304.46 | AE59: =AD59/AA59*100 -> 100
A60: Балашовский район (собственный) | B60: =H60+N60+T60+Z60 -> 1867972.7 | C60: =I60+O60+U60+AA60 -> 1944443.5 | D60: =J60+P60+V60+AB60 -> 1943506.5 | E60: =K60+Q60+W60+AC60 -> 937 | F60: =L60+R60+X60+AD60 -> 1942462.1 | G60: =F60/C60*100 -> 99.898098 | H60: =Дотации!B26 -> 316482.9 | I60: =Дотации!C26 -> 316482.9 | J60: =Дотации!D26 -> 316482.9 | K60: =Дотации!E26 -> 0 | L60: =Дотации!F26 -> 316482.9 | M60: =L60/I60*100 -> 100 | N60: =Субсидии!B58 -> 247462.52 | O60: =Субсидии!C58 -> 278375.47 | P60: =Субсидии!D58 -> 278375.47 | Q60: =Субсидии!E58 -> 0 | R60: =Субсидии!F58 -> 278375.47 | S60: =R60/O60*100 -> 100 | T60: ='Субвенции '!B61 -> 1255043.7 | U60: ='Субвенции '!C61 -> 1260132.9 | V60: ='Субвенции '!D61 -> 1260132.9 | W60: ='Субвенции '!E61 -> 0 | X60: ='Субвенции '!F61 -> 1258151.5 | Y60: =X60/U60*100 -> 99.84276 | Z60: =Иные!B39 -> 48983.58 | AA60: =Иные!C39 -> 89452.2 | AB60: =Иные!D39 -> 88515.2 | AC60: =Иные!E39 -> 937 | AD60: =Иные!F39 -> 89452.2 | AE60: =AD60/AA60*100 -> 100
A61: город Балашов | B61: =H61+N61+T61+Z61 -> 147847.23 | C61: =I61+O61+U61+AA61 -> 471698.05 | D61: =J61+P61+V61+AB61 -> 470948.05 | E61: =K61+Q61+W61+AC61 -> 750 | F61: =L61+R61+X61+AD61 -> 471698.05 | G61: =F61/C61*100 -> 100 | H61: =Дотации!B27 -> 0 | I61: =Дотации!C27 -> 10000 | J61: =Дотации!D27 -> 10000 | K61: =Дотации!E27 -> 0 | L61: =Дотации!F27 -> 10000 | M61: =L61/I61*100 -> 100 | N61: =Субсидии!B59 -> 137847.23 | O61: =Субсидии!C59 -> 140847.23 | P61: =Субсидии!D59 -> 140847.23 | Q61: =Субсидии!E59 -> 0 | R61: =Субсидии!F59 -> 140847.23 | S61: =R61/O61*100 -> 100 | Z61: =Иные!B40 -> 10000 | AA61: =Иные!C40 -> 320850.82 | AB61: =Иные!D40 -> 320100.82 | AC61: =Иные!E40 -> 750 | AD61: =Иные!F40 -> 320850.82 | AE61: =AD61/AA61*100 -> 100
A62: Барковское МО | B62: =H62+N62+T62+Z62 -> 5870.6 | C62: =I62+O62+U62+AA62 -> 5871.7 | D62: =J62+P62+V62+AB62 -> 5871.7 | E62: =K62+Q62+W62+AC62 -> 0 | F62: =L62+R62+X62+AD62 -> 5871.7 | G62: =F62/C62*100 -> 100 | N62: =Субсидии!B60 -> 5706 | O62: =Субсидии!C60 -> 5706 | P62: =Субсидии!D60 -> 5706 | Q62: =Субсидии!E60 -> 0 | R62: =Субсидии!F60 -> 5706 | S62: =R62/O62*100 -> 100 | T62: ='Субвенции '!B62 -> 164.6 | U62: ='Субвенции '!C62 -> 165.7 | V62: ='Субвенции '!D62 -> 165.7 | W62: ='Субвенции '!E62 -> 0 | X62: ='Субвенции '!F62 -> 165.7 | Y62: =X62/U62*100 -> 100
A63: Большемеликское МО | B63: =H63+N63+T63+Z63 -> 7344.6 | C63: =I63+O63+U63+AA63 -> 7347.3 | D63: =J63+P63+V63+AB63 -> 7347.3 | E63: =K63+Q63+W63+AC63 -> 0 | F63: =L63+R63+X63+AD63 -> 7347.3 | G63: =F63/C63*100 -> 100 | N63: =Субсидии!B61 -> 6933 | O63: =Субсидии!C61 -> 6933 | P63: =Субсидии!D61 -> 6933 | Q63: =Субсидии!E61 -> 0 | R63: =Субсидии!F61 -> 6933 | S63: =R63/O63*100 -> 100 | T63: ='Субвенции '!B63 -> 411.6 | U63: ='Субвенции '!C63 -> 414.3 | V63: ='Субвенции '!D63 -> 414.3 | W63: ='Субвенции '!E63 -> 0 | X63: ='Субвенции '!F63 -> 414.3 | Y63: =X63/U63*100 -> 100
A64: Лесновское МО | B64: =H64+N64+T64+Z64 -> 2531.6 | C64: =I64+O64+U64+AA64 -> 4357.2694 | D64: =J64+P64+V64+AB64 -> 4357.2694 | E64: =K64+Q64+W64+AC64 -> 0 | F64: =L64+R64+X64+AD64 -> 4357.2694 | G64: =F64/C64*100 -> 100 | N64: =Субсидии!B62 -> 2367 | O64: =Субсидии!C62 -> 4191.5694 | P64: =Субсидии!D62 -> 4191.5694 | Q64: =Субсидии!E62 -> 0 | R64: =Субсидии!F62 -> 4191.5694 | S64: =R64/O64*100 -> 100 | T64: ='Субвенции '!B64 -> 164.6 | U64: ='Субвенции '!C64 -> 165.7 | V64: ='Субвенции '!D64 -> 165.7 | W64: ='Субвенции '!E64 -> 0 | X64: ='Субвенции '!F64 -> 165.7 | Y64: =X64/U64*100 -> 100
A65: Малосеменовское МО | B65: =H65+N65+T65+Z65 -> 3095.6 | C65: =I65+O65+U65+AA65 -> 3096.7 | D65: =J65+P65+V65+AB65 -> 3096.7 | E65: =K65+Q65+W65+AC65 -> 0 | F65: =L65+R65+X65+AD65 -> 3096.7 | G65: =F65/C65*100 -> 100 | N65: =Субсидии!B63 -> 2931 | O65: =Субсидии!C63 -> 2931 | P65: =Субсидии!D63 -> 2931 | Q65: =Субсидии!E63 -> 0 | R65: =Субсидии!F63 -> 2931 | S65: =R65/O65*100 -> 100 | T65: ='Субвенции '!B65 -> 164.6 | U65: ='Субвенции '!C65 -> 165.7 | V65: ='Субвенции '!D65 -> 165.7 | W65: ='Субвенции '!E65 -> 0 | X65: ='Субвенции '!F65 -> 165.7 | Y65: =X65/U65*100 -> 100
A66: Новопокровское МО | B66: =H66+N66+T66+Z66 -> 3743.6 | C66: =I66+O66+U66+AA66 -> 3744.7 | D66: =J66+P66+V66+AB66 -> 3744.7 | E66: =K66+Q66+W66+AC66 -> 0 | F66: =L66+R66+X66+AD66 -> 3744.7 | G66: =F66/C66*100 -> 100 | N66: =Субсидии!B64 -> 3579 | O66: =Субсидии!C64 -> 3579 | P66: =Субсидии!D64 -> 3579 | Q66: =Субсидии!E64 -> 0 | R66: =Субсидии!F64 -> 3579 | S66: =R66/O66*100 -> 100 | T66: ='Субвенции '!B66 -> 164.6 | U66: ='Субвенции '!C66 -> 165.7 | V66: ='Субвенции '!D66 -> 165.7 | W66: ='Субвенции '!E66 -> 0 | X66: ='Субвенции '!F66 -> 165.7 | Y66: =X66/U66*100 -> 100
A67: Октябрьское МО | B67: =H67+N67+T67+Z67 -> 5078.6 | C67: =I67+O67+U67+AA67 -> 5776.111 | D67: =J67+P67+V67+AB67 -> 5776.111 | E67: =K67+Q67+W67+AC67 -> 0 | F67: =L67+R67+X67+AD67 -> 5776.111 | G67: =F67/C67*100 -> 100 | N67: =Субсидии!B65 -> 4914 | O67: =Субсидии!C65 -> 5610.411 | P67: =Субсидии!D65 -> 5610.411 | Q67: =Субсидии!E65 -> 0 | R67: =Субсидии!F65 -> 5610.411 | S67: =R67/O67*100 -> 100 | T67: ='Субвенции '!B67 -> 164.6 | U67: ='Субвенции '!C67 -> 165.7 | V67: ='Субвенции '!D67 -> 165.7 | W67: ='Субвенции '!E67 -> 0 | X67: ='Субвенции '!F67 -> 165.7 | Y67: =X67/U67*100 -> 100
A68: Пинеровское МО | B68: =H68+N68+T68+Z68 -> 411.6 | C68: =I68+O68+U68+AA68 -> 414.3 | D68: =J68+P68+V68+AB68 -> 414.3 | E68: =K68+Q68+W68+AC68 -> 0 | F68: =L68+R68+X68+AD68 -> 414.3 | G68: =F68/C68*100 -> 100 | N68: =Субсидии!B67 -> 0 | O68: =Субсидии!C67 -> 0 | P68: =Субсидии!D67 -> 0 | Q68: =Субсидии!E67 -> 0 | R68: =Субсидии!F67 -> 0 | T68: ='Субвенции '!B69 -> 411.6 | U68: ='Субвенции '!C69 -> 414.3 | V68: ='Субвенции '!D69 -> 414.3 | W68: ='Субвенции '!E69 -> 0 | X68: ='Субвенции '!F69 -> 414.3 | Y68: =X68/U68*100 -> 100 | Z68: =Иные!B42 -> 0 | AA68: =Иные!C42 -> 0 | AB68: =Иные!D42 -> 0 | AC68: =Иные!E42 -> 0 | AD68: =Иные!F42 -> 0
A69: Первомайское МО | B69: =H69+N69+T69+Z69 -> 3632.6 | C69: =I69+O69+U69+AA69 -> 3633.7 | D69: =J69+P69+V69+AB69 -> 3633.7 | E69: =K69+Q69+W69+AC69 -> 0 | F69: =L69+R69+X69+AD69 -> 3633.7 | G69: =F69/C69*100 -> 100 | N69: =Субсидии!B66 -> 3468 | O69: =Субсидии!C66 -> 3468 | P69: =Субсидии!D66 -> 3468 | Q69: =Субсидии!E66 -> 0 | R69: =Субсидии!F66 -> 3468 | S69: =R69/O69*100 -> 100 | T69: ='Субвенции '!B68 -> 164.6 | U69: ='Субвенции '!C68 -> 165.7 | V69: ='Субвенции '!D68 -> 165.7 | W69: ='Субвенции '!E68 -> 0 | X69: ='Субвенции '!F68 -> 165.7 | Y69: =X69/U69*100 -> 100
A70: Репинское МО | B70: =H70+N70+T70+Z70 -> 10461.6 | C70: =I70+O70+U70+AA70 -> 10464.3 | D70: =J70+P70+V70+AB70 -> 10464.3 | E70: =K70+Q70+W70+AC70 -> 0 | F70: =L70+R70+X70+AD70 -> 10464.3 | G70: =F70/C70*100 -> 100 | N70: =Субсидии!B68 -> 10050 | O70: =Субсидии!C68 -> 10050 | P70: =Субсидии!D68 -> 10050 | Q70: =Субсидии!E68 -> 0 | R70: =Субсидии!F68 -> 10050 | S70: =R70/O70*100 -> 100 | T70: ='Субвенции '!B70 -> 411.6 | U70: ='Субвенции '!C70 -> 414.3 | V70: ='Субвенции '!D70 -> 414.3 | W70: ='Субвенции '!E70 -> 0 | X70: ='Субвенции '!F70 -> 414.3 | Y70: =X70/U70*100 -> 100
A71: Родничковское МО | B71: =H71+N71+T71+Z71 -> 4823.6 | C71: =I71+O71+U71+AA71 -> 4924.7 | D71: =J71+P71+V71+AB71 -> 4924.7 | E71: =K71+Q71+W71+AC71 -> 0 | F71: =L71+R71+X71+AD71 -> 4924.7 | G71: =F71/C71*100 -> 100 | N71: =Субсидии!B69 -> 4659 | O71: =Субсидии!C69 -> 4759 | P71: =Субсидии!D69 -> 4759 | Q71: =Субсидии!E69 -> 0 | R71: =Субсидии!F69 -> 4759 | S71: =R71/O71*100 -> 100 | T71: ='Субвенции '!B71 -> 164.6 | U71: ='Субвенции '!C71 -> 165.7 | V71: ='Субвенции '!D71 -> 165.7 | W71: ='Субвенции '!E71 -> 0 | X71: ='Субвенции '!F71 -> 165.7 | Y71: =X71/U71*100 -> 100
A72: Соцземледельское МО | B72: =H72+N72+T72+Z72 -> 3452.6 | C72: =I72+O72+U72+AA72 -> 4408.7 | D72: =J72+P72+V72+AB72 -> 4408.7 | E72: =K72+Q72+W72+AC72 -> 0 | F72: =L72+R72+X72+AD72 -> 4408.7 | G72: =F72/C72*100 -> 100 | N72: =Субсидии!B70 -> 3288 | O72: =Субсидии!C70 -> 4243 | P72: =Субсидии!D70 -> 4243 | Q72: =Субсидии!E70 -> 0 | R72: =Субсидии!F70 -> 4243 | S72: =R72/O72*100 -> 100 | T72: ='Субвенции '!B72 -> 164.6 | U72: ='Субвенции '!C72 -> 165.7 | V72: ='Субвенции '!D72 -> 165.7 | W72: ='Субвенции '!E72 -> 0 | X72: ='Субвенции '!F72 -> 165.7 | Y72: =X72/U72*100 -> 100
A73: Старохоперское МО | B73: =H73+N73+T73+Z73 -> 2786.6 | C73: =I73+O73+U73+AA73 -> 2847.7 | D73: =J73+P73+V73+AB73 -> 2847.7 | E73: =K73+Q73+W73+AC73 -> 0 | F73: =L73+R73+X73+AD73 -> 2847.7 | G73: =F73/C73*100 -> 100 | N73: =Субсидии!B71 -> 2622 | O73: =Субсидии!C71 -> 2682 | P73: =Субсидии!D71 -> 2682 | Q73: =Субсидии!E71 -> 0 | R73: =Субсидии!F71 -> 2682 | S73: =R73/O73*100 -> 100 | T73: ='Субвенции '!B73 -> 164.6 | U73: ='Субвенции '!C73 -> 165.7 | V73: ='Субвенции '!D73 -> 165.7 | W73: ='Субвенции '!E73 -> 0 | X73: ='Субвенции '!F73 -> 165.7 | Y73: =X73/U73*100 -> 100
A74: Терновское МО | B74: =H74+N74+T74+Z74 -> 5885.6 | C74: =I74+O74+U74+AA74 -> 5886.7 | D74: =J74+P74+V74+AB74 -> 5886.7 | E74: =K74+Q74+W74+AC74 -> 0 | F74: =L74+R74+X74+AD74 -> 5886.7 | G74: =F74/C74*100 -> 100 | N74: =Субсидии!B72 -> 5721 | O74: =Субсидии!C72 -> 5721 | P74: =Субсидии!D72 -> 5721 | Q74: =Субсидии!E72 -> 0 | R74: =Субсидии!F72 -> 5721 | S74: =R74/O74*100 -> 100 | T74: ='Субвенции '!B74 -> 164.6 | U74: ='Субвенции '!C74 -> 165.7 | V74: ='Субвенции '!D74 -> 165.7 | W74: ='Субвенции '!E74 -> 0 | X74: ='Субвенции '!F74 -> 165.7 | Y74: =X74/U74*100 -> 100
A75: Тростянское МО | B75: =H75+N75+T75+Z75 -> 7443.6 | C75: =I75+O75+U75+AA75 -> 10447.742 | D75: =J75+P75+V75+AB75 -> 7446.3 | E75: =K75+Q75+W75+AC75 -> 3001.4421 | F75: =L75+R75+X75+AD75 -> 10447.742 | G75: =F75/C75*100 -> 100 | N75: =Субсидии!B73 -> 7032 | O75: =Субсидии!C73 -> 7032 | P75: =Субсидии!D73 -> 7032 | Q75: =Субсидии!E73 -> 0 | R75: =Субсидии!F73 -> 7032 | S75: =R75/O75*100 -> 100 | T75: ='Субвенции '!B75 -> 411.6 | U75: ='Субвенции '!C75 -> 414.3 | V75: ='Субвенции '!D75 -> 414.3 | W75: ='Субвенции '!E75 -> 0 | X75: ='Субвенции '!F75 -> 414.3 | Y75: =X75/U75*100 -> 100 | AA75: =Иные!C45 -> 3001.4421 | AC75: =Иные!E45 -> 3001.4421 | AD75: =Иные!F45 -> 3001.4421 | AE75: =AD75/AA75*100 -> 100
A76: Хоперское МО | B76: =H76+N76+T76+Z76 -> 7962.6 | C76: =I76+O76+U76+AA76 -> 8050.2213 | D76: =J76+P76+V76+AB76 -> 8050.2213 | E76: =K76+Q76+W76+AC76 -> 0 | F76: =L76+R76+X76+AD76 -> 8050.2213 | G76: =F76/C76*100 -> 100 | N76: =Субсидии!B74 -> 7551 | O76: =Субсидии!C74 -> 7635.9213 | P76: =Субсидии!D74 -> 7635.9213 | Q76: =Субсидии!E74 -> 0 | R76: =Субсидии!F74 -> 7635.9213 | S76: =R76/O76*100 -> 100 | T76: ='Субвенции '!B76 -> 411.6 | U76: ='Субвенции '!C76 -> 414.3 | V76: ='Субвенции '!D76 -> 414.3 | W76: ='Субвенции '!E76 -> 0 | X76: ='Субвенции '!F76 -> 414.3 | Y76: =X76/U76*100 -> 100
A77: Балтайский район (консолидированный) | B77: =H77+N77+T77+Z77 -> 351218.3 | C77: =I77+O77+U77+AA77 -> 463864.93 | D77: =J77+P77+V77+AB77 -> 457962.66 | E77: =K77+Q77+W77+AC77 -> 5902.2762 | F77: =L77+R77+X77+AD77 -> 462348.49 | G77: =F77/C77*100 -> 99.673086 | H77: =SUM(H78:H82) -> 80811.4 | I77: =SUM(I78:I82) -> 96442.5 | J77: =SUM(J78:J82) -> 96442.5 | K77: =SUM(K78:K82) -> 0 | L77: =SUM(L78:L82) -> 96442.5 | M77: =L77/I77*100 -> 100 | N77: =SUM(N78:N82) -> 68495.669 | O77: =SUM(O78:O82) -> 75726.3 | P77: =SUM(P78:P82) -> 75726.3 | Q77: =SUM(Q78:Q82) -> 0 | R77: =SUM(R78:R82) -> 75726.299 | S77: =R77/O77*100 -> 99.999999 | T77: =SUM(T78:T82) -> 193161.6 | U77: =SUM(U78:U82) -> 184215 | V77: =SUM(V78:V82) -> 184215 | W77: =SUM(W78:W82) -> 0 | X77: =SUM(X78:X82) -> 184087.23 | Y77: =X77/U77*100 -> 99.930639 | Z77: =SUM(Z78:Z82) -> 8749.6272 | AA77: =SUM(AA78:AA82) -> 107481.13 | AB77: =SUM(AB78:AB82) -> 101578.85 | AC77: =SUM(AC78:AC82) -> 5902.2762 | AD77: =SUM(AD78:AD82) -> 106092.46 | AE77: =AD77/AA77*100 -> 98.707991
A78: Балтайский район (собственный) | B78: =H78+N78+T78+Z78 -> 312015.9 | C78: =I78+O78+U78+AA78 -> 415596.94 | D78: =J78+P78+V78+AB78 -> 415218.94 | E78: =K78+Q78+W78+AC78 -> 378 | F78: =L78+R78+X78+AD78 -> 414080.5 | G78: =F78/C78*100 -> 99.635118 | H78: =Дотации!B28 -> 80811.4 | I78: =Дотации!C28 -> 96442.5 | J78: =Дотации!D28 -> 96442.5 | K78: =Дотации!E28 -> 0 | L78: =Дотации!F28 -> 96442.5 | M78: =L78/I78*100 -> 100 | N78: =Субсидии!B76 -> 30445.669 | O78: =Субсидии!C76 -> 34142.583 | P78: =Субсидии!D76 -> 34142.583 | Q78: =Субсидии!E76 -> 0 | R78: =Субсидии!F76 -> 34142.582 | S78: =R78/O78*100 -> 99.999998 | T78: ='Субвенции '!B78 -> 192009.2 | U78: ='Субвенции '!C78 -> 183055 | V78: ='Субвенции '!D78 -> 183055 | W78: ='Субвенции '!E78 -> 0 | X78: ='Субвенции '!F78 -> 182927.23 | Y78: =X78/U78*100 -> 99.9302 | Z78: =Иные!B48 -> 8749.6272 | AA78: =Иные!C48 -> 101956.85 | AB78: =Иные!D48 -> 101578.85 | AC78: =Иные!E48 -> 378 | AD78: =Иные!F48 -> 100568.19 | AE78: =AD78/AA78*100 -> 98.637987
A79: Балтайское МО | B79: =H79+N79+T79+Z79 -> 23170.6 | C79: =I79+O79+U79+AA79 -> 23173.3 | D79: =J79+P79+V79+AB79 -> 23173.3 | E79: =K79+Q79+W79+AC79 -> 0 | F79: =L79+R79+X79+AD79 -> 23173.3 | G79: =F79/C79*100 -> 100 | N79: =Субсидии!B77 -> 22759 | O79: =Субсидии!C77 -> 22759 | P79: =Субсидии!D77 -> 22759 | Q79: =Субсидии!E77 -> 0 | R79: =Субсидии!F77 -> 22759 | S79: =R79/O79*100 -> 100 | T79: ='Субвенции '!B79 -> 411.6 | U79: ='Субвенции '!C79 -> 414.3 | V79: ='Субвенции '!D79 -> 414.3 | W79: ='Субвенции '!E79 -> 0 | X79: ='Субвенции '!F79 -> 414.3 | Y79: =X79/U79*100 -> 100 | Z79: =Иные!B49 -> 0 | AA79: =Иные!C49 -> 0 | AB79: =Иные!D49 -> 0 | AC79: =Иные!E49 -> 0 | AD79: =Иные!F49 -> 0
A80: Барнуковское МО | B80: =H80+N80+T80+Z80 -> 3407.6 | C80: =I80+O80+U80+AA80 -> 4138.24 | D80: =J80+P80+V80+AB80 -> 4138.24 | E80: =K80+Q80+W80+AC80 -> 0 | F80: =L80+R80+X80+AD80 -> 4138.24 | G80: =F80/C80*100 -> 100 | N80: =Субсидии!B78 -> 3243 | O80: =Субсидии!C78 -> 3972.54 | P80: =Субсидии!D78 -> 3972.54 | Q80: =Субсидии!E78 -> 0 | R80: =Субсидии!F78 -> 3972.54 | S80: =R80/O80*100 -> 100 | T80: ='Субвенции '!B80 -> 164.6 | U80: ='Субвенции '!C80 -> 165.7 | V80: ='Субвенции '!D80 -> 165.7 | W80: ='Субвенции '!E80 -> 0 | X80: ='Субвенции '!F80 -> 165.7 | Y80: =X80/U80*100 -> 100
A81: Большеозерское МО | B81: =H81+N81+T81+Z81 -> 5327.6 | C81: =I81+O81+U81+AA81 -> 12628.078 | D81: =J81+P81+V81+AB81 -> 7103.802 | E81: =K81+Q81+W81+AC81 -> 5524.2762 | F81: =L81+R81+X81+AD81 -> 12628.078 | G81: =F81/C81*100 -> 100 | N81: =Субсидии!B79 -> 5163 | O81: =Субсидии!C79 -> 6938.102 | P81: =Субсидии!D79 -> 6938.102 | Q81: =Субсидии!E79 -> 0 | R81: =Субсидии!F79 -> 6938.102 | S81: =R81/O81*100 -> 100 | T81: ='Субвенции '!B81 -> 164.6 | U81: ='Субвенции '!C81 -> 165.7 | V81: ='Субвенции '!D81 -> 165.7 | W81: ='Субвенции '!E81 -> 0 | X81: ='Субвенции '!F81 -> 165.7 | Y81: =X81/U81*100 -> 100 | AA81: =Иные!C50 -> 5524.2762 | AB81: =Иные!D50 -> 0 | AC81: =Иные!E50 -> 5524.2762 | AD81: =Иные!F50 -> 5524.2762 | AE81: =AD81/AA81*100 -> 100
A82: Царевщинское МО | B82: =H82+N82+T82+Z82 -> 7296.6 | C82: =I82+O82+U82+AA82 -> 8328.3746 | D82: =J82+P82+V82+AB82 -> 8328.3746 | E82: =K82+Q82+W82+AC82 -> 0 | F82: =L82+R82+X82+AD82 -> 8328.3746 | G82: =F82/C82*100 -> 100 | N82: =Субсидии!B80 -> 6885 | O82: =Субсидии!C80 -> 7914.0746 | P82: =Субсидии!D80 -> 7914.0746 | Q82: =Субсидии!E80 -> 0 | R82: =Субсидии!F80 -> 7914.0746 | S82: =R82/O82*100 -> 100 | T82: ='Субвенции '!B82 -> 411.6 | U82: ='Субвенции '!C82 -> 414.3 | V82: ='Субвенции '!D82 -> 414.3 | W82: ='Субвенции '!E82 -> 0 | X82: ='Субвенции '!F82 -> 414.3 | Y82: =X82/U82*100 -> 100 | AA82: =Иные!C51 -> 0 | AB82: =Иные!D51 -> 0 | AC82: =Иные!E51 -> 0 | AD82: =Иные!F51 -> 0
A83: Вольский район (консолидированный) | B83: =H83+N83+T83+Z83 -> 1307457 | C83: =I83+O83+U83+AA83 -> 1568721.7 | D83: =J83+P83+V83+AB83 -> 1567529.7 | E83: =K83+Q83+W83+AC83 -> 1192 | F83: =L83+R83+X83+AD83 -> 1551942 | G83: =F83/C83*100 -> 98.930359 | H83: =SUM(H84:H99) -> 112756.3 | I83: =SUM(I84:I99) -> 127446.9 | J83: =SUM(J84:J99) -> 127446.9 | K83: =SUM(K84:K99) -> 0 | L83: =SUM(L84:L99) -> 127446.9 | M83: =L83/I83*100 -> 100 | N83: =SUM(N84:N99) -> 193155.67 | O83: =SUM(O84:O99) -> 213233.79 | P83: =SUM(P84:P99) -> 213233.79 | Q83: =SUM(Q84:Q99) -> 0 | R83: =SUM(R84:R99) -> 207786.28 | S83: =R83/O83*100 -> 97.445286 | T83: =SUM(T84:T99) -> 966633.3 | U83: =SUM(U84:U99) -> 975518.37 | V83: =SUM(V84:V99) -> 975518.37 | W83: =SUM(W84:W99) -> 0 | X83: =SUM(X84:X99) -> 970518.33 | Y83: =X83/U83*100 -> 99.487448 | Z83: =SUM(Z84:Z99) -> 34911.69 | AA83: =SUM(AA84:AA99) -> 252522.66 | AB83: =SUM(AB84:AB99) -> 251330.66 | AC83: =SUM(AC84:AC99) -> 1192 | AD83: =SUM(AD84:AD99) -> 246190.52 | AE83: =AD83/AA83*100 -> 97.492447
A84: Вольский район (собственный) | B84: =H84+N84+T84+Z84 -> 1232517.6 | C84: =I84+O84+U84+AA84 -> 1416259.4 | D84: =J84+P84+V84+AB84 -> 1415067.4 | E84: =K84+Q84+W84+AC84 -> 1192 | F84: =L84+R84+X84+AD84 -> 1399580.6 | G84: =F84/C84*100 -> 98.822329 | H84: =Дотации!B30 -> 112756.3 | I84: =Дотации!C30 -> 127446.9 | J84: =Дотации!D30 -> 127446.9 | K84: =Дотации!E30 -> 0 | L84: =Дотации!F30 -> 127446.9 | M84: =L84/I84*100 -> 100 | N84: =Субсидии!B82 -> 121508.67 | O84: =Субсидии!C82 -> 129833.98 | P84: =Субсидии!D82 -> 129833.98 | Q84: =Субсидии!E82 -> 0 | R84: =Субсидии!F82 -> 124386.47 | S84: =R84/O84*100 -> 95.804247 | T84: ='Субвенции '!B84 -> 963340.9 | U84: ='Субвенции '!C84 -> 972204.17 | V84: ='Субвенции '!D84 -> 972204.17 | W84: ='Субвенции '!E84 -> 0 | X84: ='Субвенции '!F84 -> 967204.13 | Y84: =X84/U84*100 -> 99.4857 | Z84: =Иные!B53 -> 34911.69 | AA84: =Иные!C53 -> 186774.39 | AB84: =Иные!D53 -> 185582.39 | AC84: =Иные!E53 -> 1192 | AD84: =Иные!F53 -> 180543.07 | AE84: =AD84/AA84*100 -> 96.663719
A85: город Вольск | B85: =H85+N85+T85+Z85 -> 25000 | C85: =I85+O85+U85+AA85 -> 93483.77 | D85: =J85+P85+V85+AB85 -> 93483.77 | E85: =K85+Q85+W85+AC85 -> 0 | F85: =L85+R85+X85+AD85 -> 93382.951 | G85: =F85/C85*100 -> 99.892153 | N85: =Субсидии!B83 -> 25000 | O85: =Субсидии!C83 -> 27985.5 | P85: =Субсидии!D83 -> 27985.5 | Q85: =Субсидии!E83 -> 0 | R85: =Субсидии!F83 -> 27985.5 | S85: =R85/O85*100 -> 100 | Z85: =Иные!B54 -> 0 | AA85: =Иные!C54 -> 65498.27 | AB85: =Иные!D54 -> 65498.27 | AC85: =Иные!E54 -> 0 | AD85: =Иные!F54 -> 65397.451 | AE85: =AD85/AA85*100 -> 99.846074
A86: Барановское МО | B86: =H86+N86+T86+Z86 -> 3098.6 | C86: =I86+O86+U86+AA86 -> 4343.7 | D86: =J86+P86+V86+AB86 -> 4343.7 | E86: =K86+Q86+W86+AC86 -> 0 | F86: =L86+R86+X86+AD86 -> 4343.7 | G86: =F86/C86*100 -> 100 | N86: =Субсидии!B84 -> 2934 | O86: =Субсидии!C84 -> 4178 | P86: =Субсидии!D84 -> 4178 | Q86: =Субсидии!E84 -> 0 | R86: =Субсидии!F84 -> 4178 | S86: =R86/O86*100 -> 100 | T86: ='Субвенции '!B85 -> 164.6 | U86: ='Субвенции '!C85 -> 165.7 | V86: ='Субвенции '!D85 -> 165.7 | W86: ='Субвенции '!E85 -> 0 | X86: ='Субвенции '!F85 -> 165.7 | Y86: =X86/U86*100 -> 100
A87: Белогорновское МО | B87: =H87+N87+T87+Z87 -> 2501.6 | C87: =I87+O87+U87+AA87 -> 2502.7 | D87: =J87+P87+V87+AB87 -> 2502.7 | E87: =K87+Q87+W87+AC87 -> 0 | F87: =L87+R87+X87+AD87 -> 2502.7 | G87: =F87/C87*100 -> 100 | N87: =Субсидии!B85 -> 2337 | O87: =Субсидии!C85 -> 2337 | P87: =Субсидии!D85 -> 2337 | Q87: =Субсидии!E85 -> 0 | R87: =Субсидии!F85 -> 2337 | S87: =R87/O87*100 -> 100 | T87: ='Субвенции '!B86 -> 164.6 | U87: ='Субвенции '!C86 -> 165.7 | V87: ='Субвенции '!D86 -> 165.7 | W87: ='Субвенции '!E86 -> 0 | X87: ='Субвенции '!F86 -> 165.7 | Y87: =X87/U87*100 -> 100
A88: Верхнечернавское МО | B88: =H88+N88+T88+Z88 -> 2951.6 | C88: =I88+O88+U88+AA88 -> 4152.7 | D88: =J88+P88+V88+AB88 -> 4152.7 | E88: =K88+Q88+W88+AC88 -> 0 | F88: =L88+R88+X88+AD88 -> 4152.7 | G88: =F88/C88*100 -> 100 | N88: =Субсидии!B86 -> 2787 | O88: =Субсидии!C86 -> 3987 | P88: =Субсидии!D86 -> 3987 | Q88: =Субсидии!E86 -> 0 | R88: =Субсидии!F86 -> 3987 | S88: =R88/O88*100 -> 100 | T88: ='Субвенции '!B87 -> 164.6 | U88: ='Субвенции '!C87 -> 165.7 | V88: ='Субвенции '!D87 -> 165.7 | W88: ='Субвенции '!E87 -> 0 | X88: ='Субвенции '!F87 -> 165.7 | Y88: =X88/U88*100 -> 100
A89: Колоярское МО | B89: =H89+N89+T89+Z89 -> 2807.6 | C89: =I89+O89+U89+AA89 -> 4308.7 | D89: =J89+P89+V89+AB89 -> 4308.7 | E89: =K89+Q89+W89+AC89 -> 0 | F89: =L89+R89+X89+AD89 -> 4308.7 | G89: =F89/C89*100 -> 100 | N89: =Субсидии!B88 -> 2643 | O89: =Субсидии!C88 -> 4143 | P89: =Субсидии!D88 -> 4143 | Q89: =Субсидии!E88 -> 0 | R89: =Субсидии!F88 -> 4143 | S89: =R89/O89*100 -> 100 | T89: ='Субвенции '!B88 -> 164.6 | U89: ='Субвенции '!C88 -> 165.7 | V89: ='Субвенции '!D88 -> 165.7 | W89: ='Субвенции '!E88 -> 0 | X89: ='Субвенции '!F88 -> 165.7 | Y89: =X89/U89*100 -> 100
A90: Кряжимское МО | B90: =H90+N90+T90+Z90 -> 1991.6 | C90: =I90+O90+U90+AA90 -> 2262.7 | D90: =J90+P90+V90+AB90 -> 2262.7 | E90: =K90+Q90+W90+AC90 -> 0 | F90: =L90+R90+X90+AD90 -> 2262.7 | G90: =F90/C90*100 -> 100 | N90: =Субсидии!B87 -> 1827 | O90: =Субсидии!C87 -> 2097 | P90: =Субсидии!D87 -> 2097 | Q90: =Субсидии!E87 -> 0 | R90: =Субсидии!F87 -> 2097 | S90: =R90/O90*100 -> 100 | T90: ='Субвенции '!B89 -> 164.6 | U90: ='Субвенции '!C89 -> 165.7 | V90: ='Субвенции '!D89 -> 165.7 | W90: ='Субвенции '!E89 -> 0 | X90: ='Субвенции '!F89 -> 165.7 | Y90: =X90/U90*100 -> 100
A91: Куриловское МО | B91: =H91+N91+T91+Z91 -> 4136.6 | C91: =I91+O91+U91+AA91 -> 5857.308 | D91: =J91+P91+V91+AB91 -> 5857.308 | E91: =K91+Q91+W91+AC91 -> 0 | F91: =L91+R91+X91+AD91 -> 5857.308 | G91: =F91/C91*100 -> 100 | N91: =Субсидии!B89 -> 3972 | O91: =Субсидии!C89 -> 5691.608 | P91: =Субсидии!D89 -> 5691.608 | Q91: =Субсидии!E89 -> 0 | R91: =Субсидии!F89 -> 5691.608 | S91: =R91/O91*100 -> 100 | T91: ='Субвенции '!B90 -> 164.6 | U91: ='Субвенции '!C90 -> 165.7 | V91: ='Субвенции '!D90 -> 165.7 | W91: ='Субвенции '!E90 -> 0 | X91: ='Субвенции '!F90 -> 165.7 | Y91: =X91/U91*100 -> 100
A92: Междуреченское МО | B92: =H92+N92+T92+Z92 -> 2498.6 | C92: =I92+O92+U92+AA92 -> 3989.7 | D92: =J92+P92+V92+AB92 -> 3989.7 | E92: =K92+Q92+W92+AC92 -> 0 | F92: =L92+R92+X92+AD92 -> 3989.7 | G92: =F92/C92*100 -> 100 | N92: =Субсидии!B90 -> 2334 | O92: =Субсидии!C90 -> 3824 | P92: =Субсидии!D90 -> 3824 | Q92: =Субсидии!E90 -> 0 | R92: =Субсидии!F90 -> 3824 | S92: =R92/O92*100 -> 100 | T92: ='Субвенции '!B91 -> 164.6 | U92: ='Субвенции '!C91 -> 165.7 | V92: ='Субвенции '!D91 -> 165.7 | W92: ='Субвенции '!E91 -> 0 | X92: ='Субвенции '!F91 -> 165.7 | Y92: =X92/U92*100 -> 100
A93: Нижнечернавское МО | B93: =H93+N93+T93+Z93 -> 2342.6 | C93: =I93+O93+U93+AA93 -> 3187.396 | D93: =J93+P93+V93+AB93 -> 3187.396 | E93: =K93+Q93+W93+AC93 -> 0 | F93: =L93+R93+X93+AD93 -> 3187.396 | G93: =F93/C93*100 -> 100 | N93: =Субсидии!B91 -> 2178 | O93: =Субсидии!C91 -> 3021.696 | P93: =Субсидии!D91 -> 3021.696 | Q93: =Субсидии!E91 -> 0 | R93: =Субсидии!F91 -> 3021.696 | S93: =R93/O93*100 -> 100 | T93: ='Субвенции '!B92 -> 164.6 | U93: ='Субвенции '!C92 -> 165.7 | V93: ='Субвенции '!D92 -> 165.7 | W93: ='Субвенции '!E92 -> 0 | X93: ='Субвенции '!F92 -> 165.7 | Y93: =X93/U93*100 -> 100
A94: Покровское МО | B94: =H94+N94+T94+Z94 -> 1700.6 | C94: =I94+O94+U94+AA94 -> 1701.7 | D94: =J94+P94+V94+AB94 -> 1701.7 | E94: =K94+Q94+W94+AC94 -> 0 | F94: =L94+R94+X94+AD94 -> 1701.7 | G94: =F94/C94*100 -> 100 | N94: =Субсидии!B92 -> 1536 | O94: =Субсидии!C92 -> 1536 | P94: =Субсидии!D92 -> 1536 | Q94: =Субсидии!E92 -> 0 | R94: =Субсидии!F92 -> 1536 | S94: =R94/O94*100 -> 100 | T94: ='Субвенции '!B93 -> 164.6 | U94: ='Субвенции '!C93 -> 165.7 | V94: ='Субвенции '!D93 -> 165.7 | W94: ='Субвенции '!E93 -> 0 | X94: ='Субвенции '!F93 -> 165.7 | Y94: =X94/U94*100 -> 100 | AA94: =Иные!C55 -> 0 | AC94: =Иные!E55 -> 0 | AD94: =Иные!F55 -> 0
A95: Сенное МО | B95: =H95+N95+T95+Z95 -> 411.6 | C95: =I95+O95+U95+AA95 -> 414.3 | D95: =J95+P95+V95+AB95 -> 414.3 | E95: =K95+Q95+W95+AC95 -> 0 | F95: =L95+R95+X95+AD95 -> 414.3 | G95: =F95/C95*100 -> 100 | N95: =Субсидии!B93 -> 0 | O95: =Субсидии!C93 -> 0 | P95: =Субсидии!D93 -> 0 | Q95: =Субсидии!E93 -> 0 | R95: =Субсидии!F93 -> 0 | T95: ='Субвенции '!B94 -> 411.6 | U95: ='Субвенции '!C94 -> 414.3 | V95: ='Субвенции '!D94 -> 414.3 | W95: ='Субвенции '!E94 -> 0 | X95: ='Субвенции '!F94 -> 414.3 | Y95: =X95/U95*100 -> 100 | Z95: =Иные!B56 -> 0 | AA95: =Иные!C56 -> 0 | AB95: =Иные!D56 -> 0 | AC95: =Иные!E56 -> 0 | AD95: =Иные!F56 -> 0
A96: Талалихинское МО | B96: =H96+N96+T96+Z96 -> 1463.6 | C96: =I96+O96+U96+AA96 -> 1964.7 | D96: =J96+P96+V96+AB96 -> 1964.7 | E96: =K96+Q96+W96+AC96 -> 0 | F96: =L96+R96+X96+AD96 -> 1964.7 | G96: =F96/C96*100 -> 100 | N96: =Субсидии!B94 -> 1299 | O96: =Субсидии!C94 -> 1799 | P96: =Субсидии!D94 -> 1799 | Q96: =Субсидии!E94 -> 0 | R96: =Субсидии!F94 -> 1799 | S96: =R96/O96*100 -> 100 | T96: ='Субвенции '!B95 -> 164.6 | U96: ='Субвенции '!C95 -> 165.7 | V96: ='Субвенции '!D95 -> 165.7 | W96: ='Субвенции '!E95 -> 0 | X96: ='Субвенции '!F95 -> 165.7 | Y96: =X96/U96*100 -> 100
A97: Терсинское МО | B97: =H97+N97+T97+Z97 -> 9192.6 | C97: =I97+O97+U97+AA97 -> 9195.3 | D97: =J97+P97+V97+AB97 -> 9195.3 | E97: =K97+Q97+W97+AC97 -> 0 | F97: =L97+R97+X97+AD97 -> 9195.3 | G97: =F97/C97*100 -> 100 | N97: =Субсидии!B95 -> 8781 | O97: =Субсидии!C95 -> 8781 | P97: =Субсидии!D95 -> 8781 | Q97: =Субсидии!E95 -> 0 | R97: =Субсидии!F95 -> 8781 | S97: =R97/O97*100 -> 100 | T97: ='Субвенции '!B96 -> 411.6 | U97: ='Субвенции '!C96 -> 414.3 | V97: ='Субвенции '!D96 -> 414.3 | W97: ='Субвенции '!E96 -> 0 | X97: ='Субвенции '!F96 -> 414.3 | Y97: =X97/U97*100 -> 100
A98: Черкасское МО | B98: =H98+N98+T98+Z98 -> 10020.6 | C98: =I98+O98+U98+AA98 -> 10023.3 | D98: =J98+P98+V98+AB98 -> 10023.3 | E98: =K98+Q98+W98+AC98 -> 0 | F98: =L98+R98+X98+AD98 -> 10023.3 | G98: =F98/C98*100 -> 100 | N98: =Субсидии!B96 -> 9609 | O98: =Субсидии!C96 -> 9609 | P98: =Субсидии!D96 -> 9609 | Q98: =Субсидии!E96 -> 0 | R98: =Субсидии!F96 -> 9609 | S98: =R98/O98*100 -> 100 | T98: ='Субвенции '!B97 -> 411.6 | U98: ='Субвенции '!C97 -> 414.3 | V98: ='Субвенции '!D97 -> 414.3 | W98: ='Субвенции '!E97 -> 0 | X98: ='Субвенции '!F97 -> 414.3 | Y98: =X98/U98*100 -> 100 | Z98: =Иные!B57 -> 0 | AA98: =Иные!C57 -> 0 | AB98: =Иные!D57 -> 0 | AC98: =Иные!E57 -> 0 | AD98: =Иные!F57 -> 0
A99: Широкобуеракское МО | B99: =H99+N99+T99+Z99 -> 4821.6 | C99: =I99+O99+U99+AA99 -> 5074.3 | D99: =J99+P99+V99+AB99 -> 5074.3 | E99: =K99+Q99+W99+AC99 -> 0 | F99: =L99+R99+X99+AD99 -> 5074.3 | G99: =F99/C99*100 -> 100 | N99: =Субсидии!B97 -> 4410 | O99: =Субсидии!C97 -> 4410 | P99: =Субсидии!D97 -> 4410 | Q99: =Субсидии!E97 -> 0 | R99: =Субсидии!F97 -> 4410 | T99: ='Субвенции '!B98 -> 411.6 | U99: ='Субвенции '!C98 -> 414.3 | V99: ='Субвенции '!D98 -> 414.3 | W99: ='Субвенции '!E98 -> 0 | X99: ='Субвенции '!F98 -> 414.3 | Y99: =X99/U99*100 -> 100 | AA99: =Иные!C58 -> 250 | AB99: =Иные!D58 -> 250 | AD99: =Иные!F58 -> 250 | AE99: =AD99/AA99*100 -> 100
A100: Воскресенский район (консолидированный) | B100: =H100+N100+T100+Z100 -> 369565.39 | C100: =I100+O100+U100+AA100 -> 413585.32 | D100: =J100+P100+V100+AB100 -> 412556.32 | E100: =K100+Q100+W100+AC100 -> 1029 | F100: =L100+R100+X100+AD100 -> 408614.62 | G100: =F100/C100*100 -> 98.798144 | H100: =SUM(H101:H104) -> 63750.1 | I100: =SUM(I101:I104) -> 83784 | J100: =SUM(J101:J104) -> 83784 | K100: =SUM(K101:K104) -> 0 | L100: =SUM(L101:L104) -> 83784 | M100: =L100/I100*100 -> 100 | N100: =SUM(N101:N104) -> 70352.361 | O100: =SUM(O101:O104) -> 77415.618 | P100: =SUM(P101:P104) -> 77415.618 | Q100: =SUM(Q101:Q104) -> 0 | R100: =SUM(R101:R104) -> 74165.707 | S100: =R100/O100*100 -> 95.801996 | T100: =SUM(T101:T104) -> 221755.3 | U100: =SUM(U101:U104) -> 230655.69 | V100: =SUM(V101:V104) -> 230655.69 | W100: =SUM(W101:W104) -> 0 | X100: =SUM(X101:X104) -> 229372.95 | Y100: =X100/U100*100 -> 99.443872 | Z100: =SUM(Z101:Z104) -> 13707.629 | AA100: =SUM(AA101:AA104) -> 21730.015 | AB100: =SUM(AB101:AB104) -> 20701.015 | AC100: =SUM(AC101:AC104) -> 1029 | AD100: =SUM(AD101:AD104) -> 21291.966 | AE100: =AD100/AA100*100 -> 97.984128
A101: Воскресенский район (собственный) | B101: =H101+N101+T101+Z101 -> 322268.59 | C101: =I101+O101+U101+AA101 -> 362901.17 | D101: =J101+P101+V101+AB101 -> 361872.17 | E101: =K101+Q101+W101+AC101 -> 1029 | F101: =L101+R101+X101+AD101 -> 358464.26 | G101: =F101/C101*100 -> 98.777377 | H101: =Дотации!B32 -> 63750.1 | I101: =Дотации!C32 -> 83784 | J101: =Дотации!D32 -> 83784 | K101: =Дотации!E32 -> 0 | L101: =Дотации!F32 -> 83784 | M101: =L101/I101*100 -> 100 | N101: =Субсидии!B99 -> 29290.361 | O101: =Субсидии!C99 -> 32974.37 | P101: =Субсидии!D99 -> 32974.37 | Q101: =Субсидии!E99 -> 0 | R101: =Субсидии!F99 -> 29929.94 | S101: =R101/O101*100 -> 90.767283 | T101: ='Субвенции '!B100 -> 220520.5 | U101: ='Субвенции '!C100 -> 229412.79 | V101: ='Субвенции '!D100 -> 229412.79 | W101: ='Субвенции '!E100 -> 0 | X101: ='Субвенции '!F100 -> 228458.36 | Y101: =X101/U101*100 -> 99.583967 | Z101: =Иные!B60 -> 8707.6292 | AA101: =Иные!C60 -> 16730.015 | AB101: =Иные!D60 -> 15701.015 | AC101: =Иные!E60 -> 1029 | AD101: =Иные!F60 -> 16291.966 | AE101: =AD101/AA101*100 -> 97.381657
...

Sheet Дотации
A2: Сведения о предоставлении из бюджета Саратовской области межбюджетных трансфертов местным бюджетам за 2025 год
W4: тыс.рублей
A5: Наименование муниципальных образований | B5: Дотации, всего | H5: в том числе
H6: бюджетам городских округов области, связанные с особым режимом безопасного функционирования закрытых административно-территориальных образований | L6: на выравнивание бюджетной обеспеченности муниципальных районов (городских округов) области | P6: бюджетам муниципальных районов, муниципальных округов и городских округов области на поддержку мер по обеспечению сбалансированности местных бюджетов | T6: бюджетам поселений области на премирование победителей Всероссийского конкурса «Лучшая муниципальная практика»
B7: первоначальные бюджетные назначения 1 | C7: уточненные бюджетные назначения | F7: исполнено | G7: % исполнения | H7: первоначальные бюджетные назначения 1 | I7: уточненные бюджетжетные назначения 2 | J7: исполнено | K7: % исполнения | L7: первоначальные бюджетные назначения 1 | M7: уточненные бюджетжетные назначения 2 | N7: исполнено | O7: % исполнения | P7: первоначальные бюджетные назначения 1 | Q7: уточненные бюджетжетные назначения 2 | R7: исполнено | S7: % исполнения | T7: первоначальные бюджетные назначения 1 | U7: уточненные бюджетжетные назначения 2 | V7: исполнено | W7: % исполнения
C8: сводная бюджетная роспись | D8: на основании
D9: закона о бюджете 2 | E9: иных нормативных правовых актов
A10: Муниципальные районы области (консолидированный) | B10: =H10+L10+P10+T10 -> 4752054.5 | C10: =I10+M10+Q10+U10 -> 5552130.1 | D10: =J10+N10+R10+U10 -> 5552130.1 | F10: =J10+N10+R10+V10 -> 5552130.1 | G10: =F10/C10*100 -> 100 | L10: =L13+L16+L18+L21+L23+L25+L28+L30+L32+L34+L36+L38+L40+L42+L44+L46+L48+L50+L52+L54+L56+L58+L60+L62+L64+L67+L69+L71+L73+L75+L77+L80+L82+L84+L86+L88+L90 -> 4332463.5 | M10: =M13+M16+M18+M21+M23+M25+M28+M30+M32+M34+M36+M38+M40+M42+M44+M46+M48+M50+M52+M54+M56+M58+M60+M62+M64+M67+M69+M71+M73+M75+M77+M80+M82+M84+M86+M88+M90 -> 4329469.7 | N10: =N13+N16+N18+N21+N23+N25+N28+N30+N32+N34+N36+N38+N40+N42+N44+N46+N48+N50+N52+N54+N56+N58+N60+N62+N64+N67+N69+N71+N73+N75+N77+N80+N82+N84+N86+N88+N90 -> 4329469.7 | O10: =N10/M10*100 -> 100 | P10: =P13+P16+P18+P21+P23+P25+P28+P30+P32+P34+P36+P38+P40+P42+P44+P46+P48+P50+P52+P54+P56+P58+P60+P62+P64+P67+P69+P71+P73+P75+P77+P80+P82+P84+P86+P88+P90 -> 419591 | Q10: =Q13+Q16+Q18+Q21+Q23+Q25+Q28+Q30+Q32+Q34+Q36+Q38+Q40+Q42+Q44+Q46+Q48+Q50+Q52+Q54+Q56+Q58+Q60+Q62+Q64+Q67+Q69+Q71+Q73+Q75+Q77+Q80+Q82+Q84+Q86+Q88+Q90 -> 1207660.4 | R10: =R13+R16+R18+R21+R23+R25+R28+R30+R32+R34+R36+R38+R40+R42+R44+R46+R48+R50+R52+R54+R56+R58+R60+R62+R64+R67+R69+R71+R73+R75+R77+R80+R82+R84+R86+R88+R90 -> 1207660.4 | S10: =R10/Q10*100 -> 100 | T10: =T13+T16+T18+T21+T23+T25+T28+T30+T32+T34+T36+T38+T40+T42+T44+T46+T48+T50+T52+T54+T56+T58+T60+T62+T64+T67+T69+T71+T73+T75+T77+T80+T82+T84+T86+T88+T90 -> 0 | U10: =U13+U16+U18+U21+U23+U25+U28+U30+U32+U34+U36+U38+U40+U42+U44+U46+U48+U50+U52+U54+U56+U58+U60+U62+U64+U67+U69+U71+U73+U75+U77+U80+U82+U84+U86+U88+U90 -> 15000 | V10: =V13+V16+V18+V21+V23+V25+V28+V30+V32+V34+V36+V38+V40+V42+V44+V46+V48+V50+V52+V54+V56+V58+V60+V62+V64+V67+V69+V71+V73+V75+V77+V80+V82+V84+V86+V88+V90 -> 15000 | W10: =V10/U10*100 -> 100
A11: Муниципальные районы области (собственный): | B11: =H11+L11+P11+T11 -> 4752054.5 | C11: =I11+M11+Q11+U11 -> 5537130.1 | D11: =J11+N11+R11+U11 -> 5537130.1 | F11: =J11+N11+R11+V11 -> 5537130.1 | G11: =F11/C11*100 -> 100 | L11: =L14+L17+L19+L22+L24+L26+L29+L31+L33+L35+L37+L39+L41+L43+L45+L47+L49+L51+L53+L55+L57+L59+L61+L63+L65+L68+L70+L72+L74+L76+L78+L81+L83+L85+L87+L89+L91 -> 4332463.5 | M11: =M14+M17+M19+M22+M24+M26+M29+M31+M33+M35+M37+M39+M41+M43+M45+M47+M49+M51+M53+M55+M57+M59+M61+M63+M65+M68+M70+M72+M74+M76+M78+M81+M83+M85+M87+M89+M91 -> 4329469.7 | N11: =N14+N17+N19+N22+N24+N26+N29+N31+N33+N35+N37+N39+N41+N43+N45+N47+N49+N51+N53+N55+N57+N59+N61+N63+N65+N68+N70+N72+N74+N76+N78+N81+N83+N85+N87+N89+N91 -> 4329469.7 | O11: =N11/M11*100 -> 100 | P11: =P14+P17+P19+P22+P24+P26+P29+P31+P33+P35+P37+P39+P41+P43+P45+P47+P49+P51+P53+P55+P57+P59+P61+P63+P65+P68+P70+P72+P74+P76+P78+P81+P83+P85+P87+P89+P91 -> 419591 | Q11: =Q14+Q17+Q19+Q22+Q24+Q26+Q29+Q31+Q33+Q35+Q37+Q39+Q41+Q43+Q45+Q47+Q49+Q51+Q53+Q55+Q57+Q59+Q61+Q63+Q65+Q68+Q70+Q72+Q74+Q76+Q78+Q81+Q83+Q85+Q87+Q89+Q91 -> 1207660.4 | R11: =R14+R17+R19+R22+R24+R26+R29+R31+R33+R35+R37+R39+R41+R43+R45+R47+R49+R51+R53+R55+R57+R59+R61+R63+R65+R68+R70+R72+R74+R76+R78+R81+R83+R85+R87+R89+R91 -> 1207660.4 | S11: =R11/Q11*100 -> 100 | T11: =T14+T17+T19+T22+T24+T26+T29+T31+T33+T35+T37+T39+T41+T43+T45+T47+T49+T51+T53+T55+T57+T59+T61+T63+T65+T68+T70+T72+T74+T76+T78+T81+T83+T85+T87+T89+T91 -> 0 | U11: =U14+U17+U19+U22+U24+U26+U29+U31+U33+U35+U37+U39+U41+U43+U45+U47+U49+U51+U53+U55+U57+U59+U61+U63+U65+U68+U70+U72+U74+U76+U78+U81+U83+U85+U87+U89+U91 -> 0 | V11: =V14+V17+V19+V22+V24+V26+V29+V31+V33+V35+V37+V39+V41+V43+V45+V47+V49+V51+V53+V55+V57+V59+V61+V63+V65+V68+V70+V72+V74+V76+V78+V81+V83+V85+V87+V89+V91 -> 0
A12: Поселения: | B12: =H12+L12+P12+T12 -> 0 | C12: =I12+M12+Q12+U12 -> 15000 | D12: =J12+N12+R12+U12 -> 15000 | F12: =J12+N12+R12+V12 -> 15000 | G12: =F12/C12*100 -> 100 | L12: =L27+L92 -> 0 | M12: =M27+M92 -> 0 | N12: =N27+N92 -> 0 | P12: =P27+P92 -> 0 | Q12: =Q27+Q92 -> 0 | R12: =R27+R92 -> 0 | T12: =T27+T92 -> 0 | U12: =U15+U27 -> 15000 | V12: =V15+V27 -> 15000 | W12: =V12/U12*100 -> 100
A13: Александрово-Гайский (консолидированный) | B13: =H13+L13+P13+T13 -> 133188.8 | C13: =I13+M13+Q13+U13 -> 168788.8 | D13: =J13+N13+R13+U13 -> 168788.8 | F13: =J13+N13+R13+V13 -> 168788.8 | G13: =F13/C13*100 -> 100 | L13: =L14 -> 90890.9 | M13: =M14 -> 90890.9 | N13: =N14 -> 90890.9 | O13: =N13/M13*100 -> 100 | P13: =P14 -> 42297.9 | Q13: =Q14 -> 72897.9 | R13: =R14 -> 72897.9 | S13: =R13/Q13*100 -> 100 | T13: =T14 -> 0 | U13: =U14+U15 -> 5000 | V13: =V14+V15 -> 5000 | W13: =V13/U13*100 -> 100
A14: Александрово-Гайский (собственный) | B14: =H14+L14+P14+T14 -> 133188.8 | C14: =I14+M14+Q14+U14 -> 163788.8 | D14: =J14+N14+R14+U14 -> 163788.8 | F14: =J14+N14+R14+V14 -> 163788.8 | G14: =F14/C14*100 -> 100 | L14: 90890.9 | M14: 90890.9 | N14: 90890.9 | O14: =N14/M14*100 -> 100 | P14: 42297.9 | Q14: 72897.9 | R14: 72897.9 | S14: =R14/Q14*100 -> 100
A15: Александрово-Гайское МО | B15: =H15+L15+P15+T15 -> 0 | C15: =I15+M15+Q15+U15 -> 5000 | D15: =J15+N15+R15+U15 -> 5000 | F15: =J15+N15+R15+V15 -> 5000 | G15: =F15/C15*100 -> 100 | U15: 5000 | V15: 5000 | W15: =V15/U15*100 -> 100
A16: Аркадакский (консолидированный) | B16: =H16+L16+P16+T16 -> 72998.9 | C16: =I16+M16+Q16+U16 -> 87686.6 | D16: =J16+N16+R16+U16 -> 87686.6 | F16: =J16+N16+R16+V16 -> 87686.6 | G16: =F16/C16*100 -> 100 | L16: =L17 -> 65176.6 | M16: =M17 -> 65176.6 | N16: =N17 -> 65176.6 | O16: =N16/M16*100 -> 100 | P16: =P17 -> 7822.3 | Q16: =Q17 -> 22510 | R16: =R17 -> 22510 | S16: =R16/Q16*100 -> 100
A17: Аркадакский (собственный) | B17: =H17+L17+P17+T17 -> 72998.9 | C17: =I17+M17+Q17+U17 -> 87686.6 | D17: =J17+N17+R17+U17 -> 87686.6 | F17: =J17+N17+R17+V17 -> 87686.6 | G17: =F17/C17*100 -> 100 | L17: 65176.6 | M17: 65176.6 | N17: 65176.6 | O17: =N17/M17*100 -> 100 | P17: 7822.3 | Q17: 22510 | R17: 22510 | S17: =R17/Q17*100 -> 100
A18: Аткарский район (консолидированный) | B18: =H18+L18+P18+T18 -> 158326.9 | C18: =I18+M18+Q18+U18 -> 158326.9 | D18: =J18+N18+R18+U18 -> 158326.9 | F18: =J18+N18+R18+V18 -> 158326.9 | G18: =F18/C18*100 -> 100 | L18: =L19 -> 148370.5 | M18: =M19 -> 148370.5 | N18: =N19 -> 148370.5 | O18: =N18/M18*100 -> 100 | P18: =P19 -> 9956.4 | Q18: =Q19 -> 9956.4 | R18: =R19 -> 9956.4 | S18: =R18/Q18*100 -> 100
A19: Аткарский район (собственный) | B19: =H19+L19+P19+T19 -> 158326.9 | C19: =I19+M19+Q19+U19 -> 158326.9 | D19: =J19+N19+R19+U19 -> 158326.9 | F19: =J19+N19+R19+V19 -> 158326.9 | G19: =F19/C19*100 -> 100 | L19: 148370.5 | M19: 148370.5 | N19: 148370.5 | O19: =N19/M19*100 -> 100 | P19: 9956.4 | Q19: 9956.4 | R19: 9956.4 | S19: =R19/Q19*100 -> 100
A20: город Аткарск | B20: =H20+L20+P20+T20 -> 0 | C20: =I20+M20+Q20+U20 -> 0 | D20: =J20+N20+R20+U20 -> 0 | F20: =J20+N20+R20+V20 -> 0
A21: Базарно-Карабулакский (консолидированный) | B21: =H21+L21+P21+T21 -> 144799.7 | C21: =I21+M21+Q21+U21 -> 165047.3 | D21: =J21+N21+R21+U21 -> 165047.3 | F21: =J21+N21+R21+V21 -> 165047.3 | G21: =F21/C21*100 -> 100 | L21: =L22 -> 144799.7 | M21: =M22 -> 144799.7 | N21: =N22 -> 144799.7 | O21: =N21/M21*100 -> 100 | P21: =P22 -> 0 | Q21: =Q22 -> 20247.6 | R21: =R22 -> 20247.6 | S21: =R21/Q21*100 -> 100
A22: Базарно-Карабулакский (собственный) | B22: =H22+L22+P22+T22 -> 144799.7 | C22: =I22+M22+Q22+U22 -> 165047.3 | D22: =J22+N22+R22+U22 -> 165047.3 | F22: =J22+N22+R22+V22 -> 165047.3 | G22: =F22/C22*100 -> 100 | L22: 144799.7 | M22: 144799.7 | N22: 144799.7 | O22: =N22/M22*100 -> 100 | Q22: 20247.6 | R22: 20247.6 | S22: =R22/Q22*100 -> 100
A23: Балаковский (консолидированный) | B23: =H23+L23+P23+T23 -> 0 | C23: =I23+M23+Q23+U23 -> 0 | D23: =J23+N23+R23+U23 -> 0 | F23: =J23+N23+R23+V23 -> 0 | L23: =L24 -> 0 | M23: =M24 -> 0 | N23: =N24 -> 0 | P23: =P24 -> 0 | Q23: =Q24 -> 0 | R23: =R24 -> 0 | T23: =T24 -> 0 | U23: =U24 -> 0 | V23: =V24 -> 0
A24: Балаковский (собственный) | B24: =H24+L24+P24+T24 -> 0 | C24: =I24+M24+Q24+U24 -> 0 | D24: =J24+N24+R24+U24 -> 0 | F24: =J24+N24+R24+V24 -> 0
A25: Балашовский (консолидированный) | B25: =H25+L25+P25+T25 -> 316482.9 | C25: =I25+M25+Q25+U25 -> 326482.9 | D25: =J25+N25+R25+U25 -> 326482.9 | F25: =J25+N25+R25+V25 -> 326482.9 | G25: =F25/C25*100 -> 100 | L25: =L26+L27 -> 316482.9 | M25: =M26+M27 -> 316482.9 | N25: =N26+N27 -> 316482.9 | O25: =N25/M25*100 -> 100 | U25: =U26+U27 -> 10000 | V25: =V26+V27 -> 10000 | W25: =V25/U25*100 -> 100
A26: Балашовский (собственный) | B26: =H26+L26+P26+T26 -> 316482.9 | C26: =I26+M26+Q26+U26 -> 316482.9 | D26: =J26+N26+R26+U26 -> 316482.9 | F26: =J26+N26+R26+V26 -> 316482.9 | G26: =F26/C26*100 -> 100 | L26: 316482.9 | M26: 316482.9 | N26: 316482.9 | O26: =N26/M26*100 -> 100
A27: город Балашов | B27: =H27+L27+P27+T27 -> 0 | C27: =I27+M27+Q27+U27 -> 10000 | D27: =J27+N27+R27+U27 -> 10000 | F27: =J27+N27+R27+V27 -> 10000 | U27: 10000 | V27: 10000 | W27: =V27/U27*100 -> 100
A28: Балтайский (консолидированный) | B28: =H28+L28+P28+T28 -> 80811.4 | C28: =I28+M28+Q28+U28 -> 96442.5 | D28: =J28+N28+R28+U28 -> 96442.5 | F28: =J28+N28+R28+V28 -> 96442.5 | G28: =F28/C28*100 -> 100 | L28: =L29 -> 67235.1 | M28: =M29 -> 67235.1 | N28: =N29 -> 67235.1 | O28: =N28/M28*100 -> 100 | P28: =P29 -> 13576.3 | Q28: =Q29 -> 29207.4 | R28: =R29 -> 29207.4 | S28: =R28/Q28*100 -> 100
A29: Балтайский (собственный) | B29: =H29+L29+P29+T29 -> 80811.4 | C29: =I29+M29+Q29+U29 -> 96442.5 | D29: =J29+N29+R29+U29 -> 96442.5 | F29: =J29+N29+R29+V29 -> 96442.5 | G29: =F29/C29*100 -> 100 | L29: 67235.1 | M29: 67235.1 | N29: 67235.1 | O29: =N29/M29*100 -> 100 | P29: 13576.3 | Q29: 29207.4 | R29: 29207.4 | S29: =R29/Q29*100 -> 100
A30: Вольский (консолидированный) | B30: =H30+L30+P30+T30 -> 112756.3 | C30: =I30+M30+Q30+U30 -> 127446.9 | D30: =J30+N30+R30+U30 -> 127446.9 | F30: =J30+N30+R30+V30 -> 127446.9 | G30: =F30/C30*100 -> 100 | L30: =L31 -> 26715.8 | M30: =M31 -> 26448.6 | N30: =N31 -> 26448.6 | O30: =N30/M30*100 -> 100 | P30: =P31 -> 86040.5 | Q30: =Q31 -> 100998.3 | R30: =R31 -> 100998.3 | S30: =R30/Q30*100 -> 100
A31: Вольский (собственный) | B31: =H31+L31+P31+T31 -> 112756.3 | C31: =I31+M31+Q31+U31 -> 127446.9 | D31: =J31+N31+R31+U31 -> 127446.9 | F31: =J31+N31+R31+V31 -> 127446.9 | G31: =F31/C31*100 -> 100 | L31: 26715.8 | M31: 26448.6 | N31: 26448.6 | O31: =N31/M31*100 -> 100 | P31: 86040.5 | Q31: 100998.3 | R31: 100998.3 | S31: =R31/Q31*100 -> 100
A32: Воскресенский (консолидированный) | B32: =H32+L32+P32+T32 -> 63750.1 | C32: =I32+M32+Q32+U32 -> 83784 | D32: =J32+N32+R32+U32 -> 83784 | F32: =J32+N32+R32+V32 -> 83784 | G32: =F32/C32*100 -> 100 | L32: =L33 -> 63750.1 | M32: =M33 -> 63750.1 | N32: =N33 -> 63750.1 | O32: =N32/M32*100 -> 100 | Q32: =Q33 -> 20033.9 | R32: =R33 -> 20033.9 | S32: =R32/Q32*100 -> 100
A33: Воскресенский (собственный) | B33: =H33+L33+P33+T33 -> 63750.1 | C33: =I33+M33+Q33+U33 -> 83784 | D33: =J33+N33+R33+U33 -> 83784 | F33: =J33+N33+R33+V33 -> 83784 | G33: =F33/C33*100 -> 100 | L33: 63750.1 | M33: 63750.1 | N33: 63750.1 | O33: =N33/M33*100 -> 100 | Q33: 20033.9 | R33: 20033.9 | S33: =R33/Q33*100 -> 100
A34: Дергачевский (консолидированный) | B34: =H34+L34+P34+T34 -> 150716 | C34: =I34+M34+Q34+U34 -> 164769.8 | D34: =J34+N34+R34+U34 -> 164769.8 | F34: =J34+N34+R34+V34 -> 164769.8 | G34: =F34/C34*100 -> 100 | L34: =L35 -> 150716 | M34: =M35 -> 150716 | N34: =N35 -> 150716 | O34: =N34/M34*100 -> 100 | Q34: =Q35 -> 14053.8 | R34: =R35 -> 14053.8 | S34: =R34/Q34*100 -> 100
A35: Дергачевский (собственный) | B35: =H35+L35+P35+T35 -> 150716 | C35: =I35+M35+Q35+U35 -> 164769.8 | D35: =J35+N35+R35+U35 -> 164769.8 | F35: =J35+N35+R35+V35 -> 164769.8 | G35: =F35/C35*100 -> 100 | L35: 150716 | M35: 150716 | N35: 150716 | O35: =N35/M35*100 -> 100 | Q35: 14053.8 | R35: 14053.8 | S35: =R35/Q35*100 -> 100
A36: Духовницкий (консолидированный) | B36: =H36+L36+P36+T36 -> 54846 | C36: =I36+M36+Q36+U36 -> 72054.8 | D36: =J36+N36+R36+U36 -> 72054.8 | F36: =J36+N36+R36+V36 -> 72054.8 | G36: =F36/C36*100 -> 100 | L36: =L37 -> 47045 | M36: =M37 -> 47045 | N36: =N37 -> 47045 | O36: =N36/M36*100 -> 100 | P36: =P37 -> 7801 | Q36: =Q37 -> 25009.8 | R36: =R37 -> 25009.8 | S36: =R36/Q36*100 -> 100
A37: Духовницкий (собственный) | B37: =H37+L37+P37+T37 -> 54846 | C37: =I37+M37+Q37+U37 -> 72054.8 | D37: =J37+N37+R37+U37 -> 72054.8 | F37: =J37+N37+R37+V37 -> 72054.8 | G37: =F37/C37*100 -> 100 | L37: 47045 | M37: 47045 | N37: 47045 | O37: =N37/M37*100 -> 100 | P37: 7801 | Q37: 25009.8 | R37: 25009.8 | S37: =R37/Q37*100 -> 100
A38: Екатериновский (консолидированный) | B38: =H38+L38+P38+T38 -> 51193.5 | C38: =I38+M38+Q38+U38 -> 93268.3 | D38: =J38+N38+R38+U38 -> 93268.3 | F38: =J38+N38+R38+V38 -> 93268.3 | G38: =F38/C38*100 -> 100 | L38: =L39 -> 16328.9 | M38: =M39 -> 16328.9 | N38: =N39 -> 16328.9 | O38: =N38/M38*100 -> 100 | P38: =P39 -> 34864.6 | Q38: =Q39 -> 76939.4 | R38: =R39 -> 76939.4 | S38: =R38/Q38*100 -> 100
A39: Екатериновский (собственный) | B39: =H39+L39+P39+T39 -> 51193.5 | C39: =I39+M39+Q39+U39 -> 93268.3 | D39: =J39+N39+R39+U39 -> 93268.3 | F39: =J39+N39+R39+V39 -> 93268.3 | G39: =F39/C39*100 -> 100 | L39: 16328.9 | M39: 16328.9 | N39: 16328.9 | O39: =N39/M39*100 -> 100 | P39: 34864.6 | Q39: 76939.4 | R39: 76939.4 | S39: =R39/Q39*100 -> 100
A40: Ершовский (консолидированный) | B40: =H40+L40+P40+T40 -> 127672.5 | C40: =I40+M40+Q40+U40 -> 127672.5 | D40: =J40+N40+R40+U40 -> 127672.5 | F40: =J40+N40+R40+V40 -> 127672.5 | G40: =F40/C40*100 -> 100 | L40: =L41 -> 97165.3 | M40: =M41 -> 97165.3 | N40: =N41 -> 97165.3 | O40: =N40/M40*100 -> 100 | P40: =P41 -> 30507.2 | Q40: =Q41 -> 30507.2 | R40: =R41 -> 30507.2 | S40: =R40/Q40*100 -> 100
A41: Ершовский (собственный) | B41: =H41+L41+P41+T41 -> 127672.5 | C41: =I41+M41+Q41+U41 -> 127672.5 | D41: =J41+N41+R41+U41 -> 127672.5 | F41: =J41+N41+R41+V41 -> 127672.5 | G41: =F41/C41*100 -> 100 | L41: 97165.3 | M41: 97165.3 | N41: 97165.3 | O41: =N41/M41*100 -> 100 | P41: 30507.2 | Q41: 30507.2 | R41: 30507.2 | S41: =R41/Q41*100 -> 100
A42: Ивантеевский (консолидированный) | B42: =H42+L42+P42+T42 -> 91128.1 | C42: =I42+M42+Q42+U42 -> 113859.7 | D42: =J42+N42+R42+U42 -> 113859.7 | F42: =J42+N42+R42+V42 -> 113859.7 | G42: =F42/C42*100 -> 100 | L42: =L43 -> 24190.9 | M42: =M43 -> 24190.9 | N42: =N43 -> 24190.9 | O42: =N42/M42*100 -> 100 | P42: =P43 -> 66937.2 | Q42: =Q43 -> 89668.8 | R42: =R43 -> 89668.8 | S42: =R42/Q42*100 -> 100
A43: Ивантеевский (собственный) | B43: =H43+L43+P43+T43 -> 91128.1 | C43: =I43+M43+Q43+U43 -> 113859.7 | D43: =J43+N43+R43+U43 -> 113859.7 | F43: =J43+N43+R43+V43 -> 113859.7 | G43: =F43/C43*100 -> 100 | L43: 24190.9 | M43: 24190.9 | N43: 24190.9 | O43: =N43/M43*100 -> 100 | P43: 66937.2 | Q43: 89668.8 | R43: 89668.8 | S43: =R43/Q43*100 -> 100
A44: Калининский (консолидированный) | B44: =H44+L44+P44+T44 -> 90229.5 | C44: =I44+M44+Q44+U44 -> 129329.7 | D44: =J44+N44+R44+U44 -> 129329.7 | F44: =J44+N44+R44+V44 -> 129329.7 | G44: =F44/C44*100 -> 100 | L44: =L45 -> 62797.2 | M44: =M45 -> 62797.2 | N44: =N45 -> 62797.2 | O44: =N44/M44*100 -> 100 | P44: =P45 -> 27432.3 | Q44: =Q45 -> 66532.5 | R44: =R45 -> 66532.5 | S44: =R44/Q44*100 -> 100
A45: Калининский (собственный) | B45: =H45+L45+P45+T45 -> 90229.5 | C45: =I45+M45+Q45+U45 -> 129329.7 | D45: =J45+N45+R45+U45 -> 129329.7 | F45: =J45+N45+R45+V45 -> 129329.7 | G45: =F45/C45*100 -> 100 | L45: 62797.2 | M45: 62797.2 | N45: 62797.2 | O45: =N45/M45*100 -> 100 | P45: 27432.3 | Q45: 66532.5 | R45: 66532.5 | S45: =R45/Q45*100 -> 100
A46: Красноармейский (консолидированный) | B46: =H46+L46+P46+T46 -> 210494.9 | C46: =I46+M46+Q46+U46 -> 264443.1 | D46: =J46+N46+R46+U46 -> 264443.1 | F46: =J46+N46+R46+V46 -> 264443.1 | G46: =F46/C46*100 -> 100 | L46: =L47 -> 210494.9 | M46: =M47 -> 210494.9 | N46: =N47 -> 210494.9 | O46: =N46/M46*100 -> 100 | Q46: =Q47 -> 53948.2 | R46: =R47 -> 53948.2 | S46: =R46/Q46*100 -> 100
A47: Красноармейский (собственный) | B47: =H47+L47+P47+T47 -> 210494.9 | C47: =I47+M47+Q47+U47 -> 264443.1 | D47: =J47+N47+R47+U47 -> 264443.1 | F47: =J47+N47+R47+V47 -> 264443.1 | G47: =F47/C47*100 -> 100 | L47: 210494.9 | M47: 210494.9 | N47: 210494.9 | O47: =N47/M47*100 -> 100 | Q47: 53948.2 | R47: 53948.2 | S47: =R47/Q47*100 -> 100
A48: Краснокутский (консолидированный) | B48: =H48+L48+P48+T48 -> 153725.5 | C48: =I48+M48+Q48+U48 -> 167985.7 | D48: =J48+N48+R48+U48 -> 167985.7 | F48: =J48+N48+R48+V48 -> 167985.7 | G48: =F48/C48*100 -> 100 | L48: =L49 -> 153725.5 | M48: =M49 -> 153725.5 | N48: =N49 -> 153725.5 | O48: =N48/M48*100 -> 100 | Q48: =Q49 -> 14260.2 | R48: =R49 -> 14260.2 | S48: =R48/Q48*100 -> 100
A49: Краснокутский (собственный) | B49: =H49+L49+P49+T49 -> 153725.5 | C49: =I49+M49+Q49+U49 -> 167985.7 | D49: =J49+N49+R49+U49 -> 167985.7 | F49: =J49+N49+R49+V49 -> 167985.7 | G49: =F49/C49*100 -> 100 | L49: 153725.5 | M49: 153725.5 | N49: 153725.5 | O49: =N49/M49*100 -> 100 | Q49: 14260.2 | R49: 14260.2 | S49: =R49/Q49*100 -> 100
A50: Краснопартизанский (консолидированный) | B50: =H50+L50+P50+T50 -> 80605.5 | C50: =I50+M50+Q50+U50 -> 145421.3 | D50: =J50+N50+R50+U50 -> 145421.3 | F50: =J50+N50+R50+V50 -> 145421.3 | G50: =F50/C50*100 -> 100 | L50: =L51 -> 78955.1 | M50: =M51 -> 78955.1 | N50: =N51 -> 78955.1 | O50: =N50/M50*100 -> 100 | P50: =P51 -> 1650.4 | Q50: =Q51 -> 66466.2 | R50: =R51 -> 66466.2 | S50: =R50/Q50*100 -> 100
A51: Краснопартизанский (собственный) | B51: =H51+L51+P51+T51 -> 80605.5 | C51: =I51+M51+Q51+U51 -> 145421.3 | D51: =J51+N51+R51+U51 -> 145421.3 | F51: =J51+N51+R51+V51 -> 145421.3 | G51: =F51/C51*100 -> 100 | L51: 78955.1 | M51: 78955.1 | N51: 78955.1 | O51: =N51/M51*100 -> 100 | P51: 1650.4 | Q51: 66466.2 | R51: 66466.2 | S51: =R51/Q51*100 -> 100
A52: Лысогорский (консолидированный) | B52: =H52+L52+P52+T52 -> 108217 | C52: =I52+M52+Q52+U52 -> 129228.9 | D52: =J52+N52+R52+U52 -> 129228.9 | F52: =J52+N52+R52+V52 -> 129228.9 | G52: =F52/C52*100 -> 100 | L52: =L53 -> 101634 | M52: =M53 -> 101634 | N52: =N53 -> 101634 | O52: =N52/M52*100 -> 100 | P52: =P53 -> 6583 | Q52: =Q53 -> 27594.9 | R52: =R53 -> 27594.9 | S52: =R52/Q52*100 -> 100
A53: Лысогорский (собственный) | B53: =H53+L53+P53+T53 -> 108217 | C53: =I53+M53+Q53+U53 -> 129228.9 | D53: =J53+N53+R53+U53 -> 129228.9 | F53: =J53+N53+R53+V53 -> 129228.9 | G53: =F53/C53*100 -> 100 | L53: 101634 | M53: 101634 | N53: 101634 | O53: =N53/M53*100 -> 100 | P53: 6583 | Q53: 27594.9 | R53: 27594.9 | S53: =R53/Q53*100 -> 100
A54: Марксовский (консолидированный) | B54: =H54+L54+P54+T54 -> 215809.5 | C54: =I54+M54+Q54+U54 -> 263989.1 | D54: =J54+N54+R54+U54 -> 263989.1 | F54: =J54+N54+R54+V54 -> 263989.1 | G54: =F54/C54*100 -> 100 | L54: =L55 -> 215809.5 | M54: =M55 -> 213651.4 | N54: =N55 -> 213651.4 | O54: =N54/M54*100 -> 100 | Q54: =Q55 -> 50337.7 | R54: =R55 -> 50337.7 | S54: =R54/Q54*100 -> 100
A55: Марксовский (собственный) | B55: =H55+L55+P55+T55 -> 215809.5 | C55: =I55+M55+Q55+U55 -> 263989.1 | D55: =J55+N55+R55+U55 -> 263989.1 | F55: =J55+N55+R55+V55 -> 263989.1 | G55: =F55/C55*100 -> 100 | L55: 215809.5 | M55: 213651.4 | N55: 213651.4 | O55: =N55/M55*100 -> 100 | Q55: 50337.7 | R55: 50337.7 | S55: =R55/Q55*100 -> 100
A56: Новобурасский (консолидированный) | B56: =H56+L56+P56+T56 -> 118218 | C56: =I56+M56+Q56+U56 -> 157554.4 | D56: =J56+N56+R56+U56 -> 157554.4 | F56: =J56+N56+R56+V56 -> 157554.4 | G56: =F56/C56*100 -> 100 | L56: =L57 -> 118218 | M56: =M57 -> 118218 | N56: =N57 -> 118218 | O56: =N56/M56*100 -> 100 | Q56: =Q57 -> 39336.4 | R56: =R57 -> 39336.4 | S56: =R56/Q56*100 -> 100
A57: Новобурасский (собственный) | B57: =H57+L57+P57+T57 -> 118218 | C57: =I57+M57+Q57+U57 -> 157554.4 | D57: =J57+N57+R57+U57 -> 157554.4 | F57: =J57+N57+R57+V57 -> 157554.4 | G57: =F57/C57*100 -> 100 | L57: 118218 | M57: 118218 | N57: 118218 | O57: =N57/M57*100 -> 100 | Q57: 39336.4 | R57: 39336.4 | S57: =R57/Q57*100 -> 100
A58: Новоузенский (консолидированный) | B58: =H58+L58+P58+T58 -> 246381 | C58: =I58+M58+Q58+U58 -> 272295.6 | D58: =J58+N58+R58+U58 -> 272295.6 | F58: =J58+N58+R58+V58 -> 272295.6 | G58: =F58/C58*100 -> 100 | L58: =L59 -> 246381 | M58: =M59 -> 246381 | N58: =N59 -> 246381 | O58: =N58/M58*100 -> 100 | Q58: =Q59 -> 25914.6 | R58: =R59 -> 25914.6 | S58: =R58/Q58*100 -> 100
A59: Новоузенский (собственный) | B59: =H59+L59+P59+T59 -> 246381 | C59: =I59+M59+Q59+U59 -> 272295.6 | D59: =J59+N59+R59+U59 -> 272295.6 | F59: =J59+N59+R59+V59 -> 272295.6 | G59: =F59/C59*100 -> 100 | L59: 246381 | M59: 246381 | N59: 246381 | O59: =N59/M59*100 -> 100 | Q59: 25914.6 | R59: 25914.6 | S59: =R59/Q59*100 -> 100
A60: Озинский (консолидированный) | B60: =H60+L60+P60+T60 -> 145202.7 | C60: =I60+M60+Q60+U60 -> 167135.3 | D60: =J60+N60+R60+U60 -> 167135.3 | F60: =J60+N60+R60+V60 -> 167135.3 | G60: =F60/C60*100 -> 100 | L60: =L61 -> 145202.7 | M60: =M61 -> 145202.7 | N60: =N61 -> 145202.7 | O60: =N60/M60*100 -> 100 | Q60: =Q61 -> 21932.6 | R60: =R61 -> 21932.6 | S60: =R60/Q60*100 -> 100
A61: Озинский (собственный) | B61: =H61+L61+P61+T61 -> 145202.7 | C61: =I61+M61+Q61+U61 -> 167135.3 | D61: =J61+N61+R61+U61 -> 167135.3 | F61: =J61+N61+R61+V61 -> 167135.3 | G61: =F61/C61*100 -> 100 | L61: 145202.7 | M61: 145202.7 | N61: 145202.7 | O61: =N61/M61*100 -> 100 | Q61: 21932.6 | R61: 21932.6 | S61: =R61/Q61*100 -> 100
A62: Перелюбский (консолидированный) | B62: =H62+L62+P62+T62 -> 33889.5 | C62: =I62+M62+Q62+U62 -> 52417 | D62: =J62+N62+R62+U62 -> 52417 | F62: =J62+N62+R62+V62 -> 52417 | G62: =F62/C62*100 -> 100 | L62: =L63 -> 21938.4 | M62: =M63 -> 21938.4 | N62: =N63 -> 21938.4 | O62: =N62/M62*100 -> 100 | P62: =P63 -> 11951.1 | Q62: =Q63 -> 30478.6 | R62: =R63 -> 30478.6 | S62: =R62/Q62*100 -> 100
A63: Перелюбский (собственный) | B63: =H63+L63+P63+T63 -> 33889.5 | C63: =I63+M63+Q63+U63 -> 52417 | D63: =J63+N63+R63+U63 -> 52417 | F63: =J63+N63+R63+V63 -> 52417 | G63: =F63/C63*100 -> 100 | L63: 21938.4 | M63: 21938.4 | N63: 21938.4 | O63: =N63/M63*100 -> 100 | P63: 11951.1 | Q63: 30478.6 | R63: 30478.6 | S63: =R63/Q63*100 -> 100
A64: Петровский (консолидированный) | B64: =H64+L64+P64+T64 -> 191664.3 | C64: =I64+M64+Q64+U64 -> 211538.2 | D64: =J64+N64+R64+U64 -> 211538.2 | F64: =J64+N64+R64+V64 -> 211538.2 | G64: =F64/C64*100 -> 100 | L64: =L65 -> 169739 | M64: =M65 -> 169739 | N64: =N65 -> 169739 | O64: =N64/M64*100 -> 100 | P64: =P65 -> 21925.3 | Q64: =Q65 -> 41799.2 | R64: =R65 -> 41799.2 | S64: =R64/Q64*100 -> 100
A65: Петровский (собственный) | B65: =H65+L65+P65+T65 -> 191664.3 | C65: =I65+M65+Q65+U65 -> 211538.2 | D65: =J65+N65+R65+U65 -> 211538.2 | F65: =J65+N65+R65+V65 -> 211538.2 | G65: =F65/C65*100 -> 100 | L65: 169739 | M65: 169739 | N65: 169739 | O65: =N65/M65*100 -> 100 | P65: 21925.3 | Q65: 41799.2 | R65: 41799.2 | S65: =R65/Q65*100 -> 100
A66: Новозахаркинское МО | B66: =H66+L66+P66+T66 -> 0 | C66: =I66+M66+Q66+U66 -> 0 | D66: =J66+N66+R66+U66 -> 0 | F66: =J66+N66+R66+V66 -> 0
A67: Питерский (консолидированный) | B67: =H67+L67+P67+T67 -> 114421.8 | C67: =I67+M67+Q67+U67 -> 140340.4 | D67: =J67+N67+R67+U67 -> 140340.4 | F67: =J67+N67+R67+V67 -> 140340.4 | G67: =F67/C67*100 -> 100 | L67: =L68 -> 108348.7 | M67: =M68 -> 108348.7 | N67: =N68 -> 108348.7 | O67: =N67/M67*100 -> 100 | P67: =P68 -> 6073.1 | Q67: =Q68 -> 31991.7 | R67: =R68 -> 31991.7 | S67: =R67/Q67*100 -> 100
A68: Питерский (собственный) | B68: =H68+L68+P68+T68 -> 114421.8 | C68: =I68+M68+Q68+U68 -> 140340.4 | D68: =J68+N68+R68+U68 -> 140340.4 | F68: =J68+N68+R68+V68 -> 140340.4 | G68: =F68/C68*100 -> 100 | L68: 108348.7 | M68: 108348.7 | N68: 108348.7 | O68: =N68/M68*100 -> 100 | P68: 6073.1 | Q68: 31991.7 | R68: 31991.7 | S68: =R68/Q68*100 -> 100
A69: Пугачевский (консолидированный) | B69: =H69+L69+P69+T69 -> 191805.8 | C69: =I69+M69+Q69+U69 -> 191805.8 | D69: =J69+N69+R69+U69 -> 191805.8 | F69: =J69+N69+R69+V69 -> 191805.8 | G69: =F69/C69*100 -> 100 | L69: =L70 -> 183333.4 | M69: =M70 -> 183333.4 | N69: =N70 -> 183333.4 | O69: =N69/M69*100 -> 100 | P69: =P70 -> 8472.4 | Q69: =Q70 -> 8472.4 | R69: =R70 -> 8472.4 | S69: =R69/Q69*100 -> 100
A70: Пугачевский (собственный) | B70: =H70+L70+P70+T70 -> 191805.8 | C70: =I70+M70+Q70+U70 -> 191805.8 | D70: =J70+N70+R70+U70 -> 191805.8 | F70: =J70+N70+R70+V70 -> 191805.8 | G70: =F70/C70*100 -> 100 | L70: 183333.4 | M70: 183333.4 | N70: 183333.4 | O70: =N70/M70*100 -> 100 | P70: 8472.4 | Q70: 8472.4 | R70: 8472.4 | S70: =R70/Q70*100 -> 100
A71: Ровенский (консолидированный) | B71: =H71+L71+P71+T71 -> 175167.7 | C71: =I71+M71+Q71+U71 -> 175167.7 | D71: =J71+N71+R71+U71 -> 175167.7 | F71: =J71+N71+R71+V71 -> 175167.7 | G71: =F71/C71*100 -> 100 | L71: =L72 -> 175167.7 | M71: =M72 -> 175167.7 | N71: =N72 -> 175167.7 | O71: =N71/M71*100 -> 100
A72: Ровенский (собственный) | B72: =H72+L72+P72+T72 -> 175167.7 | C72: =I72+M72+Q72+U72 -> 175167.7 | D72: =J72+N72+R72+U72 -> 175167.7 | F72: =J72+N72+R72+V72 -> 175167.7 | G72: =F72/C72*100 -> 100 | L72: 175167.7 | M72: 175167.7 | N72: 175167.7 | O72: =N72/M72*100 -> 100
A73: Романовский (консолидированный) | B73: =H73+L73+P73+T73 -> 83036.6 | C73: =I73+M73+Q73+U73 -> 98655.7 | D73: =J73+N73+R73+U73 -> 98655.7 | F73: =J73+N73+R73+V73 -> 98655.7 | G73: =F73/C73*100 -> 100 | L73: =L74 -> 83036.6 | M73: =M74 -> 83036.6 | N73: =N74 -> 83036.6 | O73: =N73/M73*100 -> 100 | Q73: =Q74 -> 15619.1 | R73: =R74 -> 15619.1 | S73: =R73/Q73*100 -> 100
A74: Романовский (собственный) | B74: =H74+L74+P74+T74 -> 83036.6 | C74: =I74+M74+Q74+U74 -> 98655.7 | D74: =J74+N74+R74+U74 -> 98655.7 | F74: =J74+N74+R74+V74 -> 98655.7 | G74: =F74/C74*100 -> 100 | L74: 83036.6 | M74: 83036.6 | N74: 83036.6 | O74: =N74/M74*100 -> 100 | Q74: 15619.1 | R74: 15619.1 | S74: =R74/Q74*100 -> 100
A75: Ртищевский (консолидированный) | B75: =H75+L75+P75+T75 -> 193713.7 | C75: =I75+M75+Q75+U75 -> 216613.3 | D75: =J75+N75+R75+U75 -> 216613.3 | F75: =J75+N75+R75+V75 -> 216613.3 | G75: =F75/C75*100 -> 100 | L75: =L76 -> 193713.7 | M75: =M76 -> 193713.7 | N75: =N76 -> 193713.7 | O75: =N75/M75*100 -> 100 | Q75: =Q76 -> 22899.6 | R75: =R76 -> 22899.6 | S75: =R75/Q75*100 -> 100
A76: Ртищевский (собственный) | B76: =H76+L76+P76+T76 -> 193713.7 | C76: =I76+M76+Q76+U76 -> 216613.3 | D76: =J76+N76+R76+U76 -> 216613.3 | F76: =J76+N76+R76+V76 -> 216613.3 | G76: =F76/C76*100 -> 100 | L76: 193713.7 | M76: 193713.7 | N76: 193713.7 | O76: =N76/M76*100 -> 100 | Q76: 22899.6 | R76: 22899.6 | S76: =R76/Q76*100 -> 100
A77: Самойловский (консолидированный) | B77: =H77+L77+P77+T77 -> 56850.1 | C77: =I77+M77+Q77+U77 -> 56281.6 | D77: =J77+N77+R77+U77 -> 56281.6 | F77: =J77+N77+R77+V77 -> 56281.6 | G77: =F77/C77*100 -> 100 | L77: =L78 -> 56850.1 | M77: =M78 -> 56281.6 | N77: =N78 -> 56281.6 | O77: =N77/M77*100 -> 100
A78: Самойловский (собственный) | B78: =H78+L78+P78+T78 -> 56850.1 | C78: =I78+M78+Q78+U78 -> 56281.6 | D78: =J78+N78+R78+U78 -> 56281.6 | F78: =J78+N78+R78+V78 -> 56281.6 | G78: =F78/C78*100 -> 100 | L78: 56850.1 | M78: 56281.6 | N78: 56281.6 | O78: =N78/M78*100 -> 100
A79: Краснознаменское МО | B79: =H79+L79+P79+T79 -> 0 | C79: =I79+M79+Q79+U79 -> 0 | D79: =J79+N79+R79+U79 -> 0 | F79: =J79+N79+R79+V79 -> 0
A80: Советский (консолидированный) | B80: =H80+L80+P80+T80 -> 71335.8 | C80: =I80+M80+Q80+U80 -> 98172.5 | D80: =J80+N80+R80+U80 -> 98172.5 | F80: =J80+N80+R80+V80 -> 98172.5 | G80: =F80/C80*100 -> 100 | L80: =L81 -> 68224.4 | M80: =M81 -> 68224.4 | N80: =N81 -> 68224.4 | O80: =N80/M80*100 -> 100 | P80: =P81 -> 3111.4 | Q80: =Q81 -> 29948.1 | R80: =R81 -> 29948.1 | S80: =R80/Q80*100 -> 100
A81: Советский (собственный) | B81: =H81+L81+P81+T81 -> 71335.8 | C81: =I81+M81+Q81+U81 -> 98172.5 | D81: =J81+N81+R81+U81 -> 98172.5 | F81: =J81+N81+R81+V81 -> 98172.5 | G81: =F81/C81*100 -> 100 | L81: 68224.4 | M81: 68224.4 | N81: 68224.4 | O81: =N81/M81*100 -> 100 | P81: 3111.4 | Q81: 29948.1 | R81: 29948.1 | S81: =R81/Q81*100 -> 100
A82: Татищевский (консолидированный) | B82: =H82+L82+P82+T82 -> 81653.2 | C82: =I82+M82+Q82+U82 -> 130932.1 | D82: =J82+N82+R82+U82 -> 130932.1 | F82: =J82+N82+R82+V82 -> 130932.1 | G82: =F82/C82*100 -> 100 | L82: =L83 -> 70397.2 | M82: =M83 -> 70397.2 | N82: =N83 -> 70397.2 | O82: =N82/M82*100 -> 100 | P82: =P83 -> 11256 | Q82: =Q83 -> 60534.9 | R82: =R83 -> 60534.9 | S82: =R82/Q82*100 -> 100
A83: Татищевский (собственный) | B83: =H83+L83+P83+T83 -> 81653.2 | C83: =I83+M83+Q83+U83 -> 130932.1 | D83: =J83+N83+R83+U83 -> 130932.1 | F83: =J83+N83+R83+V83 -> 130932.1 | G83: =F83/C83*100 -> 100 | L83: 70397.2 | M83: 70397.2 | N83: 70397.2 | O83: =N83/M83*100 -> 100 | P83: 11256 | Q83: 60534.9 | R83: 60534.9 | S83: =R83/Q83*100 -> 100
A84: Турковский (консолидированный) | B84: =H84+L84+P84+T84 -> 56627 | C84: =I84+M84+Q84+U84 -> 72331.3 | D84: =J84+N84+R84+U84 -> 72331.3 | F84: =J84+N84+R84+V84 -> 72331.3 | G84: =F84/C84*100 -> 100 | L84: =L85 -> 53880.1 | M84: =M85 -> 53880.1 | N84: =N85 -> 53880.1 | O84: =N84/M84*100 -> 100 | P84: =P85 -> 2746.9 | Q84: =Q85 -> 18451.2 | R84: =R85 -> 18451.2 | S84: =R84/Q84*100 -> 100
A85: Турковский (собственный) | B85: =H85+L85+P85+T85 -> 56627 | C85: =I85+M85+Q85+U85 -> 72331.3 | D85: =J85+N85+R85+U85 -> 72331.3 | F85: =J85+N85+R85+V85 -> 72331.3 | G85: =F85/C85*100 -> 100 | L85: 53880.1 | M85: 53880.1 | N85: 53880.1 | O85: =N85/M85*100 -> 100 | P85: 2746.9 | Q85: 18451.2 | R85: 18451.2 | S85: =R85/Q85*100 -> 100
A86: Федоровский (консолидированный) | B86: =H86+L86+P86+T86 -> 98311.5 | C86: =I86+M86+Q86+U86 -> 110950.2 | D86: =J86+N86+R86+U86 -> 110950.2 | F86: =J86+N86+R86+V86 -> 110950.2 | G86: =F86/C86*100 -> 100 | L86: =L87 -> 91711.1 | M86: =M87 -> 91711.1 | N86: =N87 -> 91711.1 | O86: =N86/M86*100 -> 100 | P86: =P87 -> 6600.4 | Q86: =Q87 -> 19239.1 | R86: =R87 -> 19239.1 | S86: =R86/Q86*100 -> 100
A87: Федоровский (собственный) | B87: =H87+L87+P87+T87 -> 98311.5 | C87: =I87+M87+Q87+U87 -> 110950.2 | D87: =J87+N87+R87+U87 -> 110950.2 | F87: =J87+N87+R87+V87 -> 110950.2 | G87: =F87/C87*100 -> 100 | L87: 91711.1 | M87: 91711.1 | N87: 91711.1 | O87: =N87/M87*100 -> 100 | P87: 6600.4 | Q87: 19239.1 | R87: 19239.1 | S87: =R87/Q87*100 -> 100
A88: Хвалынский (консолидированный) | B88: =H88+L88+P88+T88 -> 122726.2 | C88: =I88+M88+Q88+U88 -> 160613.6 | D88: =J88+N88+R88+U88 -> 160613.6 | F88: =J88+N88+R88+V88 -> 160613.6 | G88: =F88/C88*100 -> 100 | L88: =L89 -> 110740.9 | M88: =M89 -> 110740.9 | N88: =N89 -> 110740.9 | O88: =N88/M88*100 -> 100 | P88: =P89 -> 11985.3 | Q88: =Q89 -> 49872.7 | R88: =R89 -> 49872.7 | S88: =R88/Q88*100 -> 100
A89: Хвалынский (собственный) | B89: =H89+L89+P89+T89 -> 122726.2 | C89: =I89+M89+Q89+U89 -> 160613.6 | D89: =J89+N89+R89+U89 -> 160613.6 | F89: =J89+N89+R89+V89 -> 160613.6 | G89: =F89/C89*100 -> 100 | L89: 110740.9 | M89: 110740.9 | N89: 110740.9 | O89: =N89/M89*100 -> 100 | P89: 11985.3 | Q89: 49872.7 | R89: 49872.7 | S89: =R89/Q89*100 -> 100
A90: Энгельсский (консолидированный) | B90: =H90+L90+P90+T90 -> 353296.6 | C90: =I90+M90+Q90+U90 -> 353296.6 | D90: =J90+N90+R90+U90 -> 353296.6 | F90: =J90+N90+R90+V90 -> 353296.6 | G90: =F90/C90*100 -> 100 | L90: =L91+L92 -> 353296.6 | M90: =M91+M92 -> 353296.6 | N90: =N91+N92 -> 353296.6 | O90: =N90/M90*100 -> 100
A91: Энгельсский (собственный) | B91: =H91+L91+P91+T91 -> 353296.6 | C91: =I91+M91+Q91+U91 -> 353296.6 | D91: =J91+N91+R91+U91 -> 353296.6 | F91: =J91+N91+R91+V91 -> 353296.6 | G91: =F91/C91*100 -> 100 | L91: 353296.6 | M91: 353296.6 | N91: 353296.6 | O91: =N91/M91*100 -> 100
A92: Безымянское МО | B92: =H92+L92+P92+T92 -> 0 | C92: =I92+M92+Q92+U92 -> 0 | D92: =J92+N92+R92+U92 -> 0 | F92: =J92+N92+R92+V92 -> 0
A93: Терновское МО | B93: =H93+L93+P93+T93 -> 0 | C93: =I93+M93+Q93+U93 -> 0 | D93: =J93+N93+R93+U93 -> 0 | F93: =J93+N93+R93+V93 -> 0
A94: Муниципальные округа области: | B94: =H94+L94+P94+T94 -> 46165.3 | C94: =I94+M94+Q94+U94 -> 51975.3 | D94: =J94+N94+R94+U94 -> 51975.3 | F94: =J94+N94+R94+V94 -> 51975.3 | G94: =F94/C94*100 -> 100 | L94: =L95 -> 46165.3 | M94: =M95 -> 46165.3 | N94: =N95 -> 46165.3 | O94: =N94/M94*100 -> 100 | P94: =P95 -> 0 | Q94: =Q95 -> 5810 | R94: =R95 -> 5810 | S94: =R94/Q94*100 -> 100 | T94: =T95 -> 0 | U94: =U95 -> 0 | V94: =V95 -> 0
A95: Михайловский | B95: =H95+L95+P95+T95 -> 46165.3 | C95: =I95+M95+Q95+U95 -> 51975.3 | D95: =J95+N95+R95+U95 -> 51975.3 | F95: =J95+N95+R95+V95 -> 51975.3 | G95: =F95/C95*100 -> 100 | L95: 46165.3 | M95: 46165.3 | N95: 46165.3 | O95: =N95/M95*100 -> 100 | Q95: 5810 | R95: 5810 | S95: =R95/Q95*100 -> 100
A96: Городские округа области: | B96: =H96+L96+P96+T96 -> 227288.3 | C96: =I96+M96+Q96+U96 -> 233219.9 | D96: =J96+N96+R96+U96 -> 233219.9 | F96: =J96+N96+R96+V96 -> 233219.9 | G96: =F96/C96*100 -> 100 | H96: =SUM(H97:H99) -> 35185 | I96: =SUM(I97:I99) -> 35185 | J96: =SUM(J97:J99) -> 35185 | K96: =J96/I96*100 -> 100 | L96: =SUM(L97:L99) -> 192103.3 | M96: =SUM(M97:M99) -> 192103.3 | N96: =SUM(N97:N99) -> 192103.3 | O96: =N96/M96*100 -> 100 | Q96: =SUM(Q97:Q99) -> 5931.6 | R96: =SUM(R97:R99) -> 5931.6 | S96: =R96/Q96*100 -> 100 | U96: =SUM(U97:U99) -> 0 | V96: =SUM(V97:V99) -> 0
A97: г. Саратов | B97: =H97+L97+P97+T97 -> 0 | C97: =I97+M97+Q97+U97 -> 0 | D97: =J97+N97+R97+U97 -> 0 | F97: =J97+N97+R97+V97 -> 0 | N97: 0
A98: ЗАТО Светлый | B98: =H98+L98+P98+T98 -> 155351.6 | C98: =I98+M98+Q98+U98 -> 155351.6 | D98: =J98+N98+R98+U98 -> 155351.6 | F98: =J98+N98+R98+V98 -> 155351.6 | G98: =F98/C98*100 -> 100 | H98: 35185 | I98: 35185 | J98: 35185 | K98: =J98/I98*100 -> 100 | L98: 120166.6 | M98: 120166.6 | N98: 120166.6 | O98: =N98/M98*100 -> 100
A99: г. Шиханы | B99: =H99+L99+P99+T99 -> 71936.7 | C99: =I99+M99+Q99+U99 -> 77868.3 | D99: =J99+N99+R99+U99 -> 77868.3 | F99: =J99+N99+R99+V99 -> 77868.3 | G99: =F99/C99*100 -> 100 | L99: 71936.7 | M99: 71936.7 | N99: 71936.7 | O99: =N99/M99*100 -> 100 | Q99: 5931.6 | R99: 5931.6 | S99: =R99/Q99*100 -> 100
A100: Остаток средств к распределению 3 | B100: =H100+L100+P100+T100 -> 0 | C100: =I100+M100+Q100+U100 -> 0 | D100: =J100+N100+R100+U100 -> 0 | F100: =J100+N100+R100+V100 -> 0
A101: ИТОГО | B101: =H101+L101+P101+T101 -> 5025508.1 | C101: =I101+M101+Q101+U101 -> 5837325.3 | D101: =J101+N101+R101+U101 -> 5837325.3 | F101: =J101+N101+R101+V101 -> 5837325.3 | G101: =F101/C101*100 -> 100 | H101: =H10+H96 -> 35185 | I101: =I10+I96 -> 35185 | J101: =J10+J96 -> 35185 | K101: =J101/I101*100 -> 100 | L101: =L94+L96+L10+L100 -> 4570732.1 | M101: =M94+M96+M10+M100 -> 4567738.3 | N101: =N94+N96+N10+N100 -> 4567738.3 | O101: =N101/M101*100 -> 100 | P101: =P94+P96+P10+P100 -> 419591 | Q101: =Q94+Q96+Q10+Q100 -> 1219402 | R101: =R94+R96+R10+R100 -> 1219402 | S101: =R101/Q101*100 -> 100 | T101: =T94+T96+T10+T100 -> 0 | U101: =U94+U96+U10+U100 -> 15000 | V101: =V94+V96+V10+V100 -> 15000 | W101: =V101/U101*100 -> 100
A103: 1 в соответствии с Законом Саратовской области «Об областном бюджете на 2025 год и на плановый период 2026 и 2027 годов» в редакции от 11.12.2024 года
...

Sheet Субсидии
V1: Продолжение таблицы | AP1: Продолжение таблицы | BJ1: Продолжение таблицы | CD1: Продолжение таблицы | CX1: Продолжение таблицы | DR1: Продолжение таблицы | EL1: Продолжение таблицы | FF1: Продолжение таблицы | FZ1: Продолжение таблицы | GT1: Продолжение таблицы | HN1: Продолжение таблицы | IH1: Продолжение таблицы | JB1: Продолжение таблицы
B2: Сведения о предоставлении из бюджета Саратовской области межбюджетных трансфертов местным бюджетам за 2025 год | X2: Сведения о предоставлении из бюджета Саратовской области межбюджетных трансфертов местным бюджетам за 2025 год | AR2: Сведения о предоставлении из бюджета Саратовской области межбюджетных трансфертов местным бюджетам за 2025 год | BL2: Сведения о предоставлении из бюджета Саратовской области межбюджетных трансфертов местным бюджетам за 2025 год | CF2: Сведения о предоставлении из бюджета Саратовской области межбюджетных трансфертов местным бюджетам за 2025 год | CZ2: Сведения о предоставлении из бюджета Саратовской области межбюджетных трансфертов местным бюджетам за 2025 год | DT2: Сведения о предоставлении из бюджета Саратовской области межбюджетных трансфертов местным бюджетам за 2025 год | EN2: Сведения о предоставлении из бюджета Саратовской области межбюджетных трансфертов местным бюджетам за 2025 год | FH2: Сведения о предоставлении из бюджета Саратовской области межбюджетных трансфертов местным бюджетам за 2025 год | GB2: Сведения о предоставлении из бюджета Саратовской области межбюджетных трансфертов местным бюджетам за 2025 год | GV2: Сведения о предоставлении из бюджета Саратовской области межбюджетных трансфертов местным бюджетам за 2025 год | HP2: Сведения о предоставлении из бюджета Саратовской области межбюджетных трансфертов местным бюджетам за 2025 год | IJ2: Сведения о предоставлении из бюджета Саратовской области межбюджетных трансфертов местным бюджетам за 2025 год
V4: тыс.рублей | AP4: тыс.рублей | BJ4: тыс.рублей | CD4: тыс.рублей | CX4: тыс.рублей | DQ4: тыс.рублей | EK4: тыс.рублей | FE4: тыс.рублей | FY4: тыс.рублей | GS4: тыс.рублей | HN4: тыс.рублей | IH4: тыс.рублей | JB4: тыс.рублей
A5: Наименование муниципальных образований | B5: Субсидии, всего | H5: в том числе | X5: в том числе | AR5: в том числе | BL5: в том числе | CF5: в том числе | CZ5: в том числе | DT5: в том числе | EN5: в том числе | FH5: в том числе | GB5: в том числе | GV5: в том числе | HP5: в том числе | IJ5: в том числе
H6: бюджетам муниципальных районов области на обеспечение развития и укрепления материально-технической базы домов культуры в населенных пунктах с числом жителей до 50 тысяч человек | L6: бюджетам муниципальных районов и городских округов области на обеспечение жильем молодых семей | P6: бюджетам муниципальных районов области на поддержку творческой деятельности и укрепление материально-технической базы муниципальных театров в населенных пунктах с численностью населения до 300 тысяч человек | T6: бюджетам муниципальных районов области на обеспечение развития и укрепления материально-технической базы домов культуры в населенных пунктах с числом жителей до 50 тысяч человек (средства для достижения показателей результативности) | X6: бюджетам муниципальных районов, городских округов и поселений области на поддержку отрасли культуры (государственная поддержка лучших сельских учреждений культуры) | AB6: бюджетам муниципальных районов, городских округов и поселений области на поддержку отрасли культуры (государственная поддержка лучших работников сельских учреждений культуры) | AF6: бюджетам муниципальных районов, городских округов и поселений области на государственную поддержку отрасли культуры (комплектование книжных фондов муниципальных общедоступных библиотек) | AJ6: бюджетам муниципальных районов области на государственную поддержку отрасли культуры (модернизация региональных и муниципальных детских школ искусств по видам искусств) | AN6: бюджетам муниципальных районов области на обеспечение деятельности муниципальных бизнес-инкубаторов | AR6: бюджетам муниципальных округов, городских округов, городских и сельских поселений области на реализацию инициативных проектов | AV6: бюджетам муниципальных округов, городских округов и поселений области на поддержку муниципальных программ формирования современной городской среды | AZ6: бюджетам муниципальных районов, муниципальных округов и городских округов области на обеспечение сохранения достигнутых показателей повышения оплаты труда отдельных категорий работников бюджетной сферы | BD6: бюджетам муниципальных районов области на развитие сети учреждений культурно-досугового типа (создание и модернизация учреждений культурно-досугового типа) | BH6: бюджетам городских округов и поселений области на осуществление дорожной деятельности в отношении автомобильных дорог общего пользования местного значения Саратовской агломерации | BL6: бюджетам поселений области на осуществление дорожной деятельности в отношении автомобильных дорог общего пользования местного значения в границах населенных пунктов сельских поселений | BP6: бюджетам муниципальных районов и поселений области на развитие транспортной инфраструктуры на сельских территориях (капитальный ремонт автомобильных дорог на сельских территориях) | BT6: бюджетам поселений области на обустройство объектами инженерной инфраструктуры и благоустройство площадок, расположенных на сельских территориях, под компактную жилищную застройку | BX6: бюджетам поселений области на реализацию мероприятий по благоустройству сельских территорий | CB6: бюджетам муниципальных районов, муниципальных округов и городских округов области на организацию бесплатного горячего питания обучающихся, получающих начальное общее образование в муниципальных образовательных организациях | CF6: бюджетам муниципальных районов, муниципальных округов и городских округов области на проведение капитального и текущего ремонта муниципальных дошкольных образовательных организациях | CJ6: бюджетам муниципальных районов, муниципальных округов и городских округов области на проведение капитального и текущего ремонта муниципальных общеобразовательных организациях | CN6: бюджетам муниципальных районов, муниципальных округов и городских округов области на проведение капитального и текущего ремонта в муниципальных учреждениях дополнительного образования детей | CR6: бюджетам городских округов и поселений области на поддержку творческой деятельности и техническое оснащение детских и кукольных театров, расположенных на территории Саратовской области | CV6: бюджетам муниципальных районов области на проведение комплексных кадастровых работ местного значения | CZ6: бюджетам поселений области на ремонт и развитие водопроводной сети | DD6: бюджетам муниципальных районов и городских округов области на модернизацию школьных систем образования (объекты, планируемые к реализации в рамках одного финансового года) | DH6: бюджетам муниципальных районов и городских округов области на модернизацию школьных систем образования (объекты, планируемые к реализации в рамках двух финансовых лет) | DL6: бюджетам муниципальных районов и городских округов области на обеспечение условий для реализации мероприятий по модернизации школьных систем образования (объекты, планируемые к реализации в рамках одного финансового года) (в рамках достижения соответствующих задач федерального проекта) | DP6: бюджетам муниципальных районов и городских округов области на обеспечение условий для реализации мероприятий по модернизации школьных систем образования (объекты, планируемые к реализации в рамках двух финансовых лет) (в рамках достижения соответствующих задач федерального проекта) | DT6: бюджетам поселений области на выполнение мероприятий по ремонту автомобильных дорог общего пользования местного значения в границах городских поселений области за счет средств областного дорожного фонда | DX6: бюджетам муниципальных районов и поселений области на создание, реконструкцию (модернизацию), капитальный ремонт объектов социальной и культурной сферы | EB6: бюджетам городских округов области на развитие и приведение в нормативное состояние автомобильных дорог регионального или межмуниципального, местного значения, включающих искусственные дорожные сооружения (в отношении автомобильных дорог, включающих искусственные дорожные сооружения, в границах городских округов области) | EF6: бюджетам муниципальных районов, муниципальных округов и городских округов области на проведение капитального и текущего ремонта спортивных залов муниципальных образовательных организаций | EJ6: бюджетам муниципальных районов, муниципальных округов и городских округов области на оснащение предметных кабинетов общеобразовательных организаций оборудованием, средствами обучения и воспитания | EN6: бюджетам муниципальных районов и поселений области на модернизацию региональных и муниципальных музеев | ER6: бюджетам муниципальных районов области на техническое оснащение региональных и муниципальных музеев | EV6: бюджетам городских округов области на государственную поддержку в целях обеспечения реализации инфраструктурных проектов, направленных на комплексное развитие городского наземного электрического транспорта и автомобильного транспорта общего пользования, выполнение работ по освещению и благоустройству территорий, а также на закупку автобусов, приводимых в движение электрической энергией от батареи, заряжаемой от внешнего источника (электробусов), и объектов зарядной инфраструктуры для них (реконструкция тяговых подстанций в г. Саратове Саратовской области) | EZ6: бюджетам муниципальных районов и поселений области на строительство (приобретение) жилого помещения (жилого дома) на сельских территориях, территориях опорных населенных пунктов, предоставляемого гражданам Российской Федерации, проживающим на сельских территориях, территориях опорных населенных пунктов, по договору найма жилого помещения | FD6: бюджетам городских округов области на государственную поддержку в целях обеспечения реализации инфраструктурных проектов, направленных на комплексное развитие городского наземного электрического транспорта и автомобильного транспорта общего пользования, выполнение работ по освещению и благоустройству территорий, а также на закупку автобусов, приводимых в движение электрической энергией от батареи, заряжаемой от внешнего источника (электробусов), и объектов зарядной инфраструктуры для них (реконструкция трамвайных путей в г. Саратове Саратовской области) | FH6: бюджетам городских округов области на государственную поддержку в целях обеспечения реализации инфраструктурных проектов, направленных на комплексное развитие городского наземного электрического транспорта и автомобильного транспорта общего пользования, выполнение работ по освещению и благоустройству территорий, а также на закупку автобусов, приводимых в движение электрической энергией от батареи, заряжаемой от внешнего источника (электробусов), и объектов зарядной инфраструктуры для них (реконструкция смешанного путепровода через железнодорожные пути, входящего в транспортную развязку «Стрелка» в г. Саратове Саратовской области) | FL6: бюджетам городских округов и поселений области на финансовое обеспечение расходов по реализации проектов создания комфортной городской среды в малых городах и исторических поселениях в рамках проведения Всероссийского конкурса лучших проектов создания комфортной городской среды | FP6: бюджетам городских округов на строительство (реконструкцию, в том числе с элементами реставрации, техническое перевооружение) объектов государственной (муниципальной) собственности Саратовской области | FT6: бюджетам муниципальных районов, городских округов и поселений области на достижение показателей государственной программы Российской Федерации «Развитие туризма» (реализация проектов по развитию общественной территории муниципального образования, в том числе мероприятий (результатов) по обустройству туристского центра города на территории муниципального образования в соответствии с туристским кодом центра города) | FX6: бюджетам муниципальных районов, городских округов и поселений области на создание модельных муниципальных библиотек | GB6: бюджетам муниципальных районов и городских округов области на модернизацию муниципальных библиотек | GF6: бюджетам городских округов области на создание школ креативных индустрий | GJ6: бюджетам муниципальных районов и поселений области на реализацию программы комплексного развития молодежной политики в субъектах Российской Федерации «Регион для молодых» | GN6: бюджетам муниципальных районов и поселений области на реализацию программы комплексного развития молодежной политики в субъектах Российской Федерации «Регион для молодых» (средства для достижения показателей результативности) | GR6: бюджетам муниципальных районов области на закупку и монтаж оборудования для создания «умных» спортивных площадок | GV6: бюджетам муниципальных районов области на реализацию мероприятий по созданию «умной» спортивной площадки | GZ6: бюджетам городских округов области на государственную поддержку организаций, входящих в систему спортивной подготовки | HD6: бюджетам муниципальных районов и городских округов области на адресное строительство детских садов в отдельных населенных пунктах с объективно выявленной потребностью инфраструктуры (зданий) | HH6: бюджетам муниципальных районов и городских округов области на капитальный ремонт и оснащение образовательных организаций, осуществляющих образовательную деятельность по образовательным программам дошкольного образования | HL6: бюджетам городских округов области на обеспечение условий для реализации мероприятий по капитальному ремонту и оснащению образовательных организаций, осуществляющих образовательную деятельность по образовательным программам дошкольного образования | HP6: бюджетам городских округов области на реализацию мероприятий по модернизации коммунальной инфраструктуры | HT6: бюджетам поселений области на ремонт систем водоснабжения в крупнейших отдаленных малонаселенных муниципальных образованиях области | HX6: бюджетам поселений области на реализацию мероприятий по повышению качества водоснабжения и водоотведения | IB6: бюджетам городских округов и поселений области на реализацию мероприятий по благоустройству общественных и дворовых территорий в г. Саратове и г. Энгельсе Саратовской области за счет средств резервного фонда Правительства Российской Федерации | IF6: бюджетам муниципальных районов, городских округов и поселений области на подготовку проектов межевания земельных участков и проведение кадастровых работ | IJ6: бюджетам городских округов области на реализацию мероприятия по обновлению общественного транспорта за счет средств резервного фонда Правительства Российской Федерации | IN6: бюджетам городских округов области на реализацию мероприятия по обновлению общественного транспорта (в рамках достижения соответствующих задач федерального проекта) | IR6: бюджетам муниципальных районов, городских округов и поселений области на обеспечение мероприятий по переселению граждан из аварийного жилищного фонда, в том числе переселению граждан из аварийного жилищного фонда с учетом необходимости развития малоэтажного жилищного строительства (за счет средств ППК «Фонд развития территорий») | IV6: бюджетам муниципальных районов, городских округов и поселений области на обеспечение мероприятий по переселению граждан из аварийного жилищного фонда, в том числе переселению граждан из аварийного жилищного фонда с учетом необходимости развития малоэтажного жилищного строительства (за счет средств областного бюджета) | IZ6: бюджетам городских округов области на реализацию мероприятий по обновлению общественного транспорта
B7: первоначальные бюджетные назначения 1 | C7: уточненные бюджетные назначения | F7: исполнено | G7: % исполнения | H7: первоначальные бюджетные назначения 1 | I7: уточненные бюджетные назначения 2 | J7: исполнено | K7: % исполнения | L7: первоначальные бюджетные назначения 1 | M7: уточненные бюджетные назначения 2 | N7: исполнено | O7: % исполнения | P7: первоначальные бюджетные назначения 1 | Q7: уточненные бюджетные назначения 2 | R7: исполнено | S7: % исполнения | T7: первоначальные бюджетные назначения 1 | U7: уточненные бюджетные назначения 2 | V7: исполнено | W7: % исполнения | X7: первоначальные бюджетные назначения 1 | Y7: уточненные бюджетные назначения 2 | Z7: исполнено | AA7: % исполнения | AB7: первоначальные бюджетные назначения 1 | AC7: уточненные бюджетные назначения 2 | AD7: исполнено | AE7: % исполнения | AF7: первоначальные бюджетные назначения 1 | AG7: уточненные бюджетные назначения 2 | AH7: исполнено | AI7: % исполнения | AJ7: первоначальные бюджетные назначения 1 | AK7: уточненные бюджетные назначения 2 | AL7: исполнено | AM7: % исполнения | AN7: первоначальные бюджетные назначения 1 | AO7: уточненные бюджетные назначения 2 | AP7: исполнено | AQ7: % исполнения | AR7: первоначальные бюджетные назначения 1 | AS7: уточненные бюджетные назначения 3 | AT7: исполнено | AU7: % исполнения | AV7: первоначальные бюджетные назначения 1 | AW7: уточненные бюджетные назначения 2 | AX7: исполнено | AY7: % исполнения | AZ7: первоначальные бюджетные назначения 1 | BA7: уточненные бюджетные назначения 2 | BB7: исполнено | BC7: % исполнения | BD7: первоначальные бюджетные назначения 1 | BE7: уточненные бюджетные назначения 2 | BF7: исполнено | BG7: % исполнения | BH7: первоначальные бюджетные назначения 1 | BI7: уточненные бюджетные назначения 2 | BJ7: исполнено | BK7: % исполнения | BL7: первоначальные бюджетные назначения 1 | BM7: уточненные бюджетные назначения 2 | BN7: исполнено | BO7: % исполнения | BP7: первоначальные бюджетные назначения 1 | BQ7: уточненные бюджетные назначения 2 | BR7: исполнено | BS7: % исполнения | BT7: первоначальные бюджетные назначения 1 | BU7: уточненные бюджетные назначения 2 | BV7: исполнено | BW7: % исполнения | BX7: первоначальные бюджетные назначения 1 | BY7: уточненные бюджетные назначения 2 | BZ7: исполнено | CA7: % исполнения | CB7: первоначальные бюджетные назначения 1 | CC7: уточненные бюджетные назначения 2 | CD7: исполнено | CE7: % исполнения | CF7: первоначальные бюджетные назначения 1 | CG7: уточненные бюджетные назначения 2 | CH7: исполнено | CI7: % исполнения | CJ7: первоначальные бюджетные назначения 1 | CK7: уточненные бюджетные назначения 2 | CL7: исполнено | CM7: % исполнения | CN7: первоначальные бюджетные назначения 1 | CO7: уточненные бюджетные назначения 2 | CP7: исполнено | CQ7: % исполнения | CR7: первоначальные бюджетные назначения 1 | CS7: уточненные бюджетные назначения 2 | CT7: исполнено | CU7: % исполнения | CV7: первоначальные бюджетные назначения 1 | CW7: уточненные бюджетные назначения 2 | CX7: исполнено | CY7: % исполнения | CZ7: первоначальные бюджетные назначения 1 | DA7: уточненные бюджетные назначения 2 | DB7: исполнено | DC7: % исполнения | DD7: первоначальные бюджетные назначения 1 | DE7: уточненные бюджетные назначения 2 | DF7: исполнено | DG7: % исполнения | DH7: первоначальные бюджетные назначения 1 | DI7: уточненные бюджетные назначения 2 | DJ7: исполнено | DK7: % исполнения | DL7: первоначальные бюджетные назначения 1 | DM7: уточненные бюджетные назначения 2 | DN7: исполнено | DO7: % исполнения | DP7: первоначальные бюджетные назначения 1 | DQ7: уточненные бюджетные назначения 2 | DR7: исполнено | DS7: % исполнения | DT7: первоначальные бюджетные назначения 1 | DU7: уточненные бюджетные назначения 2 | DV7: исполнено | DW7: % исполнения | DX7: первоначальные бюджетные назначения 1 | DY7: уточненные бюджетные назначения 2 | DZ7: исполнено | EA7: % исполнения | EB7: первоначальные бюджетные назначения 1 | EC7: уточненные бюджетные назначения 2 | ED7: исполнено | EE7: % исполнения | EF7: первоначальные бюджетные назначения 1 | EG7: уточненные бюджетные назначения 2 | EH7: исполнено | EI7: % исполнения | EJ7: первоначальные бюджетные назначения 1 | EK7: уточненные бюджетные назначения 2 | EL7: исполнено | EM7: % исполнения | EN7: первоначальные бюджетные назначения 1 | EO7: уточненные бюджетные назначения 2 | EP7: исполнено | EQ7: % исполнения | ER7: первоначальные бюджетные назначения 1 | ES7: уточненные бюджетные назначения 2 | ET7: исполнено | EU7: % исполнения | EV7: первоначальные бюджетные назначения 1 | EW7: уточненные бюджетные назначения 2 | EX7: исполнено | EY7: % исполнения | EZ7: первоначальные бюджетные назначения 1 | FA7: уточненные бюджетные назначения 2 | FB7: исполнено | FC7: % исполнения | FD7: первоначальные бюджетные назначения 1 | FE7: уточненные бюджетные назначения 2 | FF7: исполнено | FG7: % исполнения | FH7: первоначальные бюджетные назначения 1 | FI7: уточненные бюджетные назначения 2 | FJ7: исполнено | FK7: % исполнения | FL7: первоначальные бюджетные назначения 1 | FM7: уточненные бюджетные назначения 2 | FN7: исполнено | FO7: % исполнения | FP7: первоначальные бюджетные назначения 1 | FQ7: уточненные бюджетные назначения 2 | FR7: исполнено | FS7: % исполнения | FT7: первоначальные бюджетные назначения 1 | FU7: уточненные бюджетные назначения 2 | FV7: исполнено | FW7: % исполнения | FX7: первоначальные бюджетные назначения 1 | FY7: уточненные бюджетные назначения 2 | FZ7: исполнено | GA7: % исполнения | GB7: первоначальные бюджетные назначения 1 | GC7: уточненные бюджетные назначения 2 | GD7: исполнено | GE7: % исполнения | GF7: первоначальные бюджетные назначения 1 | GG7: уточненные бюджетные назначения 2 | GH7: исполнено | GI7: % исполнения | GJ7: первоначальные бюджетные назначения 1 | GK7: уточненные бюджетные назначения 2 | GL7: исполнено | GM7: % исполнения | GN7: первоначальные бюджетные назначения 1 | GO7: уточненные бюджетные назначения 2 | GP7: исполнено | GQ7: % исполнения | GR7: первоначальные бюджетные назначения 1 | GS7: уточненные бюджетные назначения 2 | GT7: исполнено | GU7: % исполнения | GV7: первоначальные бюджетные назначения 1 | GW7: уточненные бюджетные назначения 2 | GX7: исполнено | GY7: % исполнения | GZ7: первоначальные бюджетные назначения 1 | HA7: уточненные бюджетные назначения 2 | HB7: исполнено | HC7: % исполнения | HD7: первоначальные бюджетные назначения 1 | HE7: уточненные бюджетные назначения 2 | HF7: исполнено | HG7: % исполнения | HH7: первоначальные бюджетные назначения 1 | HI7: уточненные бюджетные назначения 2 | HJ7: исполнено | HK7: % исполнения | HL7: первоначальные бюджетные назначения 1 | HM7: уточненные бюджетные назначения 2 | HN7: исполнено | HO7: % исполнения | HP7: первоначальные бюджетные назначения 1 | HQ7: уточненные бюджетные назначения 2 | HR7: исполнено | HS7: % исполнения | HT7: первоначальные бюджетные назначения 1 | HU7: уточненные бюджетные назначения 2 | HV7: исполнено | HW7: % исполнения | HX7: первоначальные бюджетные назначения 1 | HY7: уточненные бюджетные назначения 2 | HZ7: исполнено | IA7: % исполнения | IB7: первоначальные бюджетные назначения 1 | IC7: уточненные бюджетные назначения 2 | ID7: исполнено | IE7: % исполнения | IF7: первоначальные бюджетные назначения 1 | IG7: уточненные бюджетные назначения 2 | IH7: исполнено | II7: % исполнения | IJ7: первоначальные бюджетные назначения 1 | IK7: уточненные бюджетные назначения 2 | IL7: исполнено | IM7: % исполнения | IN7: первоначальные бюджетные назначения 1 | IO7: уточненные бюджетные назначения 2 | IP7: исполнено | IQ7: % исполнения | IR7: первоначальные бюджетные назначения 1 | IS7: уточненные бюджетные назначения 2 | IT7: исполнено | IU7: % исполнения | IV7: первоначальные бюджетные назначения 1 | IW7: уточненные бюджетные назначения 2 | IX7: исполнено | IY7: % исполнения | IZ7: первоначальные бюджетные назначения 1 | JA7: уточненные бюджетные назначения 2 | JB7: исполнено | JC7: % исполнения
C8: сводная бюджетная роспись | D8: на основании
D9: закона о бюджете 2 | E9: иных нормативных правовых актов
